Workbook
Name ACREDITACION: #REF!
Name ACREDITACION: Hoja2!$K$1:$K$6
Name ACREDITACION: [1]Hoja2!$K$1:$K$6
Name ACREDITACION: [2]Hoja2!$K$1:$K$6
Name ACREDITACION: Hoja2!$K$1:$K$6
Name BNGF: [3]Hoja2!$P$1:$P$5
Name CONTRATO: #REF!
Name CONTRATO: Hoja2!$I$1:$I$2
Name CONTRATO: [1]Hoja2!$I$1:$I$2
Name CONTRATO: [2]Hoja2!$I$1:$I$2
Name CONTRATO: Hoja2!$I$1:$I$2
Name CUADRANTE: #REF!
Name CUADRANTE: Hoja2!$F$1:$F$4
Name CUADRANTE: #REF!
Name CUADRANTE: [2]Hoja2!$F$1:$F$4
Name CUADRANTE: Hoja2!$F$1:$F$4
Name cuadrante2: [4]Hoja2!$F$1:$F$4
Name cuadrante2: [5]Hoja2!$F$1:$F$4
Name DEPARTAMENTOS: #REF!
Name DEPARTAMENTOS: Hoja2!$A$1:$A$33
Name DEPARTAMENTOS: [1]Hoja2!$A$1:$A$33
Name DEPARTAMENTOS: [2]Hoja2!$A$1:$A$33
Name DEPARTAMENTOS: Hoja2!$A$1:$A$33
Name encuestas: #REF!
Name encuestas: #REF!
Name encuestas: #REF!
Name encuestas: #REF!
Name GARZON: [6]Hoja2!$B$1:$B$1120
Name GGDF: [3]Hoja2!$O$1:$O$6
Name LETRAS: #REF!
Name LETRAS: Hoja2!$E$1:$E$26
Name LETRAS: #REF!
Name LETRAS: [2]Hoja2!$E$1:$E$26
Name LETRAS: Hoja2!$E$1:$E$26
Name LLLLLL: [6]Hoja2!$O$1:$O$6
Name MATERIALPAREDES: #REF!
Name MATERIALPAREDES: Hoja2!$M$1:$M$9
Name MATERIALPAREDES: [1]Hoja2!$M$1:$M$9
Name MATERIALPAREDES: [2]Hoja2!$M$1:$M$9
Name MATERIALPAREDES: Hoja2!$M$1:$M$9
Name MATERIALPISO: #REF!
Name MATERIALPISO: Hoja2!$O$1:$O$6
Name MATERIALPISO: [1]Hoja2!$O$1:$O$6
Name MATERIALPISO: [2]Hoja2!$O$1:$O$6
Name MATERIALPISO: Hoja2!$O$1:$O$6
Name MATERIALTECHO: #REF!
Name MATERIALTECHO: Hoja2!$N$1:$N$9
Name MATERIALTECHO: [1]Hoja2!$N$1:$N$9
Name MATERIALTECHO: [2]Hoja2!$N$1:$N$9
Name MATERIALTECHO: Hoja2!$N$1:$N$9
Name MATERIALTECHO.: #REF!
Name MATERIALTECHO.: #REF!
Name MATERIALTECHO.: #REF!
Name Municipios: #REF!
Name Municipios: Hoja2!$B$1:$B$1120
Name Municipios: [1]Hoja2!$B$1:$B$1120
Name Municipios: [2]Hoja2!$B$1:$B$1120
Name Municipios: Hoja2!$B$1:$B$1120
Name OLE_LINK1: 'Diagnóstico Técnico'!#REF!
Name otro: [4]Hoja2!$D$1:$D$19

Sheet FAP022
E1: CERTIFICACIÓN DE CUMPLIMIENTO PARA EL PAGO | AD1: CÓDIGO: | AG1: FAP022
AD2: VERSIÓN: | AG2: 06B
E3: GESTIÓN FINANCIERA | AD3: VIGENCIA: | AG3: 42766
E4: Radicado No.
B5: 1. INFORMACIÓN GENERAL
C6: El interventor / supervisor / otro (según aplique), certifica que el beneficiario: | P6: CONSORCIO REDES IM
C7: ha dado cumplimiento a los requisitos exigidos para el trámite del presente pago. Asimismo certifica que su contenido y condiciones han sido verificados previamente.
C9: TIPO DE DOCUMENTO DE IDENTIDAD: | J9: NIT | K9: X | L9: CC | N9: CE | P9: TI | S9: NÚMERO DOCUMENTO: | W9: 901192033 | AG9: DV: | AH9: 4
Y11: VALOR PRESENTE DESEMBOLSO
C12: TELÉFONO: | F12: 3004402449 | J12: CORREO ELECTRÓNICO | P12: CONSORCIOREDESIM@GMAIL.COM | Y12: VALOR FIJO $ | AC12: =+'ACTA OBRA 1'!E101 -> 267952468
C13: No. CONVENIO | F13: 215041 | L13: No. CONTRATO | Q13: 2181252 | Y13: VALOR VARIABLE $ (SI APLICA)
C15: CONCEPTO PAGO FIJO: | G15: ACTA PARCIAL DE OBRA No. 1 DEL CONTRATO No. 2181252 CUYO OBJETO ES: DIAGNÓSTICO, CONCERTACIÓN, PLAN DE INTERVENCIÓN Y EJECUCIÓN DE LA CONSTRUCCIÓN DEL PROGRAMA DE CONEXIONES INTRADOMICIALIARIAS EN LOS MUNICIPIOS DE: PUERTO BERRIO – ANTIOQUIA, COTORRA Y LA APARTADA – CÓRDOBA – GRUPO 1: PUERTO BERRIO ANTIOQUIA.
C17: CONCEPTO PAGO VARIABLE:
C20: FACTURA No. | F20: 2 | L20: CUENTA DE COBRO | R20: DOCUMENTO EQUIVALENTE ¿CUÁL? | AD20: No.
C22: ANTICIPO: | G22: SI | I22: NO | J22: X | K22: % | N22: VALOR $ | Y22: OTROS DESCUENTOS POR VALOR $
C24: RETEGARANTIA: | G24: SI | I24: NO | J24: X | K24: % | N24: VALOR $ | Y24: ESPECIFIQUE:
C26: AMORTIZA: | G26: SI | H26: X | I26: NO | K26: % | L26: 20 | N26: VALOR $ | P26: =+'ACTA OBRA 1'!H101 -> 59544993 | Y26: ESPECIFIQUE:
C28: INFORMACIÓN DEL PAGO AL SISTEMA DE SEGURIDAD SOCIAL
C29: CONCEPTO | H29: FECHA(S) DE PAGO | Q29: No. PLANILLA(S) DE PAGO | AA29: VALOR(ES) PAGADO(S)
C30: EPS | H30: 2018/11/09 - 2018/10/08 - 2018/09/07 -2018/11/13 - 2018/10/08 - 2018/11/15 - 2018/10/03 - 2018/11/06 - 2018/10/12 - 2018/11/16 - 2018/09/12 - 2018/10/08 - 2018/11/23 - 2018/11/09 | Q30: 31069521 - 30403629 - 188490241 - 189897866 - 30414879 - 31175684 - 30231394 - 30833783 - 7701505556 - 7706130151 - 188505778 - 30406013 - 7706445284 - 31035738 | AA30: $2.505.600 $1.962.400 $225.000 $187.500 $1.936.100 $1.950.300 $ 225.000 $250.000 $312.500 $312.500 $97.800 $98.500
C32: AFP Y FSP | H32: 2018/11/09 - 2018/10/08 - 2018/09/07 -2018/11/13 - 2018/10/08 - 2018/11/15 - 2018/10/03 - 2018/11/06 - 2018/10/12 - 2018/11/16 - 2018/09/12 - 2018/10/08 - 2018/11/23 - 2018/11/09 | Q32: 31069521 - 30403629 - 188490241 - 189897866 - 30414879 - 31175684 - 30231394 - 30833783 - 7701505556 - 7706130151 - 188505778 - 30406013 - 7706445284 - 31035738 | AA32: $3.242.000 $2.546.800 $288.000 $240.000 $7.839.700 $7.898.100 $288000 $320.000 $400.000 $400.000 $125.100 $126.000
C34: ARL | H34: 2018/11/09 - 2018/10/08 - 2018/09/07 -2018/11/13 - 2018/10/08 - 2018/11/15 - 2018/10/03 - 2018/11/06 - 2018/10/12 - 2018/11/16 - 2018/09/12 - 2018/10/08 - 2018/11/23 - 2018/11/09 | Q34: 31069521 - 30403629 - 188490241 - 189897866 - 30414879 - 31175684 - 30231394 - 30833783 - 7701505556 - 7706130151 - 188505778 - 30406013 - 7706445284 - 31035738 | AA34: $1.395.300 $1.092.800 $43.900 $36.600 $2.608.700 $2.771.800 $9.400 $10.500 $13.100 $13.100 $54.400 $54.400
B37: 2. ACEPTAN Y AUTORIZAN EL PRESENTE PAGO
E38: ACEPTA - BENEFICIARIO | K38: APRUEBA - INTERVENTOR | R38: AVALA - DESIGNADO ENTE TERRITORIAL | AA38: VERIFICA Y/O AUTORIZA - SUPERVISOR FONADE
AB39: Verifica cumplimiento obligaciones contractuales del Interventor
AB41: Verifica cumplimiento obligaciones contractuales y autoriza el pago
C43: FIRMA:
C44: NIT / C.C.: | E44: 901.192.033-4 | K44: 901.206.834-1
C45: NOMBRE: | E45: JUAN CAMILO GUEVARA MARTINEZ | K45: MARY LUZ MEJIA DE PUMAREJO | AA45: MIGUEL ALFREDO CERMEÑO
E46: C.C. # 1,012,365,841 | K46: C.C. # 41.659.878 | AA46: C.C. . #
E47: REPRESENTANTE LEGAL | K47: REPRESENTANTE LEGAL
E48: CONSORCIO REDES IM | K48: CONSORCIO CORDOBA MV
B50: 3. PARA DILIGENCIAR POR FONADE
B51: DOCUMENTOS ANEXOS QUE AMPARAN ÉSTA CERTIFICACIÓN
C53: X | D53: 1. Planillas de pago seguridad social | K53: 7. Formato FAP028 | R53: 13. Acta de comité | Y53: 19. Informe final
C55: X | D55: 2. Certificación de parafiscales | K55: 8. Formato FAP250 | R55: 14. Acta de obra | Y55: 20. Formulario AFC
C57: X | D57: 3. Factura | K57: 9. Acta de inicio | R57: 15. Acta y/o recibo a satisfacción | Y57: 21. Certificación de Impuestos Municipales
D59: 4. Cuenta de cobro/ Documento equivalente | K59: 10. Plan de inversión del anticipo | R59: 16. Acta de liquidación | Y59: 22. Otros, indique cuales en la siguiente fila
C61: X | D61: 5. RUT | J61: X | K61: 11. Acta de recibo parcial y Balance Presupuestal | Q61: X | R61: 17. Certificación bancaria
D63: 6. Formato FAP027 | J63: X | K63: 12. Memoria de cantidades de obra | R63: 18. Informe de avance
C68: PLAZO DEL CONTRATO (FECHAS)
C69: INICIO | E69: AAAA | F69: MM | H69: DD | K69: FIN | L69: AAAA | O69: MM | Q69: DD | S69: DESEMBOLSO Nº | W69: VALOR BRUTO $
C71: CONVENIO | I71: REGISTRO PRESUPUESTAL | O71: ORDEN DE PAGO | V71: CONSECUTIVO SISTEMA | AB71: VALOR $
C76: OBSERVACIONES:
C81: APLICA EN ESTE COBRO LA ESTAMPILLA PROUNIVERSIDAD ESTATAL LEY 1697/2013 | R81: SI | S81: X | T81: NO | V81: VR. SOBRE CUAL APLICA EN EL COBRO $ | AD81: =+AC12 -> 267952468
C83: AUTORIZA - GERENTE DEL CONVENIO (aplica para contratación derivada) o GERENTE DE ÁREA (aplica cuando el Supervisor de FONADE es el Gerente del convenio) | U83: ORDENADOR DEL GASTO
J85: NOMBRES Y APELLIDOS COMPLETOS | U85: (NO APLICA PARA CONTRATOS) | Z85: NOMBRES Y APELLIDOS COMPLETOS
I87: ¿RETIRA INFORME? | L87: SI | O87: NO
C93: REVISÓ Y PROGRAMÓ - PRESUPUESTO | M93: PROCESÓ - CONTABILIDAD | Y93: GIRÓ - PAGADURÍA
C94: NOTA: EL PRESENTE FORMATO NO SE ACEPTA CON TACHONES NI ENMENDADURAS
C95: www.fonade.gov.co - NIT 899.999.316-1 PBX: 5940407 FAX: 2826018 RIGHTFAX: 5949925/26/27/28+ No de Ext. Línea Transparente 018000914502 Calle 26 No 13-19 Pisos 1, 19 a 22.25.26.28.29.30 Bogotá D.C. - Colombia.
B96: AVISO DE PRIVACIDAD PARA RECOLECCIÓN DE DATOS PERSONALES En mi calidad de titular de información personal, actuando libre y voluntariamente, al diligenciar los datos aquí solicitados, autorizo al Fondo Financiero de Proyectos de Desarrollo - FONADE, ubicado en la Calle 26 No. 13-19 de la ciudad de Bogotá, teléfono 5940407, correo electrónico info@fonade.gov.co para que de forma directa o a través de terceros realice el tratamiento de mi información personal, el cual consiste en recolectar, almacenar, usar, transferir y administrar mis datos personales, para el certificado de cumplimiento para el pago. Entiendo que las políticas para el tratamiento de mi información personal, así como el procedimiento para elevar cualquier solicitud, queja o reclamo, podrán ser consultados en el sitio www.fonade.gov.co. De manera expresa manifiesto que conozco, entiendo y he sido informado de mis derechos como titular de datos personales frente a i) conocer, actualizar y rectificar los datos personales, ii) solicitar prueba de la autorización otorgada para su tratamiento, iii) ser informado por FONADE, previa solicitud, respecto del uso que le ha dado a los datos personales, iv) presentar quejas ante la Superintendencia de Industria y Comercio por infracciones a la ley, v) revocar la autorización y/o solicitar la supresión del(los) dato(s) en los casos en que sea procedente, y vi) acceder en forma gratuita a los mismos. Lo anterior, de conformidad con el Artículo 15 de la Constitución Nacional, la Ley Estatutaria 1581 de 2012 y el Decreto 1377 de 2013.
C98: INSTRUCCIONES PARA EL DILIGENCIAMIENTO
C101: Señor beneficiario diligencie el presente formato en sus secciones: 1. Información general y 2. Documentos anexos, junto con las respectivas firmas. FONADE realiza la evaluación de la información aquí registrada y devolverá la certificación en caso de encontrar diferencias, las cuales serán comunicadas al interesado. En ningún caso será procesado el pago sin la recepción a satisfacción de este documento por parte de FONADE.
C106: 1. INFORMACIÓN GENERAL
C108: a. | D108: Nombre del beneficiario / razón social: después de las palabras “...beneficiario:_”, se debe consignar los nombres y apellidos o razón social de quien suscribió el convenio/contrato con FONADE. Para persona natural escriba los nombres y apellidos completos tal como aparecen en su documento de identificación. Si se trata de una persona jurídica escriba la razón social que se encuentra en el certificado de existencia y representación legal de la entidad.
C109: b. | D109: Tipo de documento de identidad: marque NIT para número de identificación tributaria, CC para cedula de ciudadanía, CE para cedula de extranjería y TI para tarjeta de identidad.
C110: c. | D110: Numero de documento: escriba el número del documento que lo identifica o el numero del NIT que corresponde a su entidad y el DV (Dígito de verificación) respectivo.
C111: d. | D111: Teléfono: escriba el número de teléfono fijo/celular especificando indicativo y número de extensión, si aplica.
C112: e. | D112: Correo electrónico: escriba la dirección de correo electrónico
C113: f. | D113: Número de convenio: escriba el número del convenio que aparece en los considerandos de la minuta del contrato, si no suscribió contrato tómelo del acta de aceptación de su oferta.
C114: g. | D114: Número de contrato: escriba el número del contrato que suscribió con FONADE el cual aparece en la minuta del mismo, si no suscribió contrato deje el espacio en blanco.
C115: h. | D115: Valor fijo: escriba el valor fijo que corresponde al desembolso que está tramitando. Tenga en cuenta que el campo Concepto de pago fijo se refiere a motivos plenamente establecidos en el contrato de acuerdo con la forma de pago pactada, estos deben ser descritos brevemente.
C116: i. | D116: Valor varible: escriba el valor varible que corresponde al desembolso que está tramitando. Tenga en cuenta que el campo Concepto de pago Variable se refiere a motivos ocasionales que deben estar expresamente pactados en el contrato, los cuales deben ser descritos brevemente.
C117: j. | D117: Factura No.: escriba el número de la factura, si no debe presentar este documento deje el espacio en blanco.
C118: k. | D118: Cuenta de Cobro: marque esta casilla solo si presenta esta clase de documento.
C119: l. | D119: Documento equivalente: en caso de presentar este documento indique el nombre y el número del mismo.
... C124: q. | D124: Información del pago al sistema de seguridad social: En esta tabla escriba la fecha, numero de planilla y valor de los aportes a EPS / AFP y FSP / ARP, según corresponda.
C126: 2. ACEPTAN Y AUTORIZAN EL PRESENTE PAGO
C128: a. | D128: Acepta Beneficiario: registre la firma y el nombre claramente, indicando además el número de identificación. Para representante legal registrar la firma del representante legal, nombre y NIT
C129: b. | D129: Aprueba Interventor (si aplica): registre la firma, el nombre y número de identificación de la persona asignada como interventor para realizar seguimiento a la ejecución de la obligación adquirida con FONADE. Para razón social esta información corresponde al representante legal. La revisión por parte del interventor del contrato de obra consiste en someter a nuevo examen las obras objeto del contrato y la ejecución del mismo desde la perspectiva técnica, financiera, administrativa y jurídica, así como los informes presentados por el contratista de obra para corregirlo, enmendarlo o repararlo, en ejercicio de las funciones asignadas contractualmente a la interventoría. Con base en lo anterior, al interventor le corresponde aprobar, esto es, calificar como suficiente y adecuada la ejecución de los avances en la obra, según la etapa en que la misma se encuentre.
C130: c. | D130: Avala Designado Ente Territorial (si aplica): registre la firma, el nombre y número de identificación de la persona designada para avalar el pago por parte del Ente Territorial. Esta revisión consiste en el exámen de los informes del contratista de obra para corregir, enmendar o reparar cualquier aspecto relacionado con la normatividad territorial aplicable. En desarrollo de esta función, el designado de la entidad territorial debe avalar, es decir manifestar su acuerdo con la ejecución del contrato, desde la perspectiva de estas normas. (APLICA PARA CONTRATOS SIN SITUACIÓN DE FONDOS).
C131: d. | D131: Verifica Supervisor FONADE (si aplica): registre la firma, el nombre y número de identificación de la persona asignada como supervisor para realizar seguimiento a la ejecución de la obligación adquirida con FONADE. En los casos en que aplique, la verificación a cargo del Supervisor de FONADE consiste en comprobar o examinar que el interventor llevó a cabo todo el segumiento técnico, jurídico, financiero y administrativo del contrato de obra, y que el mismo está documentado de acuerdo con las exigencias de FONADE.
D132: Verifica y autoriza Supervisor FONADE (si aplica): registre la firma, el nombre y número de identificación de la persona asignada como supervisor para realizar seguimiento y verificación a la ejecución de la obligación contractual con FONADE y autoriza el pago.
C134: 3. PARA DILIGENCIAR POR FONADE
D136: Sea cuidadoso en el diligenciamiento del presente formato y NO UTILICE los espacios que corresponden a este numeral toda vez que son de EXCLUSIVIDAD para FONADE y serán completados en la medida que el documento surta el trámite por cada una de las áreas involucradas en el proceso.
D138: Documentos anexos (1 a 24): en esta parte el área correspondiente diligenciará las casillas de acuerdo con los documentos anexados a la certificación.
D139: NOTA: Los nombres de los formatos mencionados en esta sección son:
C140: a. | D140: Autorización de viaje y/o suministro de tiquetes - FAP024
C141: b. | D141: Información general y tributaria de terceros - FAP025
C142: c. | D142: Documento equivalente (Comprobante de pago) - FAP027
C143: d. | D143: Relación para la legalización y o reintegro de gastos desplazamiento - FAP028
C144: e. | D144: Paz y salvo - FAP618
C145: f. | D145: Aplica en este cobro la estampilla prouniversidad estatal Ley 1697/2013: marque con una x si le aplica el cobro de la estampilla de acuerdo a la Ley 1697/2013, en caso de que aplique escriba el valor sobre el cual aplica el cobro. Autoriza Gerente del Convenio: registre la firma, nombres y apellidos completos del Gerente de Unidad o Gerente del Convenio, según sea el caso, que autoriza los pagos, tras haber confirmado que las instancias anteriores, que apliquen, han completado las labores a su cargo y han suscrito la documentación correspondiente. Aplica para la contratación derivada.
D146: Autoriza Gerente del Convenio: Registre la firma del Gerente de Unidad o Gerente del Convenio, según sea el caso, que autoriza los pagos, tras haber confirmado que las instancias anteriores, que apliquen, han completado las labores a su cargo y han suscrito la documentación correspondiente. Aplica para la contratación derivada.
D147: Autoriza Gerente de Área: registre la firma, nombres y apellidos completos del Gerente de Área, que autoriza los pagos, tras haber confirmado que las instancias anteriores, que apliquen, han completado las labores a su cargo y han suscrito la documentación correspondiente. Aplica cuando el Supervisor de FONADE es el Gerente del convenio.

Sheet FACTURA 
B7: Diciembre 3 de 2018
B9: FONDO FINANCIERO DE PROYECTOS DE DESARROLLO -FONADE | H9: 899.999.316-1
B11: CALLE 26 No 13-19 BOGOTA D.C. | H11: 5940407
A14: PAGO ACTA PARCIAL DE OBRA No. 1 - PUERTO BERRIO (ANTIOQUIA ) DEL CONTRATO No. 2181252 CUYO OBJETO ES: DIAGNÓSTICO, CONCERTACIÓN, PLAN DE INTERVENCIÓN Y EJECUCIÓN DE LA CONSTRUCCIÓN DEL PROGRAMA DE CONEXIONES INTRADOMICIALIARIAS EN LOS MUNICIPIOS DE: PUERTO BERRIO – ANTIOQUIA, COTORRA Y LA APARTADA – CÓRDOBA – GRUPO 1: PUERTO BERRIO ANTIOQUIA.
A19: COSTO DIRECTO | I19: =+ROUND(('ACTA OBRA 1'!L83*0.9),0) -> 206450780 | L19: =+D22*D23 -> 0.0057 | M19: =+D20+D21+D22+L19 -> 0.2979
A20: ADMINISTRACION | D20: 0.2522 | I20: =+ROUND(($I$19*D20),0) -> 52066887
A21: IMPREVISTOS | D21: 0.01 | I21: =+ROUND(($I$19*D21),0) -> 2064508
A22: UTILIDAD | D22: 0.03 | I22: =+ROUND(($I$19*D22),0) -> 6193523
A23: IVA SOBRE UTILIDAD | D23: 0.19 | I23: =ROUND((+I22*D23),0) -> 1176769
A24: AJUSTE FACTURA | I24: 1
A25: VALOR TOTAL COSTO DIRECTOS E INDIRECTOS | I25: =SUM(I19:I24) -> 267952468
A27: MENOS AMORTIZACION ANTICIPO | I27: =+'ACTA OBRA 1'!H101 -> 59544993
A30: VALOR TOTAL A PAGAR | I30: =+I25-I27-I28 -> 208407475
A31: INTEGRANTES DEL CONSORCIO MIGUEL ANGEL MARTINEZ AMORTEGUI C.C. 80.262.554 PARTICIPACION 50% IES INGENIEROS SAS NIT. 900.317.964-1 PARTICIPACION 50%
B33: DOSCIENTOS SESENTA Y SIETE MILLONES NOVECIENTOS | I33: =+I25-I35 -> 266775699
B35: CINCUENTA Y DOS MIL CUATROCIENTOS SESENTA Y | I35: =+I23 -> 1176769
B36: OCHO PESOS MCTE | I36: =+SUM(I33:I35) -> 267952468

Sheet ACTA OBRA 1
C1: ACTA DE RECIBO PARCIAL Y BALANCE PRESUPUESTAL | L1: CÓDIGO: | N1: FMI043
L2: VERSIÓN: | N2: 04B
C3: GERENCIA DE PROYECTOS | L3: VIGENCIA: | N3: 42766
B5: ACTA No. | C5: 1 PARCIAL - DE OBRA - PUERTO BERRIO
B6: TIPO DE CONTRATO: | C6: OBRA | G6: CONTRATO No. | H6: 2181252
B7: OBJETO: | C7: DIAGNÓSTICO, CONCERTACIÓN, PLAN DE INTERVENCIÓN Y EJECUCIÓN DE LA CONSTRUCCIÓN DEL PROGRAMA DE CONEXIONES INTRADOMICIALIARIAS EN LOS MUNICIPIOS DE: PUERTO BERRIO – ANTIOQUIA, COTORRA Y LA APARTADA – CÓRDOBA – GRUPO 1: PUERTO BERRIO ANTIOQUIA.
B8: CONTRATISTA : | C8: CONSORCIO REDES IM
B9: INTERVENTOR: | C9: CONSORCIO CORDOBA MV
B10: PERÍODO A PAGAR: DEL 6 DE SEPTIEMBRE DE 2018 AL 30 DE NOVIEMBRE DE 2018
B14: ÍTEM | C14: DESCRIPCIÓN (Corresponde a los ítems o productos contratados) | D14: UNIDAD | E14: CONTRATO | H14: CANTIDADES | K14: VALORES | N14: SALDOS
E15: CANTIDAD CONTRATO | F15: VALOR UNITARIO | G15: VALOR TOTAL | H15: ACUMULADO ANTERIOR | I15: PRESENTE MES | J15: ACUMULADO TOTAL | K15: ACUMULADO ANTERIOR | L15: PRESENTE MES | M15: ACUMULADO TOTAL | N15: CANTIDAD | O15: VALOR
C16: ='[7]Puerto Berrio'!$B$25 -> INSTALACIONES HIDROSANITARIAS
C17: ='[7]Puerto Berrio'!$C$26 -> CONEXIONES INTRADOMICILIARIAS
B18: ='[7]Puerto Berrio'!B27 -> 3.1 | C18: ='[7]Puerto Berrio'!C27 -> Red intradomiciliarias de acueducto de 1/2" | D18: ML | E18: 1 | F18: 11313 | G18: =ROUND((E18*F18),0) -> 11313 | I18: =+'Ejecución de Obra'!E789 -> 205.6 | J18: =+H18+I18 -> 205.6 | K18: =+ROUND((H18*F18),0) -> 0 | L18: =+ROUND((I18*F18),0) -> 2325953 | M18: =+ROUND((K18+L18),0) -> 2325953 | O18: =+N18*F18 -> 0
B19: ='[7]Puerto Berrio'!B28 -> 3.2 | C19: ='[7]Puerto Berrio'!C28 -> Red intradomiciliarias de alcantarillado de 4" | D19: ML | E19: 1 | F19: 55890 | G19: =ROUND((E19*F19),0) -> 55890 | I19: =+'Ejecución de Obra'!F789 -> 176.85 | J19: =+H19+I19 -> 176.85 | K19: =+ROUND((H19*F19),0) -> 0 | L19: =+ROUND((I19*F19),0) -> 9884147 | M19: =+ROUND((K19+L19),0) -> 9884147 | O19: =+N19*F19 -> 0
B20: ='[7]Puerto Berrio'!B29 -> 3.3 | C20: ='[7]Puerto Berrio'!C29 -> Red intradomiciliaria derivada sanitaria de 2" | D20: ML | E20: 1 | F20: 30145 | G20: =ROUND((E20*F20),0) -> 30145 | I20: =+'Ejecución de Obra'!G789 -> 103.37 | J20: =+H20+I20 -> 103.37 | K20: =+ROUND((H20*F20),0) -> 0 | L20: =+ROUND((I20*F20),0) -> 3116089 | M20: =+ROUND((K20+L20),0) -> 3116089 | O20: =+N20*F20 -> 0
B21: ='[7]Puerto Berrio'!B30 -> 3.4 | C21: ='[7]Puerto Berrio'!C30 -> Suministro e instalación de SANITARIO (INODORO). Incluye tuberías y accesorios para el correcto funcionamiento del elemento instalado. | D21: Und | E21: 1 | F21: 268589 | G21: =ROUND((E21*F21),0) -> 268589 | I21: =+'Ejecución de Obra'!H789 -> 62 | J21: =+H21+I21 -> 62 | K21: =+ROUND((H21*F21),0) -> 0 | L21: =+ROUND((I21*F21),0) -> 16652518 | M21: =+ROUND((K21+L21),0) -> 16652518 | O21: =+N21*F21 -> 0
B22: ='[7]Puerto Berrio'!B31 -> 3.5 | C22: ='[7]Puerto Berrio'!C31 -> Suministro e instalación de DUCHA. Incluye tuberías y accesorios para el correcto funcionamiento del elemento instalado. | D22: Und | E22: 1 | F22: 136151 | G22: =ROUND((E22*F22),0) -> 136151 | I22: =+'Ejecución de Obra'!I789 -> 62 | J22: =+H22+I22 -> 62 | K22: =+ROUND((H22*F22),0) -> 0 | L22: =+ROUND((I22*F22),0) -> 8441362 | M22: =+ROUND((K22+L22),0) -> 8441362 | O22: =+N22*F22 -> 0
B23: ='[7]Puerto Berrio'!B32 -> 3.6 | C23: ='[7]Puerto Berrio'!C32 -> Suministro e instalación de LAVAMANOS CON PEDESTAL. Incluye tuberías y accesorios para el correcto funcionamiento del elemento instalado. | D23: Und | E23: 1 | F23: 156230 | G23: =ROUND((E23*F23),0) -> 156230 | I23: =+'Ejecución de Obra'!J789 -> 62 | J23: =+H23+I23 -> 62 | K23: =+ROUND((H23*F23),0) -> 0 | L23: =+ROUND((I23*F23),0) -> 9686260 | M23: =+ROUND((K23+L23),0) -> 9686260 | O23: =+N23*F23 -> 0
B24: ='[7]Puerto Berrio'!B33 -> 3.7 | C24: ='[7]Puerto Berrio'!C33 -> Suministro e instalación de LAVADERO ESTANDAR montado sobre mampostería pañetada. Incluye tuberías y accesorios para el correcto funcionamiento del elemento instalado. | D24: Und | E24: 1 | F24: 383800 | G24: =ROUND((E24*F24),0) -> 383800 | I24: =+'Ejecución de Obra'!K789 -> 26 | J24: =+H24+I24 -> 26 | K24: =+ROUND((H24*F24),0) -> 0 | L24: =+ROUND((I24*F24),0) -> 9978800 | M24: =+ROUND((K24+L24),0) -> 9978800 | O24: =+N24*F24 -> 0
B25: ='[7]Puerto Berrio'!B34 -> 3.8 | C25: ='[7]Puerto Berrio'!C34 -> Suministro e instalación de LAVAPLATOS montado sobre mampostería pañetada. Incluye tuberías y accesorios para el correcto funcionamiento del elemento instalado. | D25: Und | E25: 1 | F25: 443629 | G25: =ROUND((E25*F25),0) -> 443629 | I25: =+'Ejecución de Obra'!L789 -> 14 | J25: =+H25+I25 -> 14 | K25: =+ROUND((H25*F25),0) -> 0 | L25: =+ROUND((I25*F25),0) -> 6210806 | M25: =+ROUND((K25+L25),0) -> 6210806 | O25: =+N25*F25 -> 0
C26: ='[7]Puerto Berrio'!C35 -> APARATOS | G26: =ROUND((E26*F26),0) -> 0 | J26: =+H26+I26 -> 0 | K26: =+ROUND((H26*F26),0) -> 0 | L26: =+ROUND((I26*F26),0) -> 0 | M26: =+ROUND((K26+L26),0) -> 0 | O26: =+N26*F26 -> 0
B27: ='[7]Puerto Berrio'!B36 -> 3.9 | C27: ='[7]Puerto Berrio'!C36 -> Suministro e instalación de SANITARIO (INODORO). | D27: Und | E27: 1 | F27: 167134 | G27: =ROUND((E27*F27),0) -> 167134 | I27: =+'Ejecución de Obra'!N789 -> 0 | J27: =+H27+I27 -> 0 | K27: =+ROUND((H27*F27),0) -> 0 | L27: =+ROUND((I27*F27),0) -> 0 | M27: =+ROUND((K27+L27),0) -> 0 | O27: =+N27*F27 -> 0
B28: ='[7]Puerto Berrio'!B37 -> 3.1 | C28: ='[7]Puerto Berrio'!C37 -> Suministro e instalación de LAVAMANOS CON PEDESTAL. | D28: Und | E28: 1 | F28: 98605 | G28: =ROUND((E28*F28),0) -> 98605 | I28: =+'Ejecución de Obra'!O789 -> 0 | J28: =+H28+I28 -> 0 | K28: =+ROUND((H28*F28),0) -> 0 | L28: =+ROUND((I28*F28),0) -> 0 | M28: =+ROUND((K28+L28),0) -> 0 | O28: =+N28*F28 -> 0
B29: ='[7]Puerto Berrio'!B38 -> 3.11 | C29: ='[7]Puerto Berrio'!C38 -> Suministro e instalación de LAVADERO ESTANDAR. | D29: Und | E29: 1 | F29: 254768 | G29: =ROUND((E29*F29),0) -> 254768 | I29: =+'Ejecución de Obra'!P789 -> 0 | J29: =+H29+I29 -> 0 | K29: =+ROUND((H29*F29),0) -> 0 | L29: =+ROUND((I29*F29),0) -> 0 | M29: =+ROUND((K29+L29),0) -> 0 | O29: =+N29*F29 -> 0
B30: ='[7]Puerto Berrio'!B39 -> 3.12 | C30: ='[7]Puerto Berrio'!C39 -> Suministro e instalación de LAVAPLATOS (incluye grifería). | D30: Und | E30: 1 | F30: 225647 | G30: =ROUND((E30*F30),0) -> 225647 | I30: =+'Ejecución de Obra'!Q789 -> 2 | J30: =+H30+I30 -> 2 | K30: =+ROUND((H30*F30),0) -> 0 | L30: =+ROUND((I30*F30),0) -> 451294 | M30: =+ROUND((K30+L30),0) -> 451294 | O30: =+N30*F30 -> 0
C31: ='[7]Puerto Berrio'!C40 -> CONEXIONES DOMICILIARIAS | G31: =ROUND((E31*F31),0) -> 0 | J31: =+H31+I31 -> 0 | K31: =+ROUND((H31*F31),0) -> 0 | L31: =+ROUND((I31*F31),0) -> 0 | M31: =+ROUND((K31+L31),0) -> 0 | O31: =+N31*F31 -> 0
B32: ='[7]Puerto Berrio'!B41 -> 3.13 | C32: ='[7]Puerto Berrio'!C41 -> Conexión domiciliaria a red de alcantarillado (silleta de 6" a 8") | D32: Und | E32: 1 | F32: 139499 | G32: =ROUND((E32*F32),0) -> 139499 | I32: =+'Ejecución de Obra'!S789 -> 0 | J32: =+H32+I32 -> 0 | K32: =+ROUND((H32*F32),0) -> 0 | L32: =+ROUND((I32*F32),0) -> 0 | M32: =+ROUND((K32+L32),0) -> 0 | O32: =+N32*F32 -> 0
B33: ='[7]Puerto Berrio'!B42 -> 3.14 | C33: ='[7]Puerto Berrio'!C42 -> Conexión domiciliaria a red de alcantarillado (silleta de 6" a 10") | D33: Und | E33: 1 | F33: 155787 | G33: =ROUND((E33*F33),0) -> 155787 | I33: =+'Ejecución de Obra'!T789 -> 0 | J33: =+H33+I33 -> 0 | K33: =+ROUND((H33*F33),0) -> 0 | L33: =+ROUND((I33*F33),0) -> 0 | M33: =+ROUND((K33+L33),0) -> 0 | O33: =+N33*F33 -> 0
B34: ='[7]Puerto Berrio'!B43 -> 3.15 | C34: ='[7]Puerto Berrio'!C43 -> Conexión domiciliaria a red de acueducto (Collarin de derivación de 4" x 1/2") | D34: Und | E34: 1 | F34: 30882 | G34: =ROUND((E34*F34),0) -> 30882 | I34: =+'Ejecución de Obra'!U789 -> 0 | J34: =+H34+I34 -> 0 | K34: =+ROUND((H34*F34),0) -> 0 | L34: =+ROUND((I34*F34),0) -> 0 | M34: =+ROUND((K34+L34),0) -> 0 | O34: =+N34*F34 -> 0
B35: ='[7]Puerto Berrio'!B44 -> 3.16 | C35: ='[7]Puerto Berrio'!C44 -> Tubería sanitaria PVC de 6" | D35: ML | E35: 1 | F35: 125051 | G35: =ROUND((E35*F35),0) -> 125051 | I35: =+'Ejecución de Obra'!V789 -> 15 | J35: =+H35+I35 -> 15 | K35: =+ROUND((H35*F35),0) -> 0 | L35: =+ROUND((I35*F35),0) -> 1875765 | M35: =+ROUND((K35+L35),0) -> 1875765 | O35: =+N35*F35 -> 0
B36: ='[7]Puerto Berrio'!B45 -> 3.17 | C36: ='[7]Puerto Berrio'!C45 -> Tubería de agua potable PVC de 1/2" o Manguera PF-UAD de 1/2" | D36: ML | E36: 1 | F36: 47500 | G36: =ROUND((E36*F36),0) -> 47500 | I36: =+'Ejecución de Obra'!W789 -> 0 | J36: =+H36+I36 -> 0 | K36: =+ROUND((H36*F36),0) -> 0 | L36: =+ROUND((I36*F36),0) -> 0 | M36: =+ROUND((K36+L36),0) -> 0 | O36: =+N36*F36 -> 0
B37: ='[7]Puerto Berrio'!B46 -> 3.18 | C37: ='[7]Puerto Berrio'!C46 -> Suministro e instalación de micromedidores de 1/2". Incluye caja y registro. Para los municipio de Cotorra, La Aguada-Cordoba y Purto Berrio-Antioquia | D37: Und | E37: 1 | F37: 178393 | G37: =ROUND((E37*F37),0) -> 178393 | I37: =+'Ejecución de Obra'!X789 -> 0 | J37: =+H37+I37 -> 0 | K37: =+ROUND((H37*F37),0) -> 0 | L37: =+ROUND((I37*F37),0) -> 0 | M37: =+ROUND((K37+L37),0) -> 0 | O37: =+N37*F37 -> 0
C38: ='[7]Puerto Berrio'!C47 -> CAJAS DE INSPECCIÓN | J38: =+H38+I38 -> 0 | K38: =+ROUND((H38*F38),0) -> 0 | L38: =+ROUND((I38*F38),0) -> 0 | M38: =+ROUND((K38+L38),0) -> 0 | O38: =+N38*F38 -> 0
B39: ='[7]Puerto Berrio'!B48 -> 3.19 | C39: ='[7]Puerto Berrio'!C48 -> Construcción de caja de inspección en concreto 21MPa de 0.40 m x 0.40 m x 1.00 m (profundidad variable - ML) Aplica para INTRADOMICILIARIAS | D39: ML | E39: 1 | F39: 258175 | G39: =ROUND((E39*F39),0) -> 258175 | I39: =+'Ejecución de Obra'!Z789 -> 19.78 | J39: =+H39+I39 -> 19.78 | K39: =+ROUND((H39*F39),0) -> 0 | L39: =+ROUND((I39*F39),0) -> 5106702 | M39: =+ROUND((K39+L39),0) -> 5106702 | O39: =+N39*F39 -> 0
B40: ='[7]Puerto Berrio'!B49 -> 3.2 | C40: ='[7]Puerto Berrio'!C49 -> Construcción de caja de inspección en concreto 21MPa de 0.60 m x 0.60 m x 1.00 m (profundidad variable - ML) Aplica para DOMICILIARIA | D40: ML | E40: 1 | F40: 341561 | G40: =ROUND((E40*F40),0) -> 341561 | I40: =+'Ejecución de Obra'!AA789 -> 3.5 | J40: =+H40+I40 -> 3.5 | K40: =+ROUND((H40*F40),0) -> 0 | L40: =+ROUND((I40*F40),0) -> 1195464 | M40: =+ROUND((K40+L40),0) -> 1195464 | O40: =+N40*F40 -> 0
C41: ='[7]Puerto Berrio'!$B$50 -> UNIDADES SANITARIAS NUEVAS - Incluye Capítulos (2 y 3) | J41: =+H41+I41 -> 0 | K41: =+ROUND((H41*F41),0) -> 0 | L41: =+ROUND((I41*F41),0) -> 0 | M41: =+ROUND((K41+L41),0) -> 0 | O41: =+N41*F41 -> 0
B42: ='[7]Puerto Berrio'!B51 -> 4.1 | C42: ='[7]Puerto Berrio'!C51 -> Unidad Sanitaria tipo 1 - Caseta unidad sanitaria incluye cubierta con teja en fibrocemento. | D42: Und | E42: 1 | F42: 2848540 | G42: =ROUND((E42*F42),0) -> 2848540 | I42: =+'Ejecución de Obra'!AC789 -> 33 | J42: =+H42+I42 -> 33 | K42: =+ROUND((H42*F42),0) -> 0 | L42: =+ROUND((I42*F42),0) -> 94001820 | M42: =+ROUND((K42+L42),0) -> 94001820 | O42: =+N42*F42 -> 0
B43: ='[7]Puerto Berrio'!B52 -> 4.2 | C43: ='[7]Puerto Berrio'!C52 -> Unidad Sanitaria tipo 2 - Caseta unidad sanitaria interna - sin cubierta. | D43: Und | E43: 1 | F43: 2552299 | G43: =ROUND((E43*F43),0) -> 2552299 | I43: =+'Ejecución de Obra'!AD789 -> 19 | J43: =+H43+I43 -> 19 | K43: =+ROUND((H43*F43),0) -> 0 | L43: =+ROUND((I43*F43),0) -> 48493681 | M43: =+ROUND((K43+L43),0) -> 48493681 | O43: =+N43*F43 -> 0
B44: ='[7]Puerto Berrio'!B53 -> 4.3 | C44: ='[7]Puerto Berrio'!C53 -> Unidad Sanitaria tipo 3 - Caseta unidad sanitaria con placa superior para instalación de tanque y cubierta en fibrocemento | D44: Und | E44: 1 | F44: 3211198 | G44: =ROUND((E44*F44),0) -> 3211198 | I44: =+'Ejecución de Obra'!AE789 -> 0 | J44: =+H44+I44 -> 0 | K44: =+ROUND((H44*F44),0) -> 0 | L44: =+ROUND((I44*F44),0) -> 0 | M44: =+ROUND((K44+L44),0) -> 0 | O44: =+N44*F44 -> 0
B45: ='[7]Puerto Berrio'!B54 -> 4.4 | C45: ='[7]Puerto Berrio'!C54 -> Unidad sanitaria tipo 4 - Caseta unidad sanitaria especial para minusválidos (Incluye cubierta con teja en fibrocemento) | D45: Und | E45: 1 | F45: 3336324 | G45: =ROUND((E45*F45),0) -> 3336324 | I45: =+'Ejecución de Obra'!AF789 -> 0 | J45: =+H45+I45 -> 0 | K45: =+ROUND((H45*F45),0) -> 0 | L45: =+ROUND((I45*F45),0) -> 0 | M45: =+ROUND((K45+L45),0) -> 0 | O45: =+N45*F45 -> 0
C46: ='[7]Puerto Berrio'!$A$55 -> UNIDAD SANITARIA EXISTENTE (ADECUACIÓN) - Incluye Capítulos (2,4,5,6,7,8 y 9) | J46: =+H46+I46 -> 0 | K46: =+ROUND((H46*F46),0) -> 0 | L46: =+ROUND((I46*F46),0) -> 0 | M46: =+ROUND((K46+L46),0) -> 0 | O46: =+N46*F46 -> 0
C47: ='[7]Puerto Berrio'!$B$56 -> CIMENTACIÓN | J47: =+H47+I47 -> 0 | K47: =+ROUND((H47*F47),0) -> 0 | L47: =+ROUND((I47*F47),0) -> 0 | M47: =+ROUND((K47+L47),0) -> 0 | O47: =+N47*F47 -> 0
B48: ='[7]Puerto Berrio'!B57 -> 5.1 | C48: ='[7]Puerto Berrio'!C57 -> Relleno compactado con material de sitio | D48: M3 | E48: 1 | F48: 12491 | G48: =ROUND((E48*F48),0) -> 12491 | I48: =+'Ejecución de Obra'!AH789 -> 0 | J48: =+H48+I48 -> 0 | K48: =+ROUND((H48*F48),0) -> 0 | L48: =+ROUND((I48*F48),0) -> 0 | M48: =+ROUND((K48+L48),0) -> 0 | O48: =+N48*F48 -> 0
B49: ='[7]Puerto Berrio'!B58 -> 5.2 | C49: ='[7]Puerto Berrio'!C58 -> Relleno con material seleccionado (recebo) | D49: M3 | E49: 1 | F49: 41351 | G49: =ROUND((E49*F49),0) -> 41351 | I49: =+'Ejecución de Obra'!AI789 -> 0 | J49: =+H49+I49 -> 0 | K49: =+ROUND((H49*F49),0) -> 0 | L49: =+ROUND((I49*F49),0) -> 0 | M49: =+ROUND((K49+L49),0) -> 0 | O49: =+N49*F49 -> 0
C50: ='[7]Puerto Berrio'!$B$59 -> ESTRUCTURAS Y CONCRETOS | J50: =+H50+I50 -> 0 | K50: =+ROUND((H50*F50),0) -> 0 | L50: =+ROUND((I50*F50),0) -> 0 | M50: =+ROUND((K50+L50),0) -> 0 | O50: =+N50*F50 -> 0
B51: ='[7]Puerto Berrio'!B60 -> 6.1 | C51: ='[7]Puerto Berrio'!C60 -> Concreto de 21 MPa, incluye formaleta, para elementos estructurales | D51: M3 | E51: 1 | F51: 565079 | G51: =ROUND((E51*F51),0) -> 565079 | I51: =+'Ejecución de Obra'!AK789 -> 0.07 | J51: =+H51+I51 -> 0.07 | K51: =+ROUND((H51*F51),0) -> 0 | L51: =+ROUND((I51*F51),0) -> 39556 | M51: =+ROUND((K51+L51),0) -> 39556 | O51: =+N51*F51 -> 0
B52: ='[7]Puerto Berrio'!B61 -> 6.2 | C52: ='[7]Puerto Berrio'!C61 -> Acero de refuerzo | D52: KG | E52: 1 | F52: 3583 | G52: =ROUND((E52*F52),0) -> 3583 | I52: =+'Ejecución de Obra'!AL789 -> 3 | J52: =+H52+I52 -> 3 | K52: =+ROUND((H52*F52),0) -> 0 | L52: =+ROUND((I52*F52),0) -> 10749 | M52: =+ROUND((K52+L52),0) -> 10749 | O52: =+N52*F52 -> 0
B53: ='[7]Puerto Berrio'!B62 -> 6.3 | C53: ='[7]Puerto Berrio'!C62 -> Malla electrosoldada de e=6mm de 0.15 m x 0.15 m | D53: M2 | E53: 1 | F53: 11794 | G53: =ROUND((E53*F53),0) -> 11794 | I53: =+'Ejecución de Obra'!AM789 -> 0 | J53: =+H53+I53 -> 0 | K53: =+ROUND((H53*F53),0) -> 0 | L53: =+ROUND((I53*F53),0) -> 0 | M53: =+ROUND((K53+L53),0) -> 0 | O53: =+N53*F53 -> 0
B54: ='[7]Puerto Berrio'!B63 -> 6.4 | C54: ='[7]Puerto Berrio'!C63 -> Losa de piso en concreto de 21 MPa (espesor 0,10 m) | D54: M2 | E54: 1 | F54: 50657 | G54: =ROUND((E54*F54),0) -> 50657 | I54: =+'Ejecución de Obra'!AN789 -> 41.63 | J54: =+H54+I54 -> 41.63 | K54: =+ROUND((H54*F54),0) -> 0 | L54: =+ROUND((I54*F54),0) -> 2108851 | M54: =+ROUND((K54+L54),0) -> 2108851 | O54: =+N54*F54 -> 0
B55: ='[7]Puerto Berrio'!B64 -> 6.5 | C55: ='[7]Puerto Berrio'!C64 -> Losa en concreto reforzado, para apoyo de tanque aéreo de 0,08 m de espesor | D55: M2 | E55: 1 | F55: 59048 | G55: =ROUND((E55*F55),0) -> 59048 | I55: =+'Ejecución de Obra'!AO789 -> 0 | J55: =+H55+I55 -> 0 | K55: =+ROUND((H55*F55),0) -> 0 | L55: =+ROUND((I55*F55),0) -> 0 | M55: =+ROUND((K55+L55),0) -> 0 | O55: =+N55*F55 -> 0
B56: ='[7]Puerto Berrio'!B65 -> 6.6 | C56: ='[7]Puerto Berrio'!C65 -> Concreto ciclopeo de 21 MPA (40% piedra media zonga, 60% concreto de 21 MPa) | D56: M3 | E56: 1 | F56: 350027 | G56: =ROUND((E56*F56),0) -> 350027 | I56: =+'Ejecución de Obra'!AP789 -> 2.58 | J56: =+H56+I56 -> 2.58 | K56: =+ROUND((H56*F56),0) -> 0 | L56: =+ROUND((I56*F56),0) -> 903070 | M56: =+ROUND((K56+L56),0) -> 903070 | O56: =+N56*F56 -> 0
C57: ='[7]Puerto Berrio'!$B$66 -> MAMPOSTERIA | J57: =+H57+I57 -> 0 | K57: =+ROUND((H57*F57),0) -> 0 | L57: =+ROUND((I57*F57),0) -> 0 | M57: =+ROUND((K57+L57),0) -> 0 | O57: =+N57*F57 -> 0
B58: ='[7]Puerto Berrio'!B67 -> 7.1 | C58: ='[7]Puerto Berrio'!C67 -> Mampostería en bloque de arcilla No. 4 o similar | D58: M2 | E58: 1 | F58: 28253 | G58: =ROUND((E58*F58),0) -> 28253 | I58: =+'Ejecución de Obra'!AR789 -> 8.03 | J58: =+H58+I58 -> 8.03 | K58: =+ROUND((H58*F58),0) -> 0 | L58: =+ROUND((I58*F58),0) -> 226872 | M58: =+ROUND((K58+L58),0) -> 226872 | O58: =+N58*F58 -> 0
B59: ='[7]Puerto Berrio'!B68 -> 7.2 | C59: ='[7]Puerto Berrio'!C68 -> Suministro e Instalación Calado tipo rejilla para ventilación en arciilla | D59: Und | E59: 1 | F59: 6795 | G59: =ROUND((E59*F59),0) -> 6795 | I59: =+'Ejecución de Obra'!AS789 -> 0 | J59: =+H59+I59 -> 0 | K59: =+ROUND((H59*F59),0) -> 0 | L59: =+ROUND((I59*F59),0) -> 0 | M59: =+ROUND((K59+L59),0) -> 0 | O59: =+N59*F59 -> 0
C60: ='[7]Puerto Berrio'!$B$69 -> MORTEROS | J60: =+H60+I60 -> 0 | K60: =+ROUND((H60*F60),0) -> 0 | L60: =+ROUND((I60*F60),0) -> 0 | M60: =+ROUND((K60+L60),0) -> 0 | O60: =+N60*F60 -> 0
B61: ='[7]Puerto Berrio'!B70 -> 8.1 | C61: ='[7]Puerto Berrio'!C70 -> Mortero para pañete interno de 1:4 y 0,02 metros de espesor | D61: M2 | E61: 1 | F61: 13772 | G61: =ROUND((E61*F61),0) -> 13772 | I61: =+'Ejecución de Obra'!AU789 -> 45.5 | J61: =+H61+I61 -> 45.5 | K61: =+ROUND((H61*F61),0) -> 0 | L61: =+ROUND((I61*F61),0) -> 626626 | M61: =+ROUND((K61+L61),0) -> 626626 | O61: =+N61*F61 -> 0
B62: ='[7]Puerto Berrio'!B71 -> 8.2 | C62: ='[7]Puerto Berrio'!C71 -> Mortero impermeabilizado para pañete externo de 1:4 y 0,02 metros de espesor. | D62: M2 | E62: 1 | F62: 15590 | G62: =ROUND((E62*F62),0) -> 15590 | I62: =+'Ejecución de Obra'!AV789 -> 48.9 | J62: =+H62+I62 -> 48.9 | K62: =+ROUND((H62*F62),0) -> 0 | L62: =+ROUND((I62*F62),0) -> 762351 | M62: =+ROUND((K62+L62),0) -> 762351 | O62: =+N62*F62 -> 0
B63: ='[7]Puerto Berrio'!B72 -> 8.3 | C63: ='[7]Puerto Berrio'!C72 -> Mortero impermeabilizado para pendiente de piso ducha de 1:4 y 0,03 metros de espesor | D63: M2 | E63: 1 | F63: 16863 | G63: =ROUND((E63*F63),0) -> 16863 | I63: =+'Ejecución de Obra'!AW789 -> 4.88 | J63: =+H63+I63 -> 4.88 | K63: =+ROUND((H63*F63),0) -> 0 | L63: =+ROUND((I63*F63),0) -> 82291 | M63: =+ROUND((K63+L63),0) -> 82291 | O63: =+N63*F63 -> 0
C64: ='[7]Puerto Berrio'!$B$73 -> OBRAS COMPLEMENTARIAS PARA EL FUNCIONAMIENTO | J64: =+H64+I64 -> 0 | K64: =+ROUND((H64*F64),0) -> 0 | L64: =+ROUND((I64*F64),0) -> 0 | M64: =+ROUND((K64+L64),0) -> 0 | O64: =+N64*F64 -> 0
B65: ='[7]Puerto Berrio'!B74 -> 9.1 | C65: ='[7]Puerto Berrio'!C74 -> Suministro e instalacion de Puerta metálica con marco calibre 20 | D65: Und | E65: 1 | F65: 299550 | G65: =ROUND((E65*F65),0) -> 299550 | I65: =+'Ejecución de Obra'!AY789 -> 9 | J65: =+H65+I65 -> 9 | K65: =+ROUND((H65*F65),0) -> 0 | L65: =+ROUND((I65*F65),0) -> 2695950 | M65: =+ROUND((K65+L65),0) -> 2695950 | O65: =+N65*F65 -> 0
B66: ='[7]Puerto Berrio'!B75 -> 9.2 | C66: ='[7]Puerto Berrio'!C75 -> Suministro e instalacion de juego de incrustaciones para baño | D66: Und | E66: 1 | F66: 53772 | G66: =ROUND((E66*F66),0) -> 53772 | I66: =+'Ejecución de Obra'!AZ789 -> 6 | J66: =+H66+I66 -> 6 | K66: =+ROUND((H66*F66),0) -> 0 | L66: =+ROUND((I66*F66),0) -> 322632 | M66: =+ROUND((K66+L66),0) -> 322632 | O66: =+N66*F66 -> 0
B67: ='[7]Puerto Berrio'!B76 -> 9.3 | C67: ='[7]Puerto Berrio'!C76 -> Suministro e instalación de tanque aéreo plástico de 500 litros. Incluye tuberías y accesorios para el correcto funcionamiento del elemento instalado. | D67: Und | E67: 1 | F67: 207536 | G67: =ROUND((E67*F67),0) -> 207536 | I67: =+'Ejecución de Obra'!BA789 -> 0 | J67: =+H67+I67 -> 0 | K67: =+ROUND((H67*F67),0) -> 0 | L67: =+ROUND((I67*F67),0) -> 0 | M67: =+ROUND((K67+L67),0) -> 0 | O67: =+N67*F67 -> 0
B68: ='[7]Puerto Berrio'!B77 -> 9.4 | C68: ='[7]Puerto Berrio'!C77 -> Suministro e instalación de sifón (incluye rejilla). | D68: Und | E68: 1 | F68: 15889 | G68: =ROUND((E68*F68),0) -> 15889 | I68: =+'Ejecución de Obra'!BB789 -> 1 | J68: =+H68+I68 -> 1 | K68: =+ROUND((H68*F68),0) -> 0 | L68: =+ROUND((I68*F68),0) -> 15889 | M68: =+ROUND((K68+L68),0) -> 15889 | O68: =+N68*F68 -> 0
B69: ='[7]Puerto Berrio'!B78 -> 9.5 | C69: ='[7]Puerto Berrio'!C78 -> Suministro e instalación de registro de cierre metalico | D69: Und | E69: 1 | F69: 21339 | G69: =ROUND((E69*F69),0) -> 21339 | I69: =+'Ejecución de Obra'!BC789 -> 0 | J69: =+H69+I69 -> 0 | K69: =+ROUND((H69*F69),0) -> 0 | L69: =+ROUND((I69*F69),0) -> 0 | M69: =+ROUND((K69+L69),0) -> 0 | O69: =+N69*F69 -> 0
B70: ='[7]Puerto Berrio'!B79 -> 9.6 | C70: ='[7]Puerto Berrio'!C79 -> Cubierta en teja ondulada fibrocemento, incluye fijación | D70: M2 | E70: 1 | F70: 48398 | G70: =ROUND((E70*F70),0) -> 48398 | I70: =+'Ejecución de Obra'!BD789 -> 0 | J70: =+H70+I70 -> 0 | K70: =+ROUND((H70*F70),0) -> 0 | L70: =+ROUND((I70*F70),0) -> 0 | M70: =+ROUND((K70+L70),0) -> 0 | O70: =+N70*F70 -> 0
B71: ='[7]Puerto Berrio'!B80 -> 9.7 | C71: ='[7]Puerto Berrio'!C80 -> Flanche o solapa en lámina galvanizada cal. 26. | D71: ML | E71: 1 | F71: 18660 | G71: =ROUND((E71*F71),0) -> 18660 | I71: =+'Ejecución de Obra'!BE789 -> 0 | J71: =+H71+I71 -> 0 | K71: =+ROUND((H71*F71),0) -> 0 | L71: =+ROUND((I71*F71),0) -> 0 | M71: =+ROUND((K71+L71),0) -> 0 | O71: =+N71*F71 -> 0
B72: ='[7]Puerto Berrio'!B81 -> 9.8 | C72: ='[7]Puerto Berrio'!C81 -> Suministro e instalación de llave de jardín. | D72: Und | E72: 1 | F72: 13149 | G72: =ROUND((E72*F72),0) -> 13149 | I72: =+'Ejecución de Obra'!BF789 -> 0 | J72: =+H72+I72 -> 0 | K72: =+ROUND((H72*F72),0) -> 0 | L72: =+ROUND((I72*F72),0) -> 0 | M72: =+ROUND((K72+L72),0) -> 0 | O72: =+N72*F72 -> 0
B73: ='[7]Puerto Berrio'!B82 -> 9.9 | C73: ='[7]Puerto Berrio'!C82 -> Rotura y adecuación de caja de inpección domiciliaria en cemento para conexión de red intradomiciliaria. | D73: Und | E73: 1 | F73: 31154 | G73: =ROUND((E73*F73),0) -> 31154 | I73: =+'Ejecución de Obra'!BG789 -> 23 | J73: =+H73+I73 -> 23 | K73: =+ROUND((H73*F73),0) -> 0 | L73: =+ROUND((I73*F73),0) -> 716542 | M73: =+ROUND((K73+L73),0) -> 716542 | O73: =+N73*F73 -> 0
B74: ='[7]Puerto Berrio'!B83 -> 9.1 | C74: ='[7]Puerto Berrio'!C83 -> Rotura y adecuación de punto de desagüe batea en cemento para conexión de red sanitaria | D74: Und | E74: 1 | F74: 13411 | G74: =ROUND((E74*F74),0) -> 13411 | I74: =+'Ejecución de Obra'!BH789 -> 0 | J74: =+H74+I74 -> 0 | K74: =+ROUND((H74*F74),0) -> 0 | L74: =+ROUND((I74*F74),0) -> 0 | M74: =+ROUND((K74+L74),0) -> 0 | O74: =+N74*F74 -> 0
C75: ='[7]Puerto Berrio'!$B$84 -> ACABADOS | J75: =+H75+I75 -> 0 | K75: =+ROUND((H75*F75),0) -> 0 | L75: =+ROUND((I75*F75),0) -> 0 | M75: =+ROUND((K75+L75),0) -> 0 | O75: =+N75*F75 -> 0
B76: ='[7]Puerto Berrio'!B85 -> 10.1 | C76: ='[7]Puerto Berrio'!C85 -> Recuperación de piso en cerámica | D76: M2 | E76: 1 | F76: 35288 | G76: =ROUND((E76*F76),0) -> 35288 | I76: =+'Ejecución de Obra'!BJ789 -> 0 | J76: =+H76+I76 -> 0 | K76: =+ROUND((H76*F76),0) -> 0 | L76: =+ROUND((I76*F76),0) -> 0 | M76: =+ROUND((K76+L76),0) -> 0 | O76: =+N76*F76 -> 0
B77: ='[7]Puerto Berrio'!B86 -> 10.2 | C77: ='[7]Puerto Berrio'!C86 -> Recuperación de piso en concreto | D77: M2 | E77: 1 | F77: 21738 | G77: =ROUND((E77*F77),0) -> 21738 | I77: =+'Ejecución de Obra'!BK789 -> 54.34 | J77: =+H77+I77 -> 54.34 | K77: =+ROUND((H77*F77),0) -> 0 | L77: =+ROUND((I77*F77),0) -> 1181243 | M77: =+ROUND((K77+L77),0) -> 1181243 | O77: =+N77*F77 -> 0
B78: ='[7]Puerto Berrio'!B87 -> 10.3 | C78: ='[7]Puerto Berrio'!C87 -> Recuperación de piso esmaltado | D78: M2 | E78: 1 | F78: 16171 | G78: =ROUND((E78*F78),0) -> 16171 | I78: =+'Ejecución de Obra'!BL789 -> 14.32 | J78: =+H78+I78 -> 14.32 | K78: =+ROUND((H78*F78),0) -> 0 | L78: =+ROUND((I78*F78),0) -> 231569 | M78: =+ROUND((K78+L78),0) -> 231569 | O78: =+N78*F78 -> 0
B79: ='[7]Puerto Berrio'!B88 -> 10.4 | C79: ='[7]Puerto Berrio'!C88 -> Resane de regatas | D79: ML | E79: 1 | F79: 6048 | G79: =ROUND((E79*F79),0) -> 6048 | I79: =+'Ejecución de Obra'!BM789 -> 17.2 | J79: =+H79+I79 -> 17.2 | K79: =+ROUND((H79*F79),0) -> 0 | L79: =+ROUND((I79*F79),0) -> 104026 | M79: =+ROUND((K79+L79),0) -> 104026 | O79: =+N79*F79 -> 0
B80: ='[7]Puerto Berrio'!B89 -> 10.5 | C80: ='[7]Puerto Berrio'!C89 -> Enchape pared blanco (0.20 X 0.20) metros | D80: M2 | E80: 1 | F80: 33185 | G80: =ROUND((E80*F80),0) -> 33185 | I80: =+'Ejecución de Obra'!BN789 -> 29.72 | J80: =+H80+I80 -> 29.72 | K80: =+ROUND((H80*F80),0) -> 0 | L80: =+ROUND((I80*F80),0) -> 986258 | M80: =+ROUND((K80+L80),0) -> 986258 | O80: =+N80*F80 -> 0
B81: ='[7]Puerto Berrio'!B90 -> 10.6 | C81: ='[7]Puerto Berrio'!C90 -> Enchape piso blanco (0,20 x 0,20) metros | D81: M2 | E81: 1 | F81: 41718 | G81: =ROUND((E81*F81),0) -> 41718 | I81: =+'Ejecución de Obra'!BO789 -> 5.78 | J81: =+H81+I81 -> 5.78 | K81: =+ROUND((H81*F81),0) -> 0 | L81: =+ROUND((I81*F81),0) -> 241130 | M81: =+ROUND((K81+L81),0) -> 241130 | O81: =+N81*F81 -> 0
B82: ='[7]Puerto Berrio'!B91 -> 10.7 | C82: ='[7]Puerto Berrio'!C91 -> Carburo blanco con acronal para muro interior y exterior (3 manos) | D82: M2 | E82: 1 | F82: 5464 | G82: =ROUND((E82*F82),0) -> 5464 | I82: =+'Ejecución de Obra'!BP789 -> 130.58 | J82: =+H82+I82 -> 130.58 | K82: =+ROUND((H82*F82),0) -> 0 | L82: =+ROUND((I82*F82),0) -> 713489 | M82: =+ROUND((K82+L82),0) -> 713489 | O82: =+N82*F82 -> 0
B83: VALOR TOTAL COSTOS DIRECTOS | G83: =SUM(G16:G82) -> 17514883 | K83: =SUM(K16:K82) -> 0 | L83: =SUM(L16:L82) -> 229389755 | M83: =SUM(M16:M82) -> 229389755 | O83: =SUM(O16:O82) -> 0
B84: VALOR TOTAL COSTOS INDIRECTOS | G84: =SUM(G85:G88) -> 5217683 | K84: =SUM(K85:K88) -> 0 | L84: =SUM(L85:L88) -> 68335209 | M84: =SUM(M85:M88) -> 68335209 | O84: =SUM(O85:O88) -> 0
C85: ADMINISTRACIÓN | D85: 0.2522 | G85: =+ROUND(($G$83*D85),0) -> 4417253 | K85: =+ROUND(($K$83*D85),0) -> 0 | L85: =+ROUND(($L$83*D85),0) -> 57852096 | M85: =+ROUND(($M$83*D85),0) -> 57852096 | O85: =+$O$83*D85 -> 0
C86: IMPREVISTOS | D86: 0.01 | G86: =+ROUND(($G$83*D86),0) -> 175149 | K86: =+ROUND(($K$83*D86),0) -> 0 | L86: =+ROUND(($L$83*D86),0) -> 2293898 | M86: =+ROUND(($M$83*D86),0) -> 2293898 | O86: =+$O$83*D86 -> 0
C87: UTILIDAD | D87: 0.03 | G87: =+ROUND(($G$83*D87),0) -> 525446 | K87: =+ROUND(($K$83*D87),0) -> 0 | L87: =+ROUND(($L$83*D87),0) -> 6881693 | M87: =+ROUND(($M$83*D87),0) -> 6881693 | O87: =+$O$83*D87 -> 0
C88: IVA 19% SOBRE UTILIDAD | D88: 0.19 | G88: =+ROUND((G87*D88),0) -> 99835 | K88: =+ROUND((K87*D88),0) -> 0 | L88: =+ROUND((L87*D88),0) -> 1307522 | M88: =+ROUND((M87*D88),0) -> 1307522 | O88: =+O87*D88 -> 0
B89: VALOR TOTAL COSTOS DIRECTOS E INDIRECTOS- LICITACION | G89: =+G83+G84 -> 22732566 | K89: =+K83+K84 -> 0 | L89: =+L83+L84 -> 297724964 | M89: =+M83+M84 -> 297724964 | O89: =+O83+O84 -> 0
B90: VALOR TOTAL COSTOS DIRECTOS E INDIRECTOS MVCT PUERTO BERRIO - ANTIOQUIA | G90: =+D95 -> 1901554155 | K90: =+K89 -> 0 | L90: =+L89 -> 297724964 | M90: =+M89 -> 297724964 | O90: =+G90-M90 -> 1603829191
B92: BALANCE PRESUPUESTAL
C93: V/R INICIAL CONTRATO: | D93: 2034613871 | G93: V/R ANTICIPO: | I93: =+ROUND((I94*D95),0) -> 380310831
C94: APORTE MVCT - CONSULTORIA PUERTO BERRIO (CONVENIO 215041) | D94: =11662576+121397140 -> 133059716 | G94: % ANTICIPO : | I94: 0.2
C95: APORTE MVCT - EJECUCIÓN DE OBRA PUERTO BERRIO (CONVENIO 215041) | D95: 1901554155 | G95: % RETEGARANTIA :
C96: V/R ADICIONES: | D96: 0
C97: V/R ACTUAL CONTRATO: | D97: =+D94+D95+D96 -> 2034613871
B100: NO. | C100: DESCRIPCIÓN | D100: FECHA DE PAGO | E100: VALOR FACTURADO | F100: % PAGADO | G100: RETENCIÓN GARANTÍA | H100: AMORTIZACIÓN ANTICIPO | I100: SALDO POR AMORTIZAR | J100: VALOR NETO A PAGAR | K100: SALDO POR PAGAR | L100: % PAGADO ACUMULADO
B101: 1 | C101: ACTA DE RECIBO PARCIAL Y BALANCE PRESUPUESTAL DE OBRA No. 1 - PUERTO BERRIO | E101: =+ROUND((L90*0.9),0) -> 267952468 | F101: =+E101/$D$95 -> 0.14091235 | G101: 0 | H101: =+ROUND((L90*$I$94),0) -> 59544993 | I101: =+I93-H101 -> 320765838 | J101: =+E101-G101-H101 -> 208407475 | K101: =+D95-J101 -> 1693146680 | L101: =+F101 -> 0.14091235
B102: TOTAL | E102: =SUM(E101:E101) -> 267952468 | F102: =SUM(F101:F101) -> 0.14091235 | G102: =SUM(G101:G101) -> 0 | H102: =SUM(H101:H101) -> 59544993 | I102: =+I101 -> 320765838 | J102: =+J101 -> 208407475 | K102: =+K101 -> 1693146680 | L102: =+L101 -> 0.14091235
B104: (1) Descripción de la etapa o el período facturado: acta parcial de obra. Para el caso de consultorías: pago anticipado, etapa fase o producto
B105: FECHA DE ELABORACIÓN: NOVIEMBRE 30 DE 2018
B107: Elaboró | G107: Aprobó
B108: CONTRATISTA: | G108: INTERVENTOR:
B119: Firma: | G119: Firma:
...

Sheet ENCUESTAS
A1: POTENCIALES BENEFICIARIOS DEL PROGRAMA DE CONEXIONES INTRADOMICILIARIAS | DL1: TOPE INTRADOM | DM1: =8.23*737717*1.035-Tipologías!E6 -> 6099266.3 | DR1: TOPE DOM | DS1: =1.8*737717*1.035 -> 1374366.8
A3: IDENTIFICACIÓN ENCUESTA | H3: A. IDENTIFICACIÓN | AN3: B. PREGUNTAR | BI3: C. PREGUNTAR Y COMPROBAR | BN3: D. VERIFICACIÓN FINAL | CE3: D. VERIFICACIÓN FINAL | CY3: INTRADOMICILIARIA | DM3: DOMICILIARIA
H4: DIRECCION | V4: DATOS DEL JEFE DEL HOGAR | AG4: CÓNYUGE | AN4: 1 | AP4: 2 | AQ4: 3 | AR4: 4 | AS4: 5 | AT4: 6 | AV4: 7 | AX4: 8 | AY4: 9 | BB4: 10 | BH4: 11 | BI4: 12 | BJ4: 13 | BK4: 14 | BL4: 15 | BM4: 16 | BN4: 17 | BO4: 18 | BP4: 19 | BQ4: 20 | BR4: 21 | BS4: 22 | BT4: 23 | BY4: 24 | CD4: 25 | CE4: 26 | CF4: 27 | CG4: 28 | CH4: 29 | CI4: 30 | CJ4: 31 | CK4: 32 | CL4: 33 | CM4: 34 | CO4: 35 | CP4: 36 | CU4: 37 | CY4: Lavamanos | CZ4: Ducha | DA4: Inodoro | DB4: Lavaplatos | DC4: Lavadero | DD4: Tanque | DE4: Caja 40X40 | DF4: Unidad sanitaria | DG4: Adecuación | DH4: Intradom de acueducto | DI4: Intrad de alcantarillado | DM4: Acometida Acue | DN4: Acometida Alcant | DO4: Medidor | DP4: Caja 60X60
A5: FECHA DE LA VISITA | B5: DEPARTAMENTO | C5: MUNICIPIO | D5: COD. MUNICIPIO | E5: CÓDIGO - NOMBRE VERIFICADOR | F5: TEL. CELULAR VERIFICADOR | G5: FORMULARIO N°. | H5: BARRIO / VEREDA | I5: TIPO VIA | J5: VIA PRINCIPAL | K5: LETRA PRINCIPAL | L5: SUFIJO (BIS) | M5: LETRA SUFIJO | N5: CUADRANTE | O5: VIA GENERADORA (NÚMERO) | P5: LETRA GENERADORA | Q5: SUFIJO GENERADORA (BIS) | R5: NÚMERO PLACA | S5: CUADRANTE | T5: INTERIOR | U5: DIRECCIÓN CONCATENADA | V5: CELULAR | W5: PRIMER APELLIDO | X5: SEGUNDO APELLIDO | Y5: PRIMER NOMBRE | Z5: SEGUNDO NOMBRE | AA5: NOMBRE CONCATENADO | AB5: TIPO IDENTIFICACIÓN | AC5: N°. IDENTIFICACIÓN | AD5: SEXO | AE5: EDAD | AF5: ¿MADRE CABEZA DE HOGAR? | AG5: PRIMER APELLIDO | AH5: SEGUNDO APELLIDO | AI5: PRIMER NOMBRE | AJ5: SEGUNDO NOMBRE | AK5: NOMBRE CONCATENADO | AL5: TIPO ID. | AM5: N° ID. CONYUGE | AN5: ES FAMILIA RED UNIDOS | AO5: N° FOLIO | AP5: ¿FAMILIA DESPLAZADA? | AQ5: NÚMERO TOTAL DE MIEMBROS | AR5: ¿CUÁNTOS MENORES DE EDAD? | AS5: ¿CUÁNTOS MENORES DE 5 AÑOS? | AT5: LA VIVIENDA Y/O LOTE OCUPADO ES: | AU5: OTRO - ¿CUÁL? | AV5: DOC. QUE ACREDITA PROPIEDAD | AW5: OTRO - ¿CUÁL? | AX5: EL CONTRATO DE ARRIENDO ES: | AY5: DURACIÓN DE CONTRATO (AÑOS) | AZ5: DURACIÓN DE CONTRATO (MESES) | BA5: VALOR DEL CONTRATO EN $ | BB5: ACUEDUCTO | BC5: ¿CUÁNTO PAGA DE ACUEDUCTO? | BD5: ALCANTARILLADO | BE5: ¿CUÁNTO PAGA DE ALCANTARILLADO? | BF5: ASEO | BG5: ¿CUÁNTO PAGA DE ASEO? | BH5: ¿Con qué tipo de servicio sanitario cuenta el hogar? | BI5: ¿QUÉ MATERIAL PREDOMINA EN PAREDES EXTERIORES? | BJ5: ¿QUÉ MATERIAL PREDOMINA EN EL TECHO? | BK5: ¿QUÉ MATERIAL PREDOMINA EN LOS PISOS? | BL5: ¿LA VIVIENDA TIENE ESPACIO SEPARADO DE BAÑO? | BM5: ¿LA VIVIENDA TIENE PATIO O ESPACIO DESCUBIERTO? | BN5: ¿LA VIVIENDA CUENTA CON ACOMETIDA ACUEDUCTO? | BO5: ¿LA VIVIENDA CUENTA CON ACOMETIDA ALCANTARILLADO? | BP5: ¿LA VIVIENDA CUENTA CON MEDIDOR DE AGUA? | BQ5: ¿LA VIVIENDA CUENTA CON CAJA DE INSPECCIÓN? | BR5: ¿LA VIVIENDA CUENTA CON TUBERÍAS INTERNAS DE ACUEDUCTO? | BS5: ¿LA VIVIENDA CUENTA CON TUBERÍAS INTERNAS DE ALCANTARILLADO? | BT5: ¿LA VIVIENDA CUENTA CON INODORO? | BU5: ¿LA VIVIENDA CUENTA CON LAVAPLATOS? | BV5: ¿LA VIVIENDA CUENTA CON LAVAMANOS? | BW5: ¿LA VIVIENDA CUENTA CON LAVADERO? | BX5: ¿LA VIVIENDA CUENTA CON DUCHA? | BY5: ¿EL INODORO CUENTA CON ACUEDUCTO Y ALCANTARILLADO? | BZ5: ¿EL LAVAPLATOS CUENTA CON ACUEDUCTO Y ALCANTARILLADO? | CA5: ¿EL LAVAMANOS CUENTA CON ACUEDUCTO Y ALCANTARILLADO? | CB5: ¿EL LAVADERO CUENTA CON ACUEDUCTO Y ALCANTARILLADO? | CC5: ¿LA DUCHA CUENTA CON ACUEDUCTO Y ALCANTARILLADO? | CD5: ¿EL APARATO SANITARIO ES? | CE5: OBSERVACIONES | CF5: EN CASO DE NO CONTAR CON ACOMETIDA DE ACUEDUCTO, ¿CÓMO OBTIENE EL AGUA PARA SU CONSUMO? | CG5: EN CASO DE NO CONTAR CON ACOMETIDA DE ALCANTARILLADO, ¿CÓMO DISPONE DE LAS AGUAS RESIDUALES DE LAVAPLATOS? | CH5: EN CASO DE NO CONTAR CON ACOMETIDA DE ALCANTARILLADO, ¿CÓMO DISPONE DE LAS AGUAS RESIDUALES DE LAVADERO? | CI5: EN CASO DE NO CONTAR CON ACOMETIDA DE ALCANTARILLADO, ¿CÓMO DISPONE DE LAS AGUAS RESIDUALES DE DUCHA? | CJ5: EL SERVICIO DE AGUA PRESENTA LA SIGUIENTE PRESIÓN: | CK5: EL SERVICIO DE AGUA TIENE LA SIGUIENTE CONTINUIDAD: | CL5: ¿LAS ACOMETIDAS DE ACUEDUCTO Y ALCANTARILLADO FUERON CONSTRUIDAS POR LA EMPRESA QUE PRESTA EL SERVICIO? | CM5: ¿LAS TUBERÍAS DE LAS ACOMETIDAS DE ACUEDUCTO PRESENTAN FUGAS? | CN5: ¿LAS TUBERÍAS DE LAS ACOMETIDAS DE ALCANTARILLADO PRESENTAN FUGAS? | CO5: ¿LA TUBERÍA DE AGUA POTABLE INSTALADA AL INTERIOR DE LA VIVIENDA, PREDOMINA EN QUÉ MATERIAL? | CP5: ¿LOS APARATOS FUNCIONAN ADECUADAMENTE: INODORO? | CQ5: ¿LOS APARATOS FUNCIONAN ADECUADAMENTE: LAVAPLATOS? | CR5: ¿LOS APARATOS FUNCIONAN ADECUADAMENTE: LAVAMANOS? | CS5: ¿LOS APARATOS FUNCIONAN ADECUADAMENTE: LAVADERO? | CT5: ¿LOS APARATOS FUNCIONAN ADECUADAMENTE: DUCHA? | CU5: LOS ESPACIOS DONDE ESTÁN DISPUESTOS LOS APARATOS SE ENCUENTRAN EN: | CV5: CONCATENAR DIRECCIÓN | CW5: VERIFICAR DIRECCIÓN | CX5: ENCUESTA VÁLIDA | CY5: 1 | CZ5: 2 | DA5: 3 | DB5: 4 | DC5: 5 | DD5: 6 | DE5: 7 | DF5: 8 | DG5: 9 | DH5: 10 | DI5: 11 | DJ5: No. INTERVENCIONES | DK5: VALOR INTRADOMICILIARIA | DL5: VALOR INTRADOMICILIARIA AJUSTADO AL TOPE | DM5: 17 | DN5: 18 | DO5: 19 | DP5: 20 | DQ5: VALOR DOMICILIARIA | DR5: Intervención Domiciliaria? | DS5: VALOR DOMICILIARIA AJUSTADO AL TOPE | DT5: VALOR TOTAL DE LA INTERVENCIÓN | DU5: INTERVENCIÓN? | DV5: CÓDIGO INMUEBLE
A6: 42970 | B6: ANTIOQUIA | C6: Puerto Berrío | D6: 579 | E6: 1039704703 | F6: 3218398050 | G6: 1 | H6: OASIS | I6: PEATONAL | R6: 22058250 | U6: =CONCATENATE(I6," ",J6,K6," ",L6," ",M6,"# "," ",N6,O6," ",P6,"- ",Q6," ",R6," ",S6) -> PEATONAL # - 22058250 | W6: AULLON | X6: GOMEZ | Y6: DIANA | Z6: MARCELA | AA6: =+CONCATENATE(Y6," ",Z6," ",W6," ",X6) -> DIANA MARCELA AULLON GOMEZ | AB6: Cédula | AC6: 43655719 | AD6: F | AE6: 37 | AF6: NO | AG6: CALDERON | AH6: SANCHEZ | AI6: MIGUEL | AJ6: ANTONIO | AK6: =+CONCATENATE(AI6," ",AJ6," ",AG6," ",AH6) -> MIGUEL ANTONIO CALDERON SANCHEZ | AL6: Cédula | AM6: 71189649 | AN6: SI | AO6: 3165479 | AP6: SI | AQ6: 4 | AR6: 1 | AS6: 1 | AT6: PROPIA, TOTALMENTE PAGADA | AV6: CERTIFICADO DE COMPRAVENTA | BB6: SI | BC6: 7137 | BD6: SI | BE6: 4621 | BF6: SI | BG6: 8408 | BH6: INODORO CONECTADO A ALCANTARILLADO | BI6: MADERA BURDA, TABLA, TABLÓN | BJ6: TEJA DE BARRO, ZINC, ETERNIT (ASBESTO) | BK6: BALDOSA, VINILO, TABLETA O LADRILLO | BL6: SI | BM6: NO | BN6: SI | BO6: SI | BP6: SI | BQ6: SI | BR6: SI | BS6: SI | BT6: SI | BU6: SI | BV6: SI | BW6: SI | BX6: SI | BY6: SI | BZ6: SI | CA6: SI | CB6: SI | CC6: SI | CD6: INODORO CON TANQUE | CE6: EL BAÑO NO TIENE PUERTA LA VIVIENDA CUENTA CON TODO NO TIENE TELEFONO | CJ6: NORMAL - BUENA | CK6: TIENE AGUA LAS 24 HORAS | CL6: SI | CM6: NO | CN6: NO | CO6: PVC | CP6: SI | CQ6: SI | CR6: SI | CS6: SI | CT6: SI | CU6: OBRA BLANCA | CV6: =CONCATENATE(H6,I6,J6,K6,L6,M6,N6,O6,P6,Q6,R6,S6,T6) -> OASIS PEATONAL22058250 | CW6: =IF(CV6="","",IF(COUNTIF($CV$6:$CV$777,CV6)=1,"OK","¿REPETIDA?")) -> OK | CX6: =IF(COUNTBLANK(AC6)+COUNTBLANK(BH6)+COUNTBLANK(BN6:CD6)>11,"NO","SI") -> SI | CY6: =IF(CX6="NO","",IF(BV6="NO",$CY$5,IF(CA6="SI",IF(CR6="SI","",$CY$5),$CY$5))) | CZ6: =IF(CX6="NO","",IF(BX6="NO",$CZ$5,IF(CC6="SI",IF(CT6="SI","",$CZ$5),$CZ$5))) | DA6: =IF(CX6="NO","",IF(BT6="SI",IF(CD6="INODORO CON TANQUE",IF(BY6="SI",IF(CP6="SI","",$DA$5),$DA$5),$DA$5),$DA$5)) | DB6: =IF(CX6="NO","",IF(BU6="NO",$DB$5,IF(BZ6="SI",IF(CQ6="SI","",$DB$5),$DB$5))) | DC6: =IF(CX6="NO","",IF(BW6="NO",$DC$5,IF(CB6="SI",IF(CS6="SI","",$DC$5),$DC$5))) | DE6: =IF(DF6=8,$DE$5,IF(COUNT(CY6:DC6)<3,"",$DE$5)) | DF6: =IF(CX6="NO","",IF(COUNT(CY6:DA6)<1,"",IF(CU6="OBRA GRIS","",IF(CU6="OBRA BLANCA","",IF(CU6="OBRA NEGRA","",$DF$5))))) | DG6: =IF(DF6=8,"",IF(COUNT(CY6:DA6)<1,"",IF(CU6="OBRA GRIS",$DG$5,IF(CU6="OBRA NEGRA",$DG$5,"")))) | DH6: =IF(CX6="NO","",IF(BR6="SI","",$DH$5)) | DI6: =IF(CX6="NO","",IF(BS6="SI","",$DI$5)) | DJ6: =IF(CX6="NO","",COUNT(CY6:DC6)) -> 0 | DK6: =IF(CX6="NO",0,IF(CY6=1,Tipologías!$E$11,0)+IF(CZ6=2,Tipologías!$E$10,0)+IF(DA6=3,Tipologías!$E$9,0)+IF(DB6=4,Tipologías!$E$13,0)+IF(DC6=5,Tipologías!$E$12,0)+IF(DD6=6,Tipologías!$E$14,0)+IF(DE6=7,Tipologías!$E$20,0)+IF(DG6=9,Tipologías!$E$16,0)+IF(DF6=8,Tipologías!$E$23,0)+IF(DH6=10,Tipologías!$E$7,0)+IF(DI6=11,Tipologías!$E$8,0)) -> 0 | DL6: =IF(DK6>0,IF(DK6>$DM$1,$DM$1,DK6),0) -> 0 | DM6: =IF(DK6=0,"",IF(BN6="SI","",$DM$5)) | DN6: =IF(DK6=0,"",IF(BO6="SI","",$DN$5)) | DO6: =IF(DK6=0,"",IF(BP6="SI",0,$DO$5)) | DP6: =IF(DK6=0,"",IF(BQ6="SI","",$DP$5)) | DQ6: =IF(DM6=17,Tipologías!$E$18,0)+IF(ENCUESTAS!DN6=18,Tipologías!$E$17,0)+IF(ENCUESTAS!DO6=19,Tipologías!$E$19,0)+IF(ENCUESTAS!DP6=20,Tipologías!$E$21,0) -> 0 | DR6: =IF(DK6="0","NO",IF(SUM(DM6:DP6)<1,"NO","SI")) -> NO | DS6: =IF(DL6>0,IF(DR6="SI",IF(DQ6>$DS$1,$DS$1,DQ6),0),0) -> 0 | DT6: =IF(DL6=0,"",(DL6+DS6+Tipologías!$E$6+Tipologías!$H$2)) | DU6: =IF(CX6="NO","NO",IF(DK6>0,"SI","NO")) -> NO
A7: 42970 | B7: ANTIOQUIA | C7: Puerto Berrío | D7: 579 | E7: 1039704703 | F7: 3218398050 | G7: 2 | H7: OASIS | I7: PEATONAL | R7: 22055400 | U7: =CONCATENATE(I7," ",J7,K7," ",L7," ",M7,"# "," ",N7,O7," ",P7,"- ",Q7," ",R7," ",S7) -> PEATONAL # - 22055400 | V7: 3127179124 | W7: TILANO | X7: RAMIREZ | Y7: SHIRLEY | Z7: YADIRA | AA7: =+CONCATENATE(Y7," ",Z7," ",W7," ",X7) -> SHIRLEY YADIRA TILANO RAMIREZ | AB7: Cédula | AC7: 100714267 | AD7: F | AE7: 19 | AF7: NO | AG7: CAPERA | AH7: SEDEÑO | AI7: JOSE | AJ7: ROBINSON | AK7: =+CONCATENATE(AI7," ",AJ7," ",AG7," ",AH7) -> JOSE ROBINSON CAPERA SEDEÑO | AL7: Cédula | AM7: 1039687016 | AN7: SI | AO7: 3165104 | AP7: NO | AQ7: 3 | AR7: 1 | AS7: 1 | AT7: PROPIA, LA ESTÁN PAGANDO | AV7: ESCRITURA PÚBLICA | BB7: SI | BC7: 17666 | BD7: SI | BE7: 12614 | BF7: SI | BG7: 8150 | BH7: INODORO CONECTADO A ALCANTARILLADO | BI7: MADERA PULIDA | BJ7: TEJA DE BARRO, ZINC, ETERNIT (ASBESTO) | BK7: CEMENTO, GRAVILLA | BL7: SI | BM7: NO | BN7: SI | BO7: SI | BP7: SI | BQ7: SI | BR7: SI | BS7: SI | BT7: SI | BU7: NO | BV7: NO | BW7: SI | BX7: SI | BY7: SI | BZ7: NO | CA7: NO | CB7: SI | CC7: SI | CD7: INODORO CON TANQUE | CE7: EL BAÑO NO CUENTA CON PUERTA NO TIENE LAVAMANOS ,LAVAPLATOS | CJ7: NORMAL - BUENA | CK7: TIENE AGUA LAS 24 HORAS | CL7: SI | CM7: NO | CN7: NO | CO7: PVC | CP7: SI | CQ7: NO | CR7: NO | CS7: SI | CT7: SI | CU7: OBRA NEGRA | CV7: =CONCATENATE(H7,I7,J7,K7,L7,M7,N7,O7,P7,Q7,R7,S7,T7) -> OASIS PEATONAL22055400 | CW7: =IF(CV7="","",IF(COUNTIF($CV$6:$CV$777,CV7)=1,"OK","¿REPETIDA?")) -> OK | CX7: =IF(COUNTBLANK(AC7)+COUNTBLANK(BH7)+COUNTBLANK(BN7:CD7)>11,"NO","SI") -> SI | CY7: =IF(CX7="NO","",IF(BV7="NO",$CY$5,IF(CA7="SI",IF(CR7="SI","",$CY$5),$CY$5))) -> 1 | CZ7: =IF(CX7="NO","",IF(BX7="NO",$CZ$5,IF(CC7="SI",IF(CT7="SI","",$CZ$5),$CZ$5))) | DA7: =IF(CX7="NO","",IF(BT7="SI",IF(CD7="INODORO CON TANQUE",IF(BY7="SI",IF(CP7="SI","",$DA$5),$DA$5),$DA$5),$DA$5)) | DB7: =IF(CX7="NO","",IF(BU7="NO",$DB$5,IF(BZ7="SI",IF(CQ7="SI","",$DB$5),$DB$5))) -> 4 | DC7: =IF(CX7="NO","",IF(BW7="NO",$DC$5,IF(CB7="SI",IF(CS7="SI","",$DC$5),$DC$5))) | DE7: =IF(DF7=8,$DE$5,IF(COUNT(CY7:DC7)<3,"",$DE$5)) | DF7: =IF(CX7="NO","",IF(COUNT(CY7:DA7)<1,"",IF(CU7="OBRA GRIS","",IF(CU7="OBRA BLANCA","",IF(CU7="OBRA NEGRA","",$DF$5))))) | DG7: =IF(DF7=8,"",IF(COUNT(CY7:DA7)<1,"",IF(CU7="OBRA GRIS",$DG$5,IF(CU7="OBRA NEGRA",$DG$5,"")))) -> 9 | DH7: =IF(CX7="NO","",IF(BR7="SI","",$DH$5)) | DI7: =IF(CX7="NO","",IF(BS7="SI","",$DI$5)) | DJ7: =IF(CX7="NO","",COUNT(CY7:DC7)) -> 2 | DK7: =IF(CX7="NO",0,IF(CY7=1,Tipologías!$E$11,0)+IF(CZ7=2,Tipologías!$E$10,0)+IF(DA7=3,Tipologías!$E$9,0)+IF(DB7=4,Tipologías!$E$13,0)+IF(DC7=5,Tipologías!$E$12,0)+IF(DD7=6,Tipologías!$E$14,0)+IF(DE7=7,Tipologías!$E$20,0)+IF(DG7=9,Tipologías!$E$16,0)+IF(DF7=8,Tipologías!$E$23,0)+IF(DH7=10,Tipologías!$E$7,0)+IF(DI7=11,Tipologías!$E$8,0)) -> 2858472.6 | DL7: =IF(DK7>0,IF(DK7>$DM$1,$DM$1,DK7),0) -> 2858472.6 | DM7: =IF(DK7=0,"",IF(BN7="SI","",$DM$5)) | DN7: =IF(DK7=0,"",IF(BO7="SI","",$DN$5)) | DO7: =IF(DK7=0,"",IF(BP7="SI",0,$DO$5)) -> 0 | DP7: =IF(DK7=0,"",IF(BQ7="SI","",$DP$5)) | DQ7: =IF(DM7=17,Tipologías!$E$18,0)+IF(ENCUESTAS!DN7=18,Tipologías!$E$17,0)+IF(ENCUESTAS!DO7=19,Tipologías!$E$19,0)+IF(ENCUESTAS!DP7=20,Tipologías!$E$21,0) -> 0 | DR7: =IF(DK7="0","NO",IF(SUM(DM7:DP7)<1,"NO","SI")) -> NO | DS7: =IF(DL7>0,IF(DR7="SI",IF(DQ7>$DS$1,$DS$1,DQ7),0),0) -> 0 | DT7: =IF(DL7=0,"",(DL7+DS7+Tipologías!$E$6+Tipologías!$H$2)) -> 3055550 | DU7: =IF(CX7="NO","NO",IF(DK7>0,"SI","NO")) -> SI | DV7: OAS-001
A8: 42970 | B8: ANTIOQUIA | C8: Puerto Berrío | D8: 579 | E8: 1039704703 | F8: 3218398050 | G8: 3 | H8: OASIS | I8: PEATONAL | R8: 22055539 | U8: =CONCATENATE(I8," ",J8,K8," ",L8," ",M8,"# "," ",N8,O8," ",P8,"- ",Q8," ",R8," ",S8) -> PEATONAL # - 22055539 | V8: 3128759489 | W8: BUSTAMANTE | Y8: MARIA | Z8: ARACELY | AA8: =+CONCATENATE(Y8," ",Z8," ",W8," ",X8) -> MARIA ARACELY BUSTAMANTE | AB8: Cédula | AC8: 43478947 | AD8: F | AE8: 59 | AF8: NO | AG8: BARRERO | AH8: ORTUA | AI8: JOSE | AJ8: ANTONIO | AK8: =+CONCATENATE(AI8," ",AJ8," ",AG8," ",AH8) -> JOSE ANTONIO BARRERO ORTUA | AL8: Cédula | AM8: 11296179 | AN8: NO | AP8: NO | AQ8: 2 | AT8: PROPIA, TOTALMENTE PAGADA | AV8: OTRO | BB8: SI | BC8: 7968 | BD8: SI | BE8: 5252 | BF8: SI | BG8: 8450 | BH8: NO TIENE | BI8: MADERA PULIDA | BJ8: TEJA DE BARRO, ZINC, ETERNIT (ASBESTO) | BK8: CEMENTO, GRAVILLA | BL8: NO | BM8: NO | BN8: SI | BO8: SI | BP8: SI | BQ8: SI | BR8: SI | BS8: SI | BT8: NO | BU8: NO | BV8: NO | BW8: SI | BX8: NO | BY8: NO | BZ8: NO | CA8: NO | CB8: SI | CC8: NO | CD8: NO TIENE / TUBO A LA VISTA | CE8: NO TIENE INODORO, NO TIENE LAVAMANOS, NO TIENE LAVAPLATOS Y NO TIENE DUCHA | CJ8: NORMAL - BUENA | CK8: TIENE AGUA LAS 24 HORAS | CL8: SI | CM8: SI | CN8: SI | CO8: PVC | CP8: NO | CQ8: NO | CR8: NO | CS8: SI | CT8: NO | CU8: OBRA GRIS | CV8: =CONCATENATE(H8,I8,J8,K8,L8,M8,N8,O8,P8,Q8,R8,S8,T8) -> OASIS PEATONAL22055539 | CW8: =IF(CV8="","",IF(COUNTIF($CV$6:$CV$777,CV8)=1,"OK","¿REPETIDA?")) -> OK | CX8: =IF(COUNTBLANK(AC8)+COUNTBLANK(BH8)+COUNTBLANK(BN8:CD8)>11,"NO","SI") -> SI | CY8: =IF(CX8="NO","",IF(BV8="NO",$CY$5,IF(CA8="SI",IF(CR8="SI","",$CY$5),$CY$5))) -> 1 | CZ8: =IF(CX8="NO","",IF(BX8="NO",$CZ$5,IF(CC8="SI",IF(CT8="SI","",$CZ$5),$CZ$5))) -> 2 | DA8: =IF(CX8="NO","",IF(BT8="SI",IF(CD8="INODORO CON TANQUE",IF(BY8="SI",IF(CP8="SI","",$DA$5),$DA$5),$DA$5),$DA$5)) -> 3 | DB8: =IF(CX8="NO","",IF(BU8="NO",$DB$5,IF(BZ8="SI",IF(CQ8="SI","",$DB$5),$DB$5))) -> 4 | DC8: =IF(CX8="NO","",IF(BW8="NO",$DC$5,IF(CB8="SI",IF(CS8="SI","",$DC$5),$DC$5))) | DE8: =IF(DF8=8,$DE$5,IF(COUNT(CY8:DC8)<3,"",$DE$5)) -> 7 | DF8: =IF(CX8="NO","",IF(COUNT(CY8:DA8)<1,"",IF(CU8="OBRA GRIS","",IF(CU8="OBRA BLANCA","",IF(CU8="OBRA NEGRA","",$DF$5))))) | DG8: =IF(DF8=8,"",IF(COUNT(CY8:DA8)<1,"",IF(CU8="OBRA GRIS",$DG$5,IF(CU8="OBRA NEGRA",$DG$5,"")))) -> 9 | DH8: =IF(CX8="NO","",IF(BR8="SI","",$DH$5)) | DI8: =IF(CX8="NO","",IF(BS8="SI","",$DI$5)) | DJ8: =IF(CX8="NO","",COUNT(CY8:DC8)) -> 4 | DK8: =IF(CX8="NO",0,IF(CY8=1,Tipologías!$E$11,0)+IF(CZ8=2,Tipologías!$E$10,0)+IF(DA8=3,Tipologías!$E$9,0)+IF(DB8=4,Tipologías!$E$13,0)+IF(DC8=5,Tipologías!$E$12,0)+IF(DD8=6,Tipologías!$E$14,0)+IF(DE8=7,Tipologías!$E$20,0)+IF(DG8=9,Tipologías!$E$16,0)+IF(DF8=8,Tipologías!$E$23,0)+IF(DH8=10,Tipologías!$E$7,0)+IF(DI8=11,Tipologías!$E$8,0)) -> 3804744 | DL8: =IF(DK8>0,IF(DK8>$DM$1,$DM$1,DK8),0) -> 3804744 | DM8: =IF(DK8=0,"",IF(BN8="SI","",$DM$5)) | DN8: =IF(DK8=0,"",IF(BO8="SI","",$DN$5)) | DO8: =IF(DK8=0,"",IF(BP8="SI",0,$DO$5)) -> 0 | DP8: =IF(DK8=0,"",IF(BQ8="SI","",$DP$5)) | DQ8: =IF(DM8=17,Tipologías!$E$18,0)+IF(ENCUESTAS!DN8=18,Tipologías!$E$17,0)+IF(ENCUESTAS!DO8=19,Tipologías!$E$19,0)+IF(ENCUESTAS!DP8=20,Tipologías!$E$21,0) -> 0 | DR8: =IF(DK8="0","NO",IF(SUM(DM8:DP8)<1,"NO","SI")) -> NO | DS8: =IF(DL8>0,IF(DR8="SI",IF(DQ8>$DS$1,$DS$1,DQ8),0),0) -> 0 | DT8: =IF(DL8=0,"",(DL8+DS8+Tipologías!$E$6+Tipologías!$H$2)) -> 4001821.4 | DU8: =IF(CX8="NO","NO",IF(DK8>0,"SI","NO")) -> SI | DV8: OAS-002
A9: 42970 | B9: ANTIOQUIA | C9: Puerto Berrío | D9: 579 | E9: 1039704703 | F9: 3218398050 | G9: 4 | H9: OASIS | I9: PEATONAL | R9: 22059432 | U9: =CONCATENATE(I9," ",J9,K9," ",L9," ",M9,"# "," ",N9,O9," ",P9,"- ",Q9," ",R9," ",S9) -> PEATONAL # - 22059432 | V9: 3108428732 | W9: MAYA | X9: QUIROZ | Y9: SERAFIN | AA9: =+CONCATENATE(Y9," ",Z9," ",W9," ",X9) -> SERAFIN MAYA QUIROZ | AB9: Cédula | AC9: 71187659 | AD9: M | AE9: 47 | AF9: NO | AG9: MONTOYA | AI9: MADELEINE | AK9: =+CONCATENATE(AI9," ",AJ9," ",AG9," ",AH9) -> MADELEINE MONTOYA | AN9: NO | AP9: SI | AQ9: 5 | AR9: 2 | AS9: 1 | AT9: EN ARRIENDO O SUBARRIENDO | AX9: DE PALABRA | AZ9: 3 | BA9: 150000 | BB9: SI | BC9: 11256 | BD9: SI | BE9: 7826 | BF9: SI | BG9: 8109 | BH9: INODORO CONECTADO A ALCANTARILLADO | BI9: BLOQUE, LADRILLO, PIEDRA | BJ9: TEJA DE BARRO, ZINC, ETERNIT (ASBESTO) | BK9: CEMENTO, GRAVILLA | BL9: SI | BM9: NO | BN9: SI | BO9: SI | BP9: SI | BQ9: SI | BR9: SI | BS9: SI | BT9: SI | BU9: NO | BV9: SI | BW9: SI | BX9: SI | BY9: SI | BZ9: NO | CA9: SI | CB9: SI | CC9: SI | CD9: INODORO CON TANQUE | CE9: EL BAÑO NO TIENE PUERTA . EL SEÑOR NO PRESENTA EL DOCUMENTO DE SU ESPOSA | CJ9: INTERMITENTE | CK9: TIENE AGUA LAS 24 HORAS | CL9: SI | CM9: NO | CN9: NO | CO9: PVC | CP9: SI | CQ9: NO | CR9: SI | CS9: SI | CT9: SI | CU9: OBRA GRIS | CV9: =CONCATENATE(H9,I9,J9,K9,L9,M9,N9,O9,P9,Q9,R9,S9,T9) -> OASIS PEATONAL22059432 | CW9: =IF(CV9="","",IF(COUNTIF($CV$6:$CV$777,CV9)=1,"OK","¿REPETIDA?")) -> OK | CX9: =IF(COUNTBLANK(AC9)+COUNTBLANK(BH9)+COUNTBLANK(BN9:CD9)>11,"NO","SI") -> SI | CY9: =IF(CX9="NO","",IF(BV9="NO",$CY$5,IF(CA9="SI",IF(CR9="SI","",$CY$5),$CY$5))) | CZ9: =IF(CX9="NO","",IF(BX9="NO",$CZ$5,IF(CC9="SI",IF(CT9="SI","",$CZ$5),$CZ$5))) | DA9: =IF(CX9="NO","",IF(BT9="SI",IF(CD9="INODORO CON TANQUE",IF(BY9="SI",IF(CP9="SI","",$DA$5),$DA$5),$DA$5),$DA$5)) | DB9: =IF(CX9="NO","",IF(BU9="NO",$DB$5,IF(BZ9="SI",IF(CQ9="SI","",$DB$5),$DB$5))) -> 4 | DC9: =IF(CX9="NO","",IF(BW9="NO",$DC$5,IF(CB9="SI",IF(CS9="SI","",$DC$5),$DC$5))) | DE9: =IF(DF9=8,$DE$5,IF(COUNT(CY9:DC9)<3,"",$DE$5)) | DF9: =IF(CX9="NO","",IF(COUNT(CY9:DA9)<1,"",IF(CU9="OBRA GRIS","",IF(CU9="OBRA BLANCA","",IF(CU9="OBRA NEGRA","",$DF$5))))) | DG9: =IF(DF9=8,"",IF(COUNT(CY9:DA9)<1,"",IF(CU9="OBRA GRIS",$DG$5,IF(CU9="OBRA NEGRA",$DG$5,"")))) | DH9: =IF(CX9="NO","",IF(BR9="SI","",$DH$5)) | DI9: =IF(CX9="NO","",IF(BS9="SI","",$DI$5)) | DJ9: =IF(CX9="NO","",COUNT(CY9:DC9)) -> 1 | DK9: =IF(CX9="NO",0,IF(CY9=1,Tipologías!$E$11,0)+IF(CZ9=2,Tipologías!$E$10,0)+IF(DA9=3,Tipologías!$E$9,0)+IF(DB9=4,Tipologías!$E$13,0)+IF(DC9=5,Tipologías!$E$12,0)+IF(DD9=6,Tipologías!$E$14,0)+IF(DE9=7,Tipologías!$E$20,0)+IF(DG9=9,Tipologías!$E$16,0)+IF(DF9=8,Tipologías!$E$23,0)+IF(DH9=10,Tipologías!$E$7,0)+IF(DI9=11,Tipologías!$E$8,0)) -> 633254.08 | DL9: =IF(DK9>0,IF(DK9>$DM$1,$DM$1,DK9),0) -> 633254.08 | DM9: =IF(DK9=0,"",IF(BN9="SI","",$DM$5)) | DN9: =IF(DK9=0,"",IF(BO9="SI","",$DN$5)) | DO9: =IF(DK9=0,"",IF(BP9="SI",0,$DO$5)) -> 0 | DP9: =IF(DK9=0,"",IF(BQ9="SI","",$DP$5)) | DQ9: =IF(DM9=17,Tipologías!$E$18,0)+IF(ENCUESTAS!DN9=18,Tipologías!$E$17,0)+IF(ENCUESTAS!DO9=19,Tipologías!$E$19,0)+IF(ENCUESTAS!DP9=20,Tipologías!$E$21,0) -> 0 | DR9: =IF(DK9="0","NO",IF(SUM(DM9:DP9)<1,"NO","SI")) -> NO | DS9: =IF(DL9>0,IF(DR9="SI",IF(DQ9>$DS$1,$DS$1,DQ9),0),0) -> 0 | DT9: =IF(DL9=0,"",(DL9+DS9+Tipologías!$E$6+Tipologías!$H$2)) -> 830331.47 | DU9: =IF(CX9="NO","NO",IF(DK9>0,"SI","NO")) -> SI | DV9: OAS-003
A10: 42970 | B10: ANTIOQUIA | C10: Puerto Berrío | D10: 579 | E10: 1039704703 | F10: 3218398050 | G10: 5 | H10: OASIS | I10: PEATONAL | R10: 48786 | U10: =CONCATENATE(I10," ",J10,K10," ",L10," ",M10,"# "," ",N10,O10," ",P10,"- ",Q10," ",R10," ",S10) -> PEATONAL # - 48786 | W10: PALACIOS | X10: MOSQUERA | Y10: DOMINGA | AA10: =+CONCATENATE(Y10," ",Z10," ",W10," ",X10) -> DOMINGA PALACIOS MOSQUERA | AB10: Cédula | AC10: 43654055 | AD10: F | AE10: 43 | AF10: SI | AK10: =+CONCATENATE(AI10," ",AJ10," ",AG10," ",AH10) | AN10: NO | AP10: NO | AQ10: 4 | AT10: PROPIA, LA ESTÁN PAGANDO | BB10: SI | BC10: 8298 | BD10: SI | BE10: 4621 | BF10: SI | BG10: 8408 | BH10: INODORO CONECTADO A ALCANTARILLADO | BI10: BLOQUE, LADRILLO, PIEDRA | BJ10: TEJA DE BARRO, ZINC, ETERNIT (ASBESTO) | BK10: BALDOSA, VINILO, TABLETA O LADRILLO | BL10: SI | BM10: NO | BN10: SI | BO10: SI | BP10: SI | BQ10: SI | BR10: SI | BS10: SI | BT10: SI | BU10: SI | BV10: SI | BW10: NO | BX10: SI | BY10: SI | BZ10: SI | CA10: SI | CB10: NO | CC10: SI | CD10: INODORO CON TANQUE | CE10: NO TIENE PUERTA EL BAÑO | CJ10: NORMAL - BUENA | CK10: TIENE AGUA LAS 24 HORAS | CL10: SI | CM10: NO | CN10: NO | CO10: PVC | CP10: SI | CQ10: SI | CR10: SI | CS10: NO | CT10: SI | CU10: OBRA GRIS | CV10: =CONCATENATE(H10,I10,J10,K10,L10,M10,N10,O10,P10,Q10,R10,S10,T10) -> OASIS PEATONAL48786 | CW10: =IF(CV10="","",IF(COUNTIF($CV$6:$CV$777,CV10)=1,"OK","¿REPETIDA?")) -> OK | CX10: =IF(COUNTBLANK(AC10)+COUNTBLANK(BH10)+COUNTBLANK(BN10:CD10)>11,"NO","SI") -> SI | CY10: =IF(CX10="NO","",IF(BV10="NO",$CY$5,IF(CA10="SI",IF(CR10="SI","",$CY$5),$CY$5))) | CZ10: =IF(CX10="NO","",IF(BX10="NO",$CZ$5,IF(CC10="SI",IF(CT10="SI","",$CZ$5),$CZ$5))) | DA10: =IF(CX10="NO","",IF(BT10="SI",IF(CD10="INODORO CON TANQUE",IF(BY10="SI",IF(CP10="SI","",$DA$5),$DA$5),$DA$5),$DA$5)) | DB10: =IF(CX10="NO","",IF(BU10="NO",$DB$5,IF(BZ10="SI",IF(CQ10="SI","",$DB$5),$DB$5))) | DC10: =IF(CX10="NO","",IF(BW10="NO",$DC$5,IF(CB10="SI",IF(CS10="SI","",$DC$5),$DC$5))) -> 5 | DE10: =IF(DF10=8,$DE$5,IF(COUNT(CY10:DC10)<3,"",$DE$5)) | DF10: =IF(CX10="NO","",IF(COUNT(CY10:DA10)<1,"",IF(CU10="OBRA GRIS","",IF(CU10="OBRA BLANCA","",IF(CU10="OBRA NEGRA","",$DF$5))))) | DG10: =IF(DF10=8,"",IF(COUNT(CY10:DA10)<1,"",IF(CU10="OBRA GRIS",$DG$5,IF(CU10="OBRA NEGRA",$DG$5,"")))) | DH10: =IF(CX10="NO","",IF(BR10="SI","",$DH$5)) | DI10: =IF(CX10="NO","",IF(BS10="SI","",$DI$5)) | DJ10: =IF(CX10="NO","",COUNT(CY10:DC10)) -> 1 | DK10: =IF(CX10="NO",0,IF(CY10=1,Tipologías!$E$11,0)+IF(CZ10=2,Tipologías!$E$10,0)+IF(DA10=3,Tipologías!$E$9,0)+IF(DB10=4,Tipologías!$E$13,0)+IF(DC10=5,Tipologías!$E$12,0)+IF(DD10=6,Tipologías!$E$14,0)+IF(DE10=7,Tipologías!$E$20,0)+IF(DG10=9,Tipologías!$E$16,0)+IF(DF10=8,Tipologías!$E$23,0)+IF(DH10=10,Tipologías!$E$7,0)+IF(DI10=11,Tipologías!$E$8,0)) -> 547851.96 | DL10: =IF(DK10>0,IF(DK10>$DM$1,$DM$1,DK10),0) -> 547851.96 | DM10: =IF(DK10=0,"",IF(BN10="SI","",$DM$5)) | DN10: =IF(DK10=0,"",IF(BO10="SI","",$DN$5)) | DO10: =IF(DK10=0,"",IF(BP10="SI",0,$DO$5)) -> 0 | DP10: =IF(DK10=0,"",IF(BQ10="SI","",$DP$5)) | DQ10: =IF(DM10=17,Tipologías!$E$18,0)+IF(ENCUESTAS!DN10=18,Tipologías!$E$17,0)+IF(ENCUESTAS!DO10=19,Tipologías!$E$19,0)+IF(ENCUESTAS!DP10=20,Tipologías!$E$21,0) -> 0 | DR10: =IF(DK10="0","NO",IF(SUM(DM10:DP10)<1,"NO","SI")) -> NO | DS10: =IF(DL10>0,IF(DR10="SI",IF(DQ10>$DS$1,$DS$1,DQ10),0),0) -> 0 | DT10: =IF(DL10=0,"",(DL10+DS10+Tipologías!$E$6+Tipologías!$H$2)) -> 744929.36 | DU10: =IF(CX10="NO","NO",IF(DK10>0,"SI","NO")) -> SI | DV10: OAS-004
A11: 42970 | B11: ANTIOQUIA | C11: Puerto Berrío | D11: 579 | E11: 1039704703 | F11: 3218398050 | G11: 6 | H11: SAN MARTIN | I11: PEATONAL | R11: 220442300000 | U11: =CONCATENATE(I11," ",J11,K11," ",L11," ",M11,"# "," ",N11,O11," ",P11,"- ",Q11," ",R11," ",S11) -> PEATONAL # - 220442300000 | V11: 3164362440 | W11: DAZA | X11: OSPINA | Y11: GLORIA | Z11: MILENA | AA11: =+CONCATENATE(Y11," ",Z11," ",W11," ",X11) -> GLORIA MILENA DAZA OSPINA | AB11: Cédula | AC11: 43656179 | AD11: F | AE11: 34 | AF11: NO | AG11: RIOS | AH11: VARGAS | AI11: YIMY | AJ11: ANDRES | AK11: =+CONCATENATE(AI11," ",AJ11," ",AG11," ",AH11) -> YIMY ANDRES RIOS VARGAS | AN11: NO | AP11: NO | AQ11: 5 | AR11: 2 | AS11: 1 | AT11: EN ARRIENDO O SUBARRIENDO | AX11: DE PALABRA | AZ11: 6 | BA11: 200000 | BB11: SI | BC11: 158218 | BD11: SI | BE11: 10712 | BG11: 9513 | BH11: INODORO CONECTADO A ALCANTARILLADO | BI11: BLOQUE, LADRILLO, PIEDRA | BJ11: TEJA DE BARRO, ZINC, ETERNIT (ASBESTO) | BK11: CEMENTO, GRAVILLA | BL11: SI | BM11: NO | BN11: SI | BO11: SI | BP11: SI | BQ11: SI | BR11: SI | BS11: SI | BT11: SI | BU11: SI | BV11: SI | BW11: SI | BX11: SI | BY11: SI | BZ11: SI | CA11: SI | CB11: SI | CC11: SI | CD11: INODORO CON TANQUE | CE11: LA CASA SE ENCUENTRA EN BUEN ESTADO. NO SE SABE EL DOCUMENTO DEL ESPOSO | CJ11: NORMAL - BUENA | CK11: TIENE AGUA LAS 24 HORAS | CL11: SI | CM11: NO | CN11: NO | CO11: PVC | CP11: SI | CQ11: SI | CR11: SI | CS11: SI | CT11: SI | CU11: OBRA GRIS | CV11: =CONCATENATE(H11,I11,J11,K11,L11,M11,N11,O11,P11,Q11,R11,S11,T11) -> SAN MARTIN PEATONAL220442300000 | CW11: =IF(CV11="","",IF(COUNTIF($CV$6:$CV$777,CV11)=1,"OK","¿REPETIDA?")) -> OK | CX11: =IF(COUNTBLANK(AC11)+COUNTBLANK(BH11)+COUNTBLANK(BN11:CD11)>11,"NO","SI") -> SI | CY11: =IF(CX11="NO","",IF(BV11="NO",$CY$5,IF(CA11="SI",IF(CR11="SI","",$CY$5),$CY$5))) | CZ11: =IF(CX11="NO","",IF(BX11="NO",$CZ$5,IF(CC11="SI",IF(CT11="SI","",$CZ$5),$CZ$5))) | DA11: =IF(CX11="NO","",IF(BT11="SI",IF(CD11="INODORO CON TANQUE",IF(BY11="SI",IF(CP11="SI","",$DA$5),$DA$5),$DA$5),$DA$5)) | DB11: =IF(CX11="NO","",IF(BU11="NO",$DB$5,IF(BZ11="SI",IF(CQ11="SI","",$DB$5),$DB$5))) | DC11: =IF(CX11="NO","",IF(BW11="NO",$DC$5,IF(CB11="SI",IF(CS11="SI","",$DC$5),$DC$5))) | DE11: =IF(DF11=8,$DE$5,IF(COUNT(CY11:DC11)<3,"",$DE$5)) | DF11: =IF(CX11="NO","",IF(COUNT(CY11:DA11)<1,"",IF(CU11="OBRA GRIS","",IF(CU11="OBRA BLANCA","",IF(CU11="OBRA NEGRA","",$DF$5))))) | DG11: =IF(DF11=8,"",IF(COUNT(CY11:DA11)<1,"",IF(CU11="OBRA GRIS",$DG$5,IF(CU11="OBRA NEGRA",$DG$5,"")))) | DH11: =IF(CX11="NO","",IF(BR11="SI","",$DH$5)) | DI11: =IF(CX11="NO","",IF(BS11="SI","",$DI$5)) | DJ11: =IF(CX11="NO","",COUNT(CY11:DC11)) -> 0 | DK11: =IF(CX11="NO",0,IF(CY11=1,Tipologías!$E$11,0)+IF(CZ11=2,Tipologías!$E$10,0)+IF(DA11=3,Tipologías!$E$9,0)+IF(DB11=4,Tipologías!$E$13,0)+IF(DC11=5,Tipologías!$E$12,0)+IF(DD11=6,Tipologías!$E$14,0)+IF(DE11=7,Tipologías!$E$20,0)+IF(DG11=9,Tipologías!$E$16,0)+IF(DF11=8,Tipologías!$E$23,0)+IF(DH11=10,Tipologías!$E$7,0)+IF(DI11=11,Tipologías!$E$8,0)) -> 0 | DL11: =IF(DK11>0,IF(DK11>$DM$1,$DM$1,DK11),0) -> 0 | DM11: =IF(DK11=0,"",IF(BN11="SI","",$DM$5)) | DN11: =IF(DK11=0,"",IF(BO11="SI","",$DN$5)) | DO11: =IF(DK11=0,"",IF(BP11="SI",0,$DO$5)) | DP11: =IF(DK11=0,"",IF(BQ11="SI","",$DP$5)) | DQ11: =IF(DM11=17,Tipologías!$E$18,0)+IF(ENCUESTAS!DN11=18,Tipologías!$E$17,0)+IF(ENCUESTAS!DO11=19,Tipologías!$E$19,0)+IF(ENCUESTAS!DP11=20,Tipologías!$E$21,0) -> 0 | DR11: =IF(DK11="0","NO",IF(SUM(DM11:DP11)<1,"NO","SI")) -> NO | DS11: =IF(DL11>0,IF(DR11="SI",IF(DQ11>$DS$1,$DS$1,DQ11),0),0) -> 0 | DT11: =IF(DL11=0,"",(DL11+DS11+Tipologías!$E$6+Tipologías!$H$2)) | DU11: =IF(CX11="NO","NO",IF(DK11>0,"SI","NO")) -> NO
A12: 42970 | B12: ANTIOQUIA | C12: Puerto Berrío | D12: 579 | E12: 1039704703 | F12: 3218398050 | G12: 7 | H12: NUEVO MILENIO | I12: PEATONAL | R12: 220548690154 | U12: =CONCATENATE(I12," ",J12,K12," ",L12," ",M12,"# "," ",N12,O12," ",P12,"- ",Q12," ",R12," ",S12) -> PEATONAL # - 220548690154 | W12: SUAREZ | X12: ARAQUE | Y12: FRAN | Z12: DE JESUS | AA12: =+CONCATENATE(Y12," ",Z12," ",W12," ",X12) -> FRAN DE JESUS SUAREZ ARAQUE | AB12: Cédula | AC12: 3550420 | AD12: M | AE12: 73 | AF12: SI | AK12: =+CONCATENATE(AI12," ",AJ12," ",AG12," ",AH12) | AN12: NO | AP12: NO | AQ12: 1 | AT12: PROPIA, TOTALMENTE PAGADA | AV12: OTRO | BB12: SI | BC12: 4077 | BD12: SI | BE12: 2271 | BF12: SI | BG12: 8324 | BH12: INODORO CONECTADO A ALCANTARILLADO | BI12: BLOQUE, LADRILLO, PIEDRA | BJ12: TEJA DE BARRO, ZINC, ETERNIT (ASBESTO) | BK12: CEMENTO, GRAVILLA | BL12: SI | BM12: NO | BN12: SI | BO12: SI | BP12: SI | BQ12: SI | BR12: SI | BS12: SI | BT12: SI | BU12: NO | BV12: NO | BW12: SI | BX12: SI | BY12: SI | BZ12: NO | CA12: NO | CB12: SI | CC12: SI | CD12: INODORO CON TANQUE | CE12: LA VIVIENDA NO CUENTA CON: TAPA DEL TANQUE DEL BAÑO,LAVAPLATOS,LAVAMANOS Y NO TIENE CELULAR | CJ12: NORMAL - BUENA | CK12: TIENE AGUA LAS 24 HORAS | CL12: SI | CM12: NO | CN12: NO | CO12: PVC | CP12: SI | CQ12: NO | CR12: NO | CS12: SI | CT12: SI | CU12: OBRA GRIS | CV12: =CONCATENATE(H12,I12,J12,K12,L12,M12,N12,O12,P12,Q12,R12,S12,T12) -> NUEVO MILENIOPEATONAL220548690154 | CW12: =IF(CV12="","",IF(COUNTIF($CV$6:$CV$777,CV12)=1,"OK","¿REPETIDA?")) -> OK | CX12: =IF(COUNTBLANK(AC12)+COUNTBLANK(BH12)+COUNTBLANK(BN12:CD12)>11,"NO","SI") -> SI | CY12: =IF(CX12="NO","",IF(BV12="NO",$CY$5,IF(CA12="SI",IF(CR12="SI","",$CY$5),$CY$5))) -> 1 | CZ12: =IF(CX12="NO","",IF(BX12="NO",$CZ$5,IF(CC12="SI",IF(CT12="SI","",$CZ$5),$CZ$5))) | DA12: =IF(CX12="NO","",IF(BT12="SI",IF(CD12="INODORO CON TANQUE",IF(BY12="SI",IF(CP12="SI","",$DA$5),$DA$5),$DA$5),$DA$5)) | DB12: =IF(CX12="NO","",IF(BU12="NO",$DB$5,IF(BZ12="SI",IF(CQ12="SI","",$DB$5),$DB$5))) -> 4 | DC12: =IF(CX12="NO","",IF(BW12="NO",$DC$5,IF(CB12="SI",IF(CS12="SI","",$DC$5),$DC$5))) | DE12: =IF(DF12=8,$DE$5,IF(COUNT(CY12:DC12)<3,"",$DE$5)) | DF12: =IF(CX12="NO","",IF(COUNT(CY12:DA12)<1,"",IF(CU12="OBRA GRIS","",IF(CU12="OBRA BLANCA","",IF(CU12="OBRA NEGRA","",$DF$5))))) | DG12: =IF(DF12=8,"",IF(COUNT(CY12:DA12)<1,"",IF(CU12="OBRA GRIS",$DG$5,IF(CU12="OBRA NEGRA",$DG$5,"")))) -> 9 | DH12: =IF(CX12="NO","",IF(BR12="SI","",$DH$5)) | DI12: =IF(CX12="NO","",IF(BS12="SI","",$DI$5)) | DJ12: =IF(CX12="NO","",COUNT(CY12:DC12)) -> 2 | DK12: =IF(CX12="NO",0,IF(CY12=1,Tipologías!$E$11,0)+IF(CZ12=2,Tipologías!$E$10,0)+IF(DA12=3,Tipologías!$E$9,0)+IF(DB12=4,Tipologías!$E$13,0)+IF(DC12=5,Tipologías!$E$12,0)+IF(DD12=6,Tipologías!$E$14,0)+IF(DE12=7,Tipologías!$E$20,0)+IF(DG12=9,Tipologías!$E$16,0)+IF(DF12=8,Tipologías!$E$23,0)+IF(DH12=10,Tipologías!$E$7,0)+IF(DI12=11,Tipologías!$E$8,0)) -> 2858472.6 | DL12: =IF(DK12>0,IF(DK12>$DM$1,$DM$1,DK12),0) -> 2858472.6 | DM12: =IF(DK12=0,"",IF(BN12="SI","",$DM$5)) | DN12: =IF(DK12=0,"",IF(BO12="SI","",$DN$5)) | DO12: =IF(DK12=0,"",IF(BP12="SI",0,$DO$5)) -> 0 | DP12: =IF(DK12=0,"",IF(BQ12="SI","",$DP$5)) | DQ12: =IF(DM12=17,Tipologías!$E$18,0)+IF(ENCUESTAS!DN12=18,Tipologías!$E$17,0)+IF(ENCUESTAS!DO12=19,Tipologías!$E$19,0)+IF(ENCUESTAS!DP12=20,Tipologías!$E$21,0) -> 0 | DR12: =IF(DK12="0","NO",IF(SUM(DM12:DP12)<1,"NO","SI")) -> NO | DS12: =IF(DL12>0,IF(DR12="SI",IF(DQ12>$DS$1,$DS$1,DQ12),0),0) -> 0 | DT12: =IF(DL12=0,"",(DL12+DS12+Tipologías!$E$6+Tipologías!$H$2)) -> 3055550 | DU12: =IF(CX12="NO","NO",IF(DK12>0,"SI","NO")) -> SI | DV12: MIL-001
A13: 42970 | B13: ANTIOQUIA | C13: Puerto Berrío | D13: 579 | E13: 1039704703 | F13: 3218398050 | G13: 8 | H13: NUEVO HORIZONTE | I13: PEATONAL | R13: 220141260016 | U13: =CONCATENATE(I13," ",J13,K13," ",L13," ",M13,"# "," ",N13,O13," ",P13,"- ",Q13," ",R13," ",S13) -> PEATONAL # - 220141260016 | V13: 3182190043 | W13: CARDONA | X13: GONZALES | Y13: GLORIA | Z13: ELENA | AA13: =+CONCATENATE(Y13," ",Z13," ",W13," ",X13) -> GLORIA ELENA CARDONA GONZALES | AB13: Cédula | AC13: 24651535 | AD13: F | AE13: 32 | AF13: SI | AK13: =+CONCATENATE(AI13," ",AJ13," ",AG13," ",AH13) | AN13: SI | AP13: SI | AQ13: 2 | AR13: 1 | AT13: PROPIA, TOTALMENTE PAGADA | AV13: CERTIFICADO DE COMPRAVENTA | BB13: SI | BC13: 13178 | BD13: SI | BF13: SI | BG13: 8408 | BH13: INODORO CONECTADO A ALCANTARILLADO | BI13: MADERA BURDA, TABLA, TABLÓN | BJ13: TEJA DE BARRO, ZINC, ETERNIT (ASBESTO) | BK13: TIERRA, ARENA | BL13: SI | BM13: NO | BN13: SI | BO13: SI | BP13: SI | BQ13: SI | BR13: SI | BS13: SI | BT13: SI | BU13: NO | BV13: NO | BW13: SI | BX13: NO | BY13: SI | BZ13: NO | CA13: NO | CB13: SI | CC13: NO | CD13: INODORO CON TANQUE | CE13: LA SEÑORA NO ENCUENTRA LA CARPETA DEL FOLIO. EL BAÑO NO TIENE PUERTA, NO LE COBRAN ALCANTARILLADO | CJ13: NORMAL - BUENA | CK13: TIENE AGUA LAS 24 HORAS | CL13: SI | CM13: NO | CN13: SI | CO13: PVC | CP13: SI | CQ13: NO | CR13: NO | CS13: SI | CT13: NO | CU13: OBRA GRIS | CV13: =CONCATENATE(H13,I13,J13,K13,L13,M13,N13,O13,P13,Q13,R13,S13,T13) -> NUEVO HORIZONTE PEATONAL220141260016 | CW13: =IF(CV13="","",IF(COUNTIF($CV$6:$CV$777,CV13)=1,"OK","¿REPETIDA?")) -> ¿REPETIDA? | CX13: =IF(COUNTBLANK(AC13)+COUNTBLANK(BH13)+COUNTBLANK(BN13:CD13)>11,"NO","SI") -> SI | CY13: =IF(CX13="NO","",IF(BV13="NO",$CY$5,IF(CA13="SI",IF(CR13="SI","",$CY$5),$CY$5))) -> 1 | CZ13: =IF(CX13="NO","",IF(BX13="NO",$CZ$5,IF(CC13="SI",IF(CT13="SI","",$CZ$5),$CZ$5))) -> 2 | DA13: =IF(CX13="NO","",IF(BT13="SI",IF(CD13="INODORO CON TANQUE",IF(BY13="SI",IF(CP13="SI","",$DA$5),$DA$5),$DA$5),$DA$5)) | DB13: =IF(CX13="NO","",IF(BU13="NO",$DB$5,IF(BZ13="SI",IF(CQ13="SI","",$DB$5),$DB$5))) -> 4 | DC13: =IF(CX13="NO","",IF(BW13="NO",$DC$5,IF(CB13="SI",IF(CS13="SI","",$DC$5),$DC$5))) | DE13: =IF(DF13=8,$DE$5,IF(COUNT(CY13:DC13)<3,"",$DE$5)) -> 7 | DF13: =IF(CX13="NO","",IF(COUNT(CY13:DA13)<1,"",IF(CU13="OBRA GRIS","",IF(CU13="OBRA BLANCA","",IF(CU13="OBRA NEGRA","",$DF$5))))) | DG13: =IF(DF13=8,"",IF(COUNT(CY13:DA13)<1,"",IF(CU13="OBRA GRIS",$DG$5,IF(CU13="OBRA NEGRA",$DG$5,"")))) -> 9 | DH13: =IF(CX13="NO","",IF(BR13="SI","",$DH$5)) | DI13: =IF(CX13="NO","",IF(BS13="SI","",$DI$5)) | DJ13: =IF(CX13="NO","",COUNT(CY13:DC13)) -> 3 | DK13: =IF(CX13="NO",0,IF(CY13=1,Tipologías!$E$11,0)+IF(CZ13=2,Tipologías!$E$10,0)+IF(DA13=3,Tipologías!$E$9,0)+IF(DB13=4,Tipologías!$E$13,0)+IF(DC13=5,Tipologías!$E$12,0)+IF(DD13=6,Tipologías!$E$14,0)+IF(DE13=7,Tipologías!$E$20,0)+IF(DG13=9,Tipologías!$E$16,0)+IF(DF13=8,Tipologías!$E$23,0)+IF(DH13=10,Tipologías!$E$7,0)+IF(DI13=11,Tipologías!$E$8,0)) -> 3421350 | DL13: =IF(DK13>0,IF(DK13>$DM$1,$DM$1,DK13),0) -> 3421350 | DM13: =IF(DK13=0,"",IF(BN13="SI","",$DM$5)) | DN13: =IF(DK13=0,"",IF(BO13="SI","",$DN$5)) | DO13: =IF(DK13=0,"",IF(BP13="SI",0,$DO$5)) -> 0 | DP13: =IF(DK13=0,"",IF(BQ13="SI","",$DP$5)) | DQ13: =IF(DM13=17,Tipologías!$E$18,0)+IF(ENCUESTAS!DN13=18,Tipologías!$E$17,0)+IF(ENCUESTAS!DO13=19,Tipologías!$E$19,0)+IF(ENCUESTAS!DP13=20,Tipologías!$E$21,0) -> 0 | DR13: =IF(DK13="0","NO",IF(SUM(DM13:DP13)<1,"NO","SI")) -> NO | DS13: =IF(DL13>0,IF(DR13="SI",IF(DQ13>$DS$1,$DS$1,DQ13),0),0) -> 0 | DT13: =IF(DL13=0,"",(DL13+DS13+Tipologías!$E$6+Tipologías!$H$2)) -> 3618427.4 | DU13: =IF(CX13="NO","NO",IF(DK13>0,"SI","NO")) -> SI | DV13: HOR-001
A14: 42970 | B14: ANTIOQUIA | C14: Puerto Berrío | D14: 579 | E14: 1039704703 | F14: 3218398050 | G14: 9 | H14: NUEVO HORIZONTE | I14: PEATONAL | R14: 220141280004 | U14: =CONCATENATE(I14," ",J14,K14," ",L14," ",M14,"# "," ",N14,O14," ",P14,"- ",Q14," ",R14," ",S14) -> PEATONAL # - 220141280004 | V14: 3212306920 | W14: FLORES | X14: ORTIZ | Y14: MARIA | Z14: HERMINIA | AA14: =+CONCATENATE(Y14," ",Z14," ",W14," ",X14) -> MARIA HERMINIA FLORES ORTIZ | AB14: Cédula | AC14: 25140851 | AD14: F | AF14: SI | AK14: =+CONCATENATE(AI14," ",AJ14," ",AG14," ",AH14) | AN14: NO | AP14: NO | AQ14: 5 | AR14: 3 | AS14: 1 | AT14: PROPIA, TOTALMENTE PAGADA | AV14: ESCRITURA PÚBLICA | BB14: SI | BC14: 7814 | BD14: SI | BF14: SI | BG14: 8324 | BH14: INODORO CONECTADO A ALCANTARILLADO | BI14: MADERA PULIDA | BJ14: TEJA DE BARRO, ZINC, ETERNIT (ASBESTO) | BK14: CEMENTO, GRAVILLA | BL14: SI | BM14: NO | BN14: SI | BO14: SI | BP14: SI | BQ14: SI | BR14: SI | BS14: SI | BT14: SI | BU14: SI | BV14: SI | BW14: SI | BX14: SI | BY14: SI | BZ14: SI | CA14: SI | CB14: SI | CC14: SI | CD14: INODORO CON TANQUE | CE14: LA CASA SE ENCUENTRA EN BUEN ESTADO. NO PAGA ALCANTARILLADO | CJ14: NORMAL - BUENA | CK14: TIENE AGUA LAS 24 HORAS | CL14: SI | CM14: NO | CN14: NO | CO14: PVC | CP14: SI | CQ14: SI | CR14: SI | CS14: SI | CT14: SI | CU14: OBRA GRIS | CV14: =CONCATENATE(H14,I14,J14,K14,L14,M14,N14,O14,P14,Q14,R14,S14,T14) -> NUEVO HORIZONTE PEATONAL220141280004 | CW14: =IF(CV14="","",IF(COUNTIF($CV$6:$CV$777,CV14)=1,"OK","¿REPETIDA?")) -> OK | CX14: =IF(COUNTBLANK(AC14)+COUNTBLANK(BH14)+COUNTBLANK(BN14:CD14)>11,"NO","SI") -> SI | CY14: =IF(CX14="NO","",IF(BV14="NO",$CY$5,IF(CA14="SI",IF(CR14="SI","",$CY$5),$CY$5))) | CZ14: =IF(CX14="NO","",IF(BX14="NO",$CZ$5,IF(CC14="SI",IF(CT14="SI","",$CZ$5),$CZ$5))) | DA14: =IF(CX14="NO","",IF(BT14="SI",IF(CD14="INODORO CON TANQUE",IF(BY14="SI",IF(CP14="SI","",$DA$5),$DA$5),$DA$5),$DA$5)) | DB14: =IF(CX14="NO","",IF(BU14="NO",$DB$5,IF(BZ14="SI",IF(CQ14="SI","",$DB$5),$DB$5))) | DC14: =IF(CX14="NO","",IF(BW14="NO",$DC$5,IF(CB14="SI",IF(CS14="SI","",$DC$5),$DC$5))) | DE14: =IF(DF14=8,$DE$5,IF(COUNT(CY14:DC14)<3,"",$DE$5)) | DF14: =IF(CX14="NO","",IF(COUNT(CY14:DA14)<1,"",IF(CU14="OBRA GRIS","",IF(CU14="OBRA BLANCA","",IF(CU14="OBRA NEGRA","",$DF$5))))) | DG14: =IF(DF14=8,"",IF(COUNT(CY14:DA14)<1,"",IF(CU14="OBRA GRIS",$DG$5,IF(CU14="OBRA NEGRA",$DG$5,"")))) | DH14: =IF(CX14="NO","",IF(BR14="SI","",$DH$5)) | DI14: =IF(CX14="NO","",IF(BS14="SI","",$DI$5)) | DJ14: =IF(CX14="NO","",COUNT(CY14:DC14)) -> 0 | DK14: =IF(CX14="NO",0,IF(CY14=1,Tipologías!$E$11,0)+IF(CZ14=2,Tipologías!$E$10,0)+IF(DA14=3,Tipologías!$E$9,0)+IF(DB14=4,Tipologías!$E$13,0)+IF(DC14=5,Tipologías!$E$12,0)+IF(DD14=6,Tipologías!$E$14,0)+IF(DE14=7,Tipologías!$E$20,0)+IF(DG14=9,Tipologías!$E$16,0)+IF(DF14=8,Tipologías!$E$23,0)+IF(DH14=10,Tipologías!$E$7,0)+IF(DI14=11,Tipologías!$E$8,0)) -> 0 | DL14: =IF(DK14>0,IF(DK14>$DM$1,$DM$1,DK14),0) -> 0 | DM14: =IF(DK14=0,"",IF(BN14="SI","",$DM$5)) | DN14: =IF(DK14=0,"",IF(BO14="SI","",$DN$5)) | DO14: =IF(DK14=0,"",IF(BP14="SI",0,$DO$5)) | DP14: =IF(DK14=0,"",IF(BQ14="SI","",$DP$5)) | DQ14: =IF(DM14=17,Tipologías!$E$18,0)+IF(ENCUESTAS!DN14=18,Tipologías!$E$17,0)+IF(ENCUESTAS!DO14=19,Tipologías!$E$19,0)+IF(ENCUESTAS!DP14=20,Tipologías!$E$21,0) -> 0 | DR14: =IF(DK14="0","NO",IF(SUM(DM14:DP14)<1,"NO","SI")) -> NO | DS14: =IF(DL14>0,IF(DR14="SI",IF(DQ14>$DS$1,$DS$1,DQ14),0),0) -> 0 | DT14: =IF(DL14=0,"",(DL14+DS14+Tipologías!$E$6+Tipologías!$H$2)) | DU14: =IF(CX14="NO","NO",IF(DK14>0,"SI","NO")) -> NO
A15: 42970 | B15: ANTIOQUIA | C15: Puerto Berrío | D15: 579 | E15: 1039704703 | F15: 3218398050 | G15: 10 | H15: NUEVO HORIZONTE | I15: PEATONAL | R15: 2204112700 | U15: =CONCATENATE(I15," ",J15,K15," ",L15," ",M15,"# "," ",N15,O15," ",P15,"- ",Q15," ",R15," ",S15) -> PEATONAL # - 2204112700 | V15: 3136086711 | W15: LOPEZ | X15: JARAMILLO | Y15: QUENELMA | Z15: VIVIANA | AA15: =+CONCATENATE(Y15," ",Z15," ",W15," ",X15) -> QUENELMA VIVIANA LOPEZ JARAMILLO | AB15: Cédula | AC15: 43806839 | AD15: F | AE15: 45 | AF15: NO | AG15: MONSALVE | AH15: HENAO | AI15: JORGE | AJ15: ELIECER | AK15: =+CONCATENATE(AI15," ",AJ15," ",AG15," ",AH15) -> JORGE ELIECER MONSALVE HENAO | AL15: Cédula | AM15: 71186131 | AN15: SI | AO15: 1683956 | AP15: NO | AQ15: 4 | AR15: 1 | AT15: PROPIA, TOTALMENTE PAGADA | AV15: ESCRITURA PÚBLICA | BB15: SI | BC15: 20594 | BD15: SI | BF15: SI | BG15: 8366 | BH15: INODORO CONECTADO A ALCANTARILLADO | BI15: MADERA PULIDA | BJ15: TEJA DE BARRO, ZINC, ETERNIT (ASBESTO) | BK15: CEMENTO, GRAVILLA | BL15: SI | BM15: NO | BN15: SI | BO15: SI | BP15: SI | BQ15: SI | BR15: SI | BS15: SI | BT15: SI | BU15: NO | BV15: NO | BW15: SI | BX15: SI | BY15: SI | BZ15: NO | CA15: NO | CB15: SI | CC15: SI | CD15: INODORO CON TANQUE | CE15: LA CASA NO CUENTA CON LAVAMANOS, LAVAPLATOS | CJ15: NORMAL - BUENA | CK15: TIENE AGUA LAS 24 HORAS | CL15: SI | CM15: NO | CN15: NO | CO15: PVC | CP15: SI | CQ15: NO | CR15: NO | CS15: SI | CT15: SI | CU15: OBRA GRIS | CV15: =CONCATENATE(H15,I15,J15,K15,L15,M15,N15,O15,P15,Q15,R15,S15,T15) -> NUEVO HORIZONTE PEATONAL2204112700 | CW15: =IF(CV15="","",IF(COUNTIF($CV$6:$CV$777,CV15)=1,"OK","¿REPETIDA?")) -> OK | CX15: =IF(COUNTBLANK(AC15)+COUNTBLANK(BH15)+COUNTBLANK(BN15:CD15)>11,"NO","SI") -> SI | CY15: =IF(CX15="NO","",IF(BV15="NO",$CY$5,IF(CA15="SI",IF(CR15="SI","",$CY$5),$CY$5))) -> 1 | CZ15: =IF(CX15="NO","",IF(BX15="NO",$CZ$5,IF(CC15="SI",IF(CT15="SI","",$CZ$5),$CZ$5))) | DA15: =IF(CX15="NO","",IF(BT15="SI",IF(CD15="INODORO CON TANQUE",IF(BY15="SI",IF(CP15="SI","",$DA$5),$DA$5),$DA$5),$DA$5)) | DB15: =IF(CX15="NO","",IF(BU15="NO",$DB$5,IF(BZ15="SI",IF(CQ15="SI","",$DB$5),$DB$5))) -> 4 | DC15: =IF(CX15="NO","",IF(BW15="NO",$DC$5,IF(CB15="SI",IF(CS15="SI","",$DC$5),$DC$5))) | DE15: =IF(DF15=8,$DE$5,IF(COUNT(CY15:DC15)<3,"",$DE$5)) | DF15: =IF(CX15="NO","",IF(COUNT(CY15:DA15)<1,"",IF(CU15="OBRA GRIS","",IF(CU15="OBRA BLANCA","",IF(CU15="OBRA NEGRA","",$DF$5))))) | DG15: =IF(DF15=8,"",IF(COUNT(CY15:DA15)<1,"",IF(CU15="OBRA GRIS",$DG$5,IF(CU15="OBRA NEGRA",$DG$5,"")))) -> 9 | DH15: =IF(CX15="NO","",IF(BR15="SI","",$DH$5)) | DI15: =IF(CX15="NO","",IF(BS15="SI","",$DI$5)) | DJ15: =IF(CX15="NO","",COUNT(CY15:DC15)) -> 2 | DK15: =IF(CX15="NO",0,IF(CY15=1,Tipologías!$E$11,0)+IF(CZ15=2,Tipologías!$E$10,0)+IF(DA15=3,Tipologías!$E$9,0)+IF(DB15=4,Tipologías!$E$13,0)+IF(DC15=5,Tipologías!$E$12,0)+IF(DD15=6,Tipologías!$E$14,0)+IF(DE15=7,Tipologías!$E$20,0)+IF(DG15=9,Tipologías!$E$16,0)+IF(DF15=8,Tipologías!$E$23,0)+IF(DH15=10,Tipologías!$E$7,0)+IF(DI15=11,Tipologías!$E$8,0)) -> 2858472.6 | DL15: =IF(DK15>0,IF(DK15>$DM$1,$DM$1,DK15),0) -> 2858472.6 | DM15: =IF(DK15=0,"",IF(BN15="SI","",$DM$5)) | DN15: =IF(DK15=0,"",IF(BO15="SI","",$DN$5)) | DO15: =IF(DK15=0,"",IF(BP15="SI",0,$DO$5)) -> 0 | DP15: =IF(DK15=0,"",IF(BQ15="SI","",$DP$5)) | DQ15: =IF(DM15=17,Tipologías!$E$18,0)+IF(ENCUESTAS!DN15=18,Tipologías!$E$17,0)+IF(ENCUESTAS!DO15=19,Tipologías!$E$19,0)+IF(ENCUESTAS!DP15=20,Tipologías!$E$21,0) -> 0 | DR15: =IF(DK15="0","NO",IF(SUM(DM15:DP15)<1,"NO","SI")) -> NO | DS15: =IF(DL15>0,IF(DR15="SI",IF(DQ15>$DS$1,$DS$1,DQ15),0),0) -> 0 | DT15: =IF(DL15=0,"",(DL15+DS15+Tipologías!$E$6+Tipologías!$H$2)) -> 3055550 | DU15: =IF(CX15="NO","NO",IF(DK15>0,"SI","NO")) -> SI | DV15: HOR-002
A16: 42970 | B16: ANTIOQUIA | C16: Puerto Berrío | D16: 579 | E16: 1039704703 | F16: 3218398050 | G16: 11 | H16: NUEVO HORIZONTE | I16: PEATONAL | R16: 220141260014 | U16: =CONCATENATE(I16," ",J16,K16," ",L16," ",M16,"# "," ",N16,O16," ",P16,"- ",Q16," ",R16," ",S16) -> PEATONAL # - 220141260014 | V16: 3144832614 | W16: GONZALES | Y16: MARIA | Z16: DEL CARMEN | AA16: =+CONCATENATE(Y16," ",Z16," ",W16," ",X16) -> MARIA DEL CARMEN GONZALES | AB16: Cédula | AC16: 22234262 | AD16: F | AE16: 53 | AF16: NO | AG16: DELGADO | AI16: JHONY | AJ16: ALEXANDER | AK16: =+CONCATENATE(AI16," ",AJ16," ",AG16," ",AH16) -> JHONY ALEXANDER DELGADO | AL16: Cédula | AM16: 71192499 | AN16: NO | AP16: NO | AQ16: 3 | AT16: PROPIA, TOTALMENTE PAGADA | AV16: ESCRITURA PÚBLICA | BB16: SI | BC16: 19271 | BD16: SI | BF16: SI | BG16: 8324 | BH16: INODORO CONECTADO A ALCANTARILLADO | BI16: BLOQUE, LADRILLO, PIEDRA | BJ16: TEJA DE BARRO, ZINC, ETERNIT (ASBESTO) | BK16: CEMENTO, GRAVILLA | BL16: SI | BM16: SI | BN16: SI | BO16: SI | BP16: SI | BQ16: SI | BR16: SI | BS16: SI | BT16: SI | BU16: SI | BV16: SI | BW16: SI | BX16: SI | BY16: SI | BZ16: SI | CA16: SI | CB16: SI | CC16: SI | CD16: INODORO CON TANQUE | CE16: LA CASA SE ENCUENTRA EN BUEN ESTADO, NO PAGA ALCANTARILLADO | CJ16: NORMAL - BUENA | CK16: TIENE AGUA LAS 24 HORAS | CL16: SI | CM16: NO | CN16: NO | CO16: PVC | CP16: SI | CQ16: SI | CR16: SI | CS16: SI | CT16: SI | CU16: OBRA GRIS | CV16: =CONCATENATE(H16,I16,J16,K16,L16,M16,N16,O16,P16,Q16,R16,S16,T16) -> NUEVO HORIZONTE PEATONAL220141260014 | CW16: =IF(CV16="","",IF(COUNTIF($CV$6:$CV$777,CV16)=1,"OK","¿REPETIDA?")) -> OK | CX16: =IF(COUNTBLANK(AC16)+COUNTBLANK(BH16)+COUNTBLANK(BN16:CD16)>11,"NO","SI") -> SI | CY16: =IF(CX16="NO","",IF(BV16="NO",$CY$5,IF(CA16="SI",IF(CR16="SI","",$CY$5),$CY$5))) | CZ16: =IF(CX16="NO","",IF(BX16="NO",$CZ$5,IF(CC16="SI",IF(CT16="SI","",$CZ$5),$CZ$5))) | DA16: =IF(CX16="NO","",IF(BT16="SI",IF(CD16="INODORO CON TANQUE",IF(BY16="SI",IF(CP16="SI","",$DA$5),$DA$5),$DA$5),$DA$5)) | DB16: =IF(CX16="NO","",IF(BU16="NO",$DB$5,IF(BZ16="SI",IF(CQ16="SI","",$DB$5),$DB$5))) | DC16: =IF(CX16="NO","",IF(BW16="NO",$DC$5,IF(CB16="SI",IF(CS16="SI","",$DC$5),$DC$5))) | DE16: =IF(DF16=8,$DE$5,IF(COUNT(CY16:DC16)<3,"",$DE$5)) | DF16: =IF(CX16="NO","",IF(COUNT(CY16:DA16)<1,"",IF(CU16="OBRA GRIS","",IF(CU16="OBRA BLANCA","",IF(CU16="OBRA NEGRA","",$DF$5))))) | DG16: =IF(DF16=8,"",IF(COUNT(CY16:DA16)<1,"",IF(CU16="OBRA GRIS",$DG$5,IF(CU16="OBRA NEGRA",$DG$5,"")))) | DH16: =IF(CX16="NO","",IF(BR16="SI","",$DH$5)) | DI16: =IF(CX16="NO","",IF(BS16="SI","",$DI$5)) | DJ16: =IF(CX16="NO","",COUNT(CY16:DC16)) -> 0 | DK16: =IF(CX16="NO",0,IF(CY16=1,Tipologías!$E$11,0)+IF(CZ16=2,Tipologías!$E$10,0)+IF(DA16=3,Tipologías!$E$9,0)+IF(DB16=4,Tipologías!$E$13,0)+IF(DC16=5,Tipologías!$E$12,0)+IF(DD16=6,Tipologías!$E$14,0)+IF(DE16=7,Tipologías!$E$20,0)+IF(DG16=9,Tipologías!$E$16,0)+IF(DF16=8,Tipologías!$E$23,0)+IF(DH16=10,Tipologías!$E$7,0)+IF(DI16=11,Tipologías!$E$8,0)) -> 0 | DL16: =IF(DK16>0,IF(DK16>$DM$1,$DM$1,DK16),0) -> 0 | DM16: =IF(DK16=0,"",IF(BN16="SI","",$DM$5)) | DN16: =IF(DK16=0,"",IF(BO16="SI","",$DN$5)) | DO16: =IF(DK16=0,"",IF(BP16="SI",0,$DO$5)) | DP16: =IF(DK16=0,"",IF(BQ16="SI","",$DP$5)) | DQ16: =IF(DM16=17,Tipologías!$E$18,0)+IF(ENCUESTAS!DN16=18,Tipologías!$E$17,0)+IF(ENCUESTAS!DO16=19,Tipologías!$E$19,0)+IF(ENCUESTAS!DP16=20,Tipologías!$E$21,0) -> 0 | DR16: =IF(DK16="0","NO",IF(SUM(DM16:DP16)<1,"NO","SI")) -> NO | DS16: =IF(DL16>0,IF(DR16="SI",IF(DQ16>$DS$1,$DS$1,DQ16),0),0) -> 0 | DT16: =IF(DL16=0,"",(DL16+DS16+Tipologías!$E$6+Tipologías!$H$2)) | DU16: =IF(CX16="NO","NO",IF(DK16>0,"SI","NO")) -> NO
A17: 42970 | B17: ANTIOQUIA | C17: Puerto Berrío | D17: 579 | E17: 1039704703 | F17: 3218398050 | G17: 12 | H17: NUEVO HORIZONTE | I17: PEATONAL | R17: 220129700000 | U17: =CONCATENATE(I17," ",J17,K17," ",L17," ",M17,"# "," ",N17,O17," ",P17,"- ",Q17," ",R17," ",S17) -> PEATONAL # - 220129700000 | V17: 3225402063 | W17: TILANO | Y17: ESPERANZA | AA17: =+CONCATENATE(Y17," ",Z17," ",W17," ",X17) -> ESPERANZA TILANO | AB17: Cédula | AC17: 21932343 | AD17: F | AE17: 59 | AF17: NO | AG17: ECHAVARRIA | AI17: ANTONIO | AJ17: MARIA | AK17: =+CONCATENATE(AI17," ",AJ17," ",AG17," ",AH17) -> ANTONIO MARIA ECHAVARRIA | AL17: Cédula | AN17: NO | AP17: NO | AQ17: 2 | AT17: EN ARRIENDO O SUBARRIENDO | BB17: SI | BC17: 8596 | BD17: SI | BF17: SI | BG17: 8366 | BH17: INODORO CONECTADO A ALCANTARILLADO | BI17: BLOQUE, LADRILLO, PIEDRA | BJ17: TEJA DE BARRO, ZINC, ETERNIT (ASBESTO) | BK17: CEMENTO, GRAVILLA | BL17: SI | BM17: SI | BN17: SI | BO17: SI | BP17: SI | BQ17: SI | BR17: SI | BS17: SI | BT17: SI | BU17: SI | BV17: NO | BW17: NO | BX17: SI | BY17: SI | BZ17: SI | CA17: NO | CB17: NO | CC17: SI | CD17: INODORO CON TANQUE | CE17: LA VIVIENDA NO CUENTA CON LAVAMANOS,LAVADERO .LA SEÑORA NO SE SABE EL NUMERODE CEDULA DEL ESPOSO, NO PAGA ALCANTARILLADO, NO DIO EL NOMBRE DEL CONTRARO DE LA CASA NI EL VALOR DEL ARRIENDO | CJ17: NORMAL - BUENA | CK17: TIENE AGUA LAS 24 HORAS | CL17: SI | CM17: NO | CN17: NO | CO17: PVC | CP17: SI | CQ17: SI | CR17: NO | CS17: NO | CT17: SI | CU17: OBRA GRIS | CV17: =CONCATENATE(H17,I17,J17,K17,L17,M17,N17,O17,P17,Q17,R17,S17,T17) -> NUEVO HORIZONTE PEATONAL220129700000 | CW17: =IF(CV17="","",IF(COUNTIF($CV$6:$CV$777,CV17)=1,"OK","¿REPETIDA?")) -> OK | CX17: =IF(COUNTBLANK(AC17)+COUNTBLANK(BH17)+COUNTBLANK(BN17:CD17)>11,"NO","SI") -> SI | CY17: =IF(CX17="NO","",IF(BV17="NO",$CY$5,IF(CA17="SI",IF(CR17="SI","",$CY$5),$CY$5))) -> 1 | CZ17: =IF(CX17="NO","",IF(BX17="NO",$CZ$5,IF(CC17="SI",IF(CT17="SI","",$CZ$5),$CZ$5))) | DA17: =IF(CX17="NO","",IF(BT17="SI",IF(CD17="INODORO CON TANQUE",IF(BY17="SI",IF(CP17="SI","",$DA$5),$DA$5),$DA$5),$DA$5)) | DB17: =IF(CX17="NO","",IF(BU17="NO",$DB$5,IF(BZ17="SI",IF(CQ17="SI","",$DB$5),$DB$5))) | DC17: =IF(CX17="NO","",IF(BW17="NO",$DC$5,IF(CB17="SI",IF(CS17="SI","",$DC$5),$DC$5))) -> 5 | DE17: =IF(DF17=8,$DE$5,IF(COUNT(CY17:DC17)<3,"",$DE$5)) | DF17: =IF(CX17="NO","",IF(COUNT(CY17:DA17)<1,"",IF(CU17="OBRA GRIS","",IF(CU17="OBRA BLANCA","",IF(CU17="OBRA NEGRA","",$DF$5))))) | DG17: =IF(DF17=8,"",IF(COUNT(CY17:DA17)<1,"",IF(CU17="OBRA GRIS",$DG$5,IF(CU17="OBRA NEGRA",$DG$5,"")))) -> 9 | DH17: =IF(CX17="NO","",IF(BR17="SI","",$DH$5)) | DI17: =IF(CX17="NO","",IF(BS17="SI","",$DI$5)) | DJ17: =IF(CX17="NO","",COUNT(CY17:DC17)) -> 2 | DK17: =IF(CX17="NO",0,IF(CY17=1,Tipologías!$E$11,0)+IF(CZ17=2,Tipologías!$E$10,0)+IF(DA17=3,Tipologías!$E$9,0)+IF(DB17=4,Tipologías!$E$13,0)+IF(DC17=5,Tipologías!$E$12,0)+IF(DD17=6,Tipologías!$E$14,0)+IF(DE17=7,Tipologías!$E$20,0)+IF(DG17=9,Tipologías!$E$16,0)+IF(DF17=8,Tipologías!$E$23,0)+IF(DH17=10,Tipologías!$E$7,0)+IF(DI17=11,Tipologías!$E$8,0)) -> 2773070.5 | DL17: =IF(DK17>0,IF(DK17>$DM$1,$DM$1,DK17),0) -> 2773070.5 | DM17: =IF(DK17=0,"",IF(BN17="SI","",$DM$5)) | DN17: =IF(DK17=0,"",IF(BO17="SI","",$DN$5)) | DO17: =IF(DK17=0,"",IF(BP17="SI",0,$DO$5)) -> 0 | DP17: =IF(DK17=0,"",IF(BQ17="SI","",$DP$5)) | DQ17: =IF(DM17=17,Tipologías!$E$18,0)+IF(ENCUESTAS!DN17=18,Tipologías!$E$17,0)+IF(ENCUESTAS!DO17=19,Tipologías!$E$19,0)+IF(ENCUESTAS!DP17=20,Tipologías!$E$21,0) -> 0 | DR17: =IF(DK17="0","NO",IF(SUM(DM17:DP17)<1,"NO","SI")) -> NO | DS17: =IF(DL17>0,IF(DR17="SI",IF(DQ17>$DS$1,$DS$1,DQ17),0),0) -> 0 | DT17: =IF(DL17=0,"",(DL17+DS17+Tipologías!$E$6+Tipologías!$H$2)) -> 2970147.9 | DU17: =IF(CX17="NO","NO",IF(DK17>0,"SI","NO")) -> SI | DV17: HOR-003
A18: 42970 | B18: ANTIOQUIA | C18: Puerto Berrío | D18: 579 | E18: 1039704703 | F18: 3218398050 | G18: 13 | H18: SAN MARTIN | I18: PEATONAL | R18: 220440410000 | U18: =CONCATENATE(I18," ",J18,K18," ",L18," ",M18,"# "," ",N18,O18," ",P18,"- ",Q18," ",R18," ",S18) -> PEATONAL # - 220440410000 | V18: 3204223241 | W18: DONATO | Y18: ARELIS | AA18: =+CONCATENATE(Y18," ",Z18," ",W18," ",X18) -> ARELIS DONATO | AB18: Cédula | AC18: 43655663 | AD18: F | AE18: 34 | AF18: NO | AG18: ORREGO | AI18: ORLANDO | AK18: =+CONCATENATE(AI18," ",AJ18," ",AG18," ",AH18) -> ORLANDO ORREGO | AL18: Cédula | AM18: 71711537 | AN18: NO | AP18: NO | AQ18: 6 | AR18: 3 | AS18: 1 | AT18: EN ARRIENDO O SUBARRIENDO | AX18: DE PALABRA | AZ18: 9 | BA18: 150000 | BB18: SI | BC18: 23049 | BD18: SI | BE18: 16741 | BF18: SI | BG18: 9561 | BH18: INODORO CONECTADO A ALCANTARILLADO | BI18: BLOQUE, LADRILLO, PIEDRA | BJ18: TEJA DE BARRO, ZINC, ETERNIT (ASBESTO) | BK18: BALDOSA, VINILO, TABLETA O LADRILLO | BL18: SI | BM18: NO | BN18: SI | BO18: SI | BP18: SI | BQ18: SI | BR18: SI | BS18: SI | BT18: SI | BU18: SI | BV18: SI | BW18: SI | BX18: SI | BY18: SI | BZ18: SI | CA18: SI | CB18: SI | CC18: SI | CD18: INODORO CON TANQUE | CE18: LA VIVIENDA CUENTA CON TODO | CJ18: NORMAL - BUENA | CK18: TIENE AGUA LAS 24 HORAS | CL18: SI | CM18: NO | CN18: NO | CO18: PVC | CP18: SI | CQ18: SI | CR18: SI | CS18: SI | CT18: SI | CU18: OBRA GRIS | CV18: =CONCATENATE(H18,I18,J18,K18,L18,M18,N18,O18,P18,Q18,R18,S18,T18) -> SAN MARTIN PEATONAL220440410000 | CW18: =IF(CV18="","",IF(COUNTIF($CV$6:$CV$777,CV18)=1,"OK","¿REPETIDA?")) -> OK | CX18: =IF(COUNTBLANK(AC18)+COUNTBLANK(BH18)+COUNTBLANK(BN18:CD18)>11,"NO","SI") -> SI | CY18: =IF(CX18="NO","",IF(BV18="NO",$CY$5,IF(CA18="SI",IF(CR18="SI","",$CY$5),$CY$5))) | CZ18: =IF(CX18="NO","",IF(BX18="NO",$CZ$5,IF(CC18="SI",IF(CT18="SI","",$CZ$5),$CZ$5))) | DA18: =IF(CX18="NO","",IF(BT18="SI",IF(CD18="INODORO CON TANQUE",IF(BY18="SI",IF(CP18="SI","",$DA$5),$DA$5),$DA$5),$DA$5)) | DB18: =IF(CX18="NO","",IF(BU18="NO",$DB$5,IF(BZ18="SI",IF(CQ18="SI","",$DB$5),$DB$5))) | DC18: =IF(CX18="NO","",IF(BW18="NO",$DC$5,IF(CB18="SI",IF(CS18="SI","",$DC$5),$DC$5))) | DE18: =IF(DF18=8,$DE$5,IF(COUNT(CY18:DC18)<3,"",$DE$5)) | DF18: =IF(CX18="NO","",IF(COUNT(CY18:DA18)<1,"",IF(CU18="OBRA GRIS","",IF(CU18="OBRA BLANCA","",IF(CU18="OBRA NEGRA","",$DF$5))))) | DG18: =IF(DF18=8,"",IF(COUNT(CY18:DA18)<1,"",IF(CU18="OBRA GRIS",$DG$5,IF(CU18="OBRA NEGRA",$DG$5,"")))) | DH18: =IF(CX18="NO","",IF(BR18="SI","",$DH$5)) | DI18: =IF(CX18="NO","",IF(BS18="SI","",$DI$5)) | DJ18: =IF(CX18="NO","",COUNT(CY18:DC18)) -> 0 | DK18: =IF(CX18="NO",0,IF(CY18=1,Tipologías!$E$11,0)+IF(CZ18=2,Tipologías!$E$10,0)+IF(DA18=3,Tipologías!$E$9,0)+IF(DB18=4,Tipologías!$E$13,0)+IF(DC18=5,Tipologías!$E$12,0)+IF(DD18=6,Tipologías!$E$14,0)+IF(DE18=7,Tipologías!$E$20,0)+IF(DG18=9,Tipologías!$E$16,0)+IF(DF18=8,Tipologías!$E$23,0)+IF(DH18=10,Tipologías!$E$7,0)+IF(DI18=11,Tipologías!$E$8,0)) -> 0 | DL18: =IF(DK18>0,IF(DK18>$DM$1,$DM$1,DK18),0) -> 0 | DM18: =IF(DK18=0,"",IF(BN18="SI","",$DM$5)) | DN18: =IF(DK18=0,"",IF(BO18="SI","",$DN$5)) | DO18: =IF(DK18=0,"",IF(BP18="SI",0,$DO$5)) | DP18: =IF(DK18=0,"",IF(BQ18="SI","",$DP$5)) | DQ18: =IF(DM18=17,Tipologías!$E$18,0)+IF(ENCUESTAS!DN18=18,Tipologías!$E$17,0)+IF(ENCUESTAS!DO18=19,Tipologías!$E$19,0)+IF(ENCUESTAS!DP18=20,Tipologías!$E$21,0) -> 0 | DR18: =IF(DK18="0","NO",IF(SUM(DM18:DP18)<1,"NO","SI")) -> NO | DS18: =IF(DL18>0,IF(DR18="SI",IF(DQ18>$DS$1,$DS$1,DQ18),0),0) -> 0 | DT18: =IF(DL18=0,"",(DL18+DS18+Tipologías!$E$6+Tipologías!$H$2)) | DU18: =IF(CX18="NO","NO",IF(DK18>0,"SI","NO")) -> NO
A19: 42970 | B19: ANTIOQUIA | C19: Puerto Berrío | D19: 579 | E19: 1039704703 | F19: 3218398050 | G19: 14 | H19: SAN MARTIN | I19: PEATONAL | R19: 220447400000 | U19: =CONCATENATE(I19," ",J19,K19," ",L19," ",M19,"# "," ",N19,O19," ",P19,"- ",Q19," ",R19," ",S19) -> PEATONAL # - 220447400000 | V19: 3105435591 | W19: RUIZ | X19: MONRROY | Y19: OSCAR | Z19: ALBERTO | AA19: =+CONCATENATE(Y19," ",Z19," ",W19," ",X19) -> OSCAR ALBERTO RUIZ MONRROY | AB19: Cédula | AC19: 7247713 | AD19: M | AE19: 55 | AF19: SI | AK19: =+CONCATENATE(AI19," ",AJ19," ",AG19," ",AH19) | AN19: NO | AP19: NO | AQ19: 1 | AT19: EN ARRIENDO O SUBARRIENDO | AX19: DE PALABRA | AZ19: 10 | BA19: 200000 | BB19: SI | BC19: 12666 | BD19: SI | BE19: 8740 | BF19: SI | BG19: 9561 | BH19: INODORO CONECTADO A ALCANTARILLADO | BI19: BLOQUE, LADRILLO, PIEDRA | BJ19: TEJA DE BARRO, ZINC, ETERNIT (ASBESTO) | BK19: CEMENTO, GRAVILLA | BL19: SI | BM19: NO | BN19: SI | BO19: SI | BP19: SI | BQ19: SI | BR19: SI | BS19: SI | BT19: SI | BU19: NO | BV19: SI | BW19: NO | BX19: SI | BY19: SI | BZ19: NO | CA19: SI | CB19: NO | CC19: SI | CD19: INODORO CON TANQUE | CE19: LA VIVIENDA NO CUENTA CON: LAVAMANOS, LAVADERO | CJ19: NORMAL - BUENA | CK19: TIENE AGUA LAS 24 HORAS | CL19: SI | CM19: NO | CN19: NO | CO19: PVC | CP19: SI | CQ19: NO | CR19: SI | CS19: NO | CT19: SI | CU19: OBRA GRIS | CV19: =CONCATENATE(H19,I19,J19,K19,L19,M19,N19,O19,P19,Q19,R19,S19,T19) -> SAN MARTIN PEATONAL220447400000 | CW19: =IF(CV19="","",IF(COUNTIF($CV$6:$CV$777,CV19)=1,"OK","¿REPETIDA?")) -> OK | CX19: =IF(COUNTBLANK(AC19)+COUNTBLANK(BH19)+COUNTBLANK(BN19:CD19)>11,"NO","SI") -> SI | CY19: =IF(CX19="NO","",IF(BV19="NO",$CY$5,IF(CA19="SI",IF(CR19="SI","",$CY$5),$CY$5))) | CZ19: =IF(CX19="NO","",IF(BX19="NO",$CZ$5,IF(CC19="SI",IF(CT19="SI","",$CZ$5),$CZ$5))) | DA19: =IF(CX19="NO","",IF(BT19="SI",IF(CD19="INODORO CON TANQUE",IF(BY19="SI",IF(CP19="SI","",$DA$5),$DA$5),$DA$5),$DA$5)) | DB19: =IF(CX19="NO","",IF(BU19="NO",$DB$5,IF(BZ19="SI",IF(CQ19="SI","",$DB$5),$DB$5))) -> 4 | DC19: =IF(CX19="NO","",IF(BW19="NO",$DC$5,IF(CB19="SI",IF(CS19="SI","",$DC$5),$DC$5))) -> 5 | DE19: =IF(DF19=8,$DE$5,IF(COUNT(CY19:DC19)<3,"",$DE$5)) | DF19: =IF(CX19="NO","",IF(COUNT(CY19:DA19)<1,"",IF(CU19="OBRA GRIS","",IF(CU19="OBRA BLANCA","",IF(CU19="OBRA NEGRA","",$DF$5))))) | DG19: =IF(DF19=8,"",IF(COUNT(CY19:DA19)<1,"",IF(CU19="OBRA GRIS",$DG$5,IF(CU19="OBRA NEGRA",$DG$5,"")))) | DH19: =IF(CX19="NO","",IF(BR19="SI","",$DH$5)) | DI19: =IF(CX19="NO","",IF(BS19="SI","",$DI$5)) | DJ19: =IF(CX19="NO","",COUNT(CY19:DC19)) -> 2 | DK19: =IF(CX19="NO",0,IF(CY19=1,Tipologías!$E$11,0)+IF(CZ19=2,Tipologías!$E$10,0)+IF(DA19=3,Tipologías!$E$9,0)+IF(DB19=4,Tipologías!$E$13,0)+IF(DC19=5,Tipologías!$E$12,0)+IF(DD19=6,Tipologías!$E$14,0)+IF(DE19=7,Tipologías!$E$20,0)+IF(DG19=9,Tipologías!$E$16,0)+IF(DF19=8,Tipologías!$E$23,0)+IF(DH19=10,Tipologías!$E$7,0)+IF(DI19=11,Tipologías!$E$8,0)) -> 1181106 | DL19: =IF(DK19>0,IF(DK19>$DM$1,$DM$1,DK19),0) -> 1181106 | DM19: =IF(DK19=0,"",IF(BN19="SI","",$DM$5)) | DN19: =IF(DK19=0,"",IF(BO19="SI","",$DN$5)) | DO19: =IF(DK19=0,"",IF(BP19="SI",0,$DO$5)) -> 0 | DP19: =IF(DK19=0,"",IF(BQ19="SI","",$DP$5)) | DQ19: =IF(DM19=17,Tipologías!$E$18,0)+IF(ENCUESTAS!DN19=18,Tipologías!$E$17,0)+IF(ENCUESTAS!DO19=19,Tipologías!$E$19,0)+IF(ENCUESTAS!DP19=20,Tipologías!$E$21,0) -> 0 | DR19: =IF(DK19="0","NO",IF(SUM(DM19:DP19)<1,"NO","SI")) -> NO | DS19: =IF(DL19>0,IF(DR19="SI",IF(DQ19>$DS$1,$DS$1,DQ19),0),0) -> 0 | DT19: =IF(DL19=0,"",(DL19+DS19+Tipologías!$E$6+Tipologías!$H$2)) -> 1378183.4 | DU19: =IF(CX19="NO","NO",IF(DK19>0,"SI","NO")) -> SI | DV19: MAR-001
A20: 42970 | B20: ANTIOQUIA | C20: Puerto Berrío | D20: 579 | E20: 1039704703 | F20: 3218398050 | G20: 15 | H20: SAN MARTIN | I20: PEATONAL | R20: 220406500000 | U20: =CONCATENATE(I20," ",J20,K20," ",L20," ",M20,"# "," ",N20,O20," ",P20,"- ",Q20," ",R20," ",S20) -> PEATONAL # - 220406500000 | V20: 3117236131 | W20: GAVIRIA | Y20: CONSUELO | AA20: =+CONCATENATE(Y20," ",Z20," ",W20," ",X20) -> CONSUELO GAVIRIA | AB20: Cédula | AC20: 43614146 | AD20: F | AE20: 42 | AF20: SI | AK20: =+CONCATENATE(AI20," ",AJ20," ",AG20," ",AH20) | AN20: SI | AP20: SI | AQ20: 5 | AR20: 2 | AT20: EN ARRIENDO O SUBARRIENDO | AX20: DE PALABRA | AZ20: 3 | BA20: 180000 | BB20: SI | BC20: 29239 | BD20: SI | BE20: 20701 | BF20: SI | BG20: 16732 | BH20: INODORO CONECTADO A ALCANTARILLADO | BI20: BLOQUE, LADRILLO, PIEDRA | BJ20: TEJA DE BARRO, ZINC, ETERNIT (ASBESTO) | BK20: CEMENTO, GRAVILLA | BL20: SI | BM20: SI | BN20: SI | BO20: SI | BP20: SI | BQ20: SI | BR20: SI | BS20: SI | BT20: SI | BU20: SI | BV20: NO | BW20: SI | BX20: SI | BY20: SI | BZ20: SI | CA20: NO | CB20: SI | CC20: SI | CD20: INODORO CON TANQUE | CE20: NO CUENTA CON LAVAMANOS. LA SEÑORA NO ENCONTRO LA CARPETA DE RED UNIDOS PARA EL NUMERO DEL FOLIO | CJ20: NORMAL - BUENA | CK20: TIENE AGUA LAS 24 HORAS | CL20: SI | CM20: NO | CN20: NO | CO20: PVC | CP20: SI | CQ20: SI | CR20: NO | CS20: SI | CT20: SI | CU20: OBRA GRIS | CV20: =CONCATENATE(H20,I20,J20,K20,L20,M20,N20,O20,P20,Q20,R20,S20,T20) -> SAN MARTIN PEATONAL220406500000 | CW20: =IF(CV20="","",IF(COUNTIF($CV$6:$CV$777,CV20)=1,"OK","¿REPETIDA?")) -> OK | CX20: =IF(COUNTBLANK(AC20)+COUNTBLANK(BH20)+COUNTBLANK(BN20:CD20)>11,"NO","SI") -> SI | CY20: =IF(CX20="NO","",IF(BV20="NO",$CY$5,IF(CA20="SI",IF(CR20="SI","",$CY$5),$CY$5))) -> 1 | CZ20: =IF(CX20="NO","",IF(BX20="NO",$CZ$5,IF(CC20="SI",IF(CT20="SI","",$CZ$5),$CZ$5))) | DA20: =IF(CX20="NO","",IF(BT20="SI",IF(CD20="INODORO CON TANQUE",IF(BY20="SI",IF(CP20="SI","",$DA$5),$DA$5),$DA$5),$DA$5)) | DB20: =IF(CX20="NO","",IF(BU20="NO",$DB$5,IF(BZ20="SI",IF(CQ20="SI","",$DB$5),$DB$5))) | DC20: =IF(CX20="NO","",IF(BW20="NO",$DC$5,IF(CB20="SI",IF(CS20="SI","",$DC$5),$DC$5))) | DE20: =IF(DF20=8,$DE$5,IF(COUNT(CY20:DC20)<3,"",$DE$5)) | DF20: =IF(CX20="NO","",IF(COUNT(CY20:DA20)<1,"",IF(CU20="OBRA GRIS","",IF(CU20="OBRA BLANCA","",IF(CU20="OBRA NEGRA","",$DF$5))))) | DG20: =IF(DF20=8,"",IF(COUNT(CY20:DA20)<1,"",IF(CU20="OBRA GRIS",$DG$5,IF(CU20="OBRA NEGRA",$DG$5,"")))) -> 9 | DH20: =IF(CX20="NO","",IF(BR20="SI","",$DH$5)) | DI20: =IF(CX20="NO","",IF(BS20="SI","",$DI$5)) | DJ20: =IF(CX20="NO","",COUNT(CY20:DC20)) -> 1 | DK20: =IF(CX20="NO",0,IF(CY20=1,Tipologías!$E$11,0)+IF(CZ20=2,Tipologías!$E$10,0)+IF(DA20=3,Tipologías!$E$9,0)+IF(DB20=4,Tipologías!$E$13,0)+IF(DC20=5,Tipologías!$E$12,0)+IF(DD20=6,Tipologías!$E$14,0)+IF(DE20=7,Tipologías!$E$20,0)+IF(DG20=9,Tipologías!$E$16,0)+IF(DF20=8,Tipologías!$E$23,0)+IF(DH20=10,Tipologías!$E$7,0)+IF(DI20=11,Tipologías!$E$8,0)) -> 2225218.5 | DL20: =IF(DK20>0,IF(DK20>$DM$1,$DM$1,DK20),0) -> 2225218.5 | DM20: =IF(DK20=0,"",IF(BN20="SI","",$DM$5)) | DN20: =IF(DK20=0,"",IF(BO20="SI","",$DN$5)) | DO20: =IF(DK20=0,"",IF(BP20="SI",0,$DO$5)) -> 0 | DP20: =IF(DK20=0,"",IF(BQ20="SI","",$DP$5)) | DQ20: =IF(DM20=17,Tipologías!$E$18,0)+IF(ENCUESTAS!DN20=18,Tipologías!$E$17,0)+IF(ENCUESTAS!DO20=19,Tipologías!$E$19,0)+IF(ENCUESTAS!DP20=20,Tipologías!$E$21,0) -> 0 | DR20: =IF(DK20="0","NO",IF(SUM(DM20:DP20)<1,"NO","SI")) -> NO | DS20: =IF(DL20>0,IF(DR20="SI",IF(DQ20>$DS$1,$DS$1,DQ20),0),0) -> 0 | DT20: =IF(DL20=0,"",(DL20+DS20+Tipologías!$E$6+Tipologías!$H$2)) -> 2422295.9 | DU20: =IF(CX20="NO","NO",IF(DK20>0,"SI","NO")) -> SI | DV20: MAR-002
A21: 42970 | B21: ANTIOQUIA | C21: Puerto Berrío | D21: 579 | E21: 1039704703 | F21: 3218398050 | G21: 16 | H21: SAN MARTIN | I21: PEATONAL | R21: 220402020000 | U21: =CONCATENATE(I21," ",J21,K21," ",L21," ",M21,"# "," ",N21,O21," ",P21,"- ",Q21," ",R21," ",S21) -> PEATONAL # - 220402020000 | V21: 3206376827 | W21: MARULANDA | X21: OSORIO | Y21: VILLAMIN | AA21: =+CONCATENATE(Y21," ",Z21," ",W21," ",X21) -> VILLAMIN MARULANDA OSORIO | AB21: Cédula | AC21: 43656023 | AD21: F | AE21: 34 | AF21: NO | AG21: SALDARIAGA | AI21: JAVIER | AJ21: ALONZO | AK21: =+CONCATENATE(AI21," ",AJ21," ",AG21," ",AH21) -> JAVIER ALONZO SALDARIAGA | AL21: Cédula | AM21: 71194203 | AN21: SI | AP21: SI | AQ21: 5 | AR21: 2 | AS21: 1 | AT21: EN ARRIENDO O SUBARRIENDO | AX21: DE PALABRA | AZ21: 6 | BA21: 130000 | BB21: SI | BC21: 15427 | BD21: SI | BE21: 10975 | BF21: SI | BG21: 8407 | BH21: INODORO CONECTADO A ALCANTARILLADO | BI21: BLOQUE, LADRILLO, PIEDRA | BJ21: TEJA DE BARRO, ZINC, ETERNIT (ASBESTO) | BK21: CEMENTO, GRAVILLA | BL21: SI | BM21: NO | BN21: SI | BO21: SI | BP21: SI | BQ21: SI | BR21: SI | BS21: SI | BT21: SI | BU21: SI | BV21: NO | BW21: NO | BX21: SI | BY21: SI | BZ21: SI | CA21: NO | CB21: NO | CC21: SI | CD21: INODORO CON TANQUE | CE21: LA SEÑORA ESTA EN FAMILIA EN ACCION PERO NO ENCONTRO LA CARPETA PARA EL NUMERO DEL FOLIO | CJ21: NORMAL - BUENA | CK21: TIENE AGUA LAS 24 HORAS | CL21: SI | CM21: NO | CN21: NO | CO21: PVC | CP21: SI | CQ21: SI | CR21: NO | CS21: NO | CT21: SI | CU21: OBRA GRIS | CV21: =CONCATENATE(H21,I21,J21,K21,L21,M21,N21,O21,P21,Q21,R21,S21,T21) -> SAN MARTIN PEATONAL220402020000 | CW21: =IF(CV21="","",IF(COUNTIF($CV$6:$CV$777,CV21)=1,"OK","¿REPETIDA?")) -> OK | CX21: =IF(COUNTBLANK(AC21)+COUNTBLANK(BH21)+COUNTBLANK(BN21:CD21)>11,"NO","SI") -> SI | CY21: =IF(CX21="NO","",IF(BV21="NO",$CY$5,IF(CA21="SI",IF(CR21="SI","",$CY$5),$CY$5))) -> 1 | CZ21: =IF(CX21="NO","",IF(BX21="NO",$CZ$5,IF(CC21="SI",IF(CT21="SI","",$CZ$5),$CZ$5))) | DA21: =IF(CX21="NO","",IF(BT21="SI",IF(CD21="INODORO CON TANQUE",IF(BY21="SI",IF(CP21="SI","",$DA$5),$DA$5),$DA$5),$DA$5)) | DB21: =IF(CX21="NO","",IF(BU21="NO",$DB$5,IF(BZ21="SI",IF(CQ21="SI","",$DB$5),$DB$5))) | DC21: =IF(CX21="NO","",IF(BW21="NO",$DC$5,IF(CB21="SI",IF(CS21="SI","",$DC$5),$DC$5))) -> 5 | DE21: =IF(DF21=8,$DE$5,IF(COUNT(CY21:DC21)<3,"",$DE$5)) | DF21: =IF(CX21="NO","",IF(COUNT(CY21:DA21)<1,"",IF(CU21="OBRA GRIS","",IF(CU21="OBRA BLANCA","",IF(CU21="OBRA NEGRA","",$DF$5))))) | DG21: =IF(DF21=8,"",IF(COUNT(CY21:DA21)<1,"",IF(CU21="OBRA GRIS",$DG$5,IF(CU21="OBRA NEGRA",$DG$5,"")))) -> 9 | DH21: =IF(CX21="NO","",IF(BR21="SI","",$DH$5)) | DI21: =IF(CX21="NO","",IF(BS21="SI","",$DI$5)) | DJ21: =IF(CX21="NO","",COUNT(CY21:DC21)) -> 2 | DK21: =IF(CX21="NO",0,IF(CY21=1,Tipologías!$E$11,0)+IF(CZ21=2,Tipologías!$E$10,0)+IF(DA21=3,Tipologías!$E$9,0)+IF(DB21=4,Tipologías!$E$13,0)+IF(DC21=5,Tipologías!$E$12,0)+IF(DD21=6,Tipologías!$E$14,0)+IF(DE21=7,Tipologías!$E$20,0)+IF(DG21=9,Tipologías!$E$16,0)+IF(DF21=8,Tipologías!$E$23,0)+IF(DH21=10,Tipologías!$E$7,0)+IF(DI21=11,Tipologías!$E$8,0)) -> 2773070.5 | DL21: =IF(DK21>0,IF(DK21>$DM$1,$DM$1,DK21),0) -> 2773070.5 | DM21: =IF(DK21=0,"",IF(BN21="SI","",$DM$5)) | DN21: =IF(DK21=0,"",IF(BO21="SI","",$DN$5)) | DO21: =IF(DK21=0,"",IF(BP21="SI",0,$DO$5)) -> 0 | DP21: =IF(DK21=0,"",IF(BQ21="SI","",$DP$5)) | DQ21: =IF(DM21=17,Tipologías!$E$18,0)+IF(ENCUESTAS!DN21=18,Tipologías!$E$17,0)+IF(ENCUESTAS!DO21=19,Tipologías!$E$19,0)+IF(ENCUESTAS!DP21=20,Tipologías!$E$21,0) -> 0 | DR21: =IF(DK21="0","NO",IF(SUM(DM21:DP21)<1,"NO","SI")) -> NO | DS21: =IF(DL21>0,IF(DR21="SI",IF(DQ21>$DS$1,$DS$1,DQ21),0),0) -> 0 | DT21: =IF(DL21=0,"",(DL21+DS21+Tipologías!$E$6+Tipologías!$H$2)) -> 2970147.9 | DU21: =IF(CX21="NO","NO",IF(DK21>0,"SI","NO")) -> SI | DV21: MAR-003
A22: 42970 | B22: ANTIOQUIA | C22: Puerto Berrío | D22: 579 | E22: 1039704703 | F22: 3218398050 | G22: 17 | H22: SAN MARTIN | I22: PEATONAL | R22: 5142 | U22: =CONCATENATE(I22," ",J22,K22," ",L22," ",M22,"# "," ",N22,O22," ",P22,"- ",Q22," ",R22," ",S22) -> PEATONAL # - 5142 | V22: 3128243803 | W22: SALAS | Y22: MIGUEL | AA22: =+CONCATENATE(Y22," ",Z22," ",W22," ",X22) -> MIGUEL SALAS | AB22: Cédula | AC22: 71193045 | AD22: M | AE22: 30 | AF22: NO | AG22: FAJARDO | AI22: MAYERLY | AK22: =+CONCATENATE(AI22," ",AJ22," ",AG22," ",AH22) -> MAYERLY FAJARDO | AN22: NO | AP22: NO | AQ22: 7 | AR22: 4 | AS22: 2 | AT22: EN ARRIENDO O SUBARRIENDO | AX22: DE PALABRA | AZ22: 6 | BA22: 150000 | BB22: SI | BD22: SI | BF22: SI | BH22: INODORO CONECTADO A ALCANTARILLADO | BI22: BLOQUE, LADRILLO, PIEDRA | BJ22: TEJA DE BARRO, ZINC, ETERNIT (ASBESTO) | BK22: CEMENTO, GRAVILLA | BL22: SI | BM22: NO | BN22: SI | BO22: SI | BP22: SI | BQ22: SI | BR22: SI | BS22: SI | BT22: SI | BU22: SI | BV22: NO | BW22: SI | BX22: SI | BY22: SI | BZ22: SI | CA22: NO | CB22: SI | CC22: SI | CD22: INODORO CON TANQUE | CE22: LA VIVIENDA NO TIEN LAVAPLATOS. EL SEÑOR NO ME ENTREGO EL RECIBO DEL AGUA EL SEÑOR NO PRESENTA EL DOCUMENTO DE LA ESPOSA | CJ22: NORMAL - BUENA | CK22: TIENE AGUA LAS 24 HORAS | CL22: SI | CM22: NO | CN22: NO | CO22: PVC | CP22: SI | CQ22: SI | CR22: NO | CS22: SI | CT22: SI | CU22: OBRA GRIS | CV22: =CONCATENATE(H22,I22,J22,K22,L22,M22,N22,O22,P22,Q22,R22,S22,T22) -> SAN MARTIN PEATONAL5142 | CW22: =IF(CV22="","",IF(COUNTIF($CV$6:$CV$777,CV22)=1,"OK","¿REPETIDA?")) -> OK | CX22: =IF(COUNTBLANK(AC22)+COUNTBLANK(BH22)+COUNTBLANK(BN22:CD22)>11,"NO","SI") -> SI | CY22: =IF(CX22="NO","",IF(BV22="NO",$CY$5,IF(CA22="SI",IF(CR22="SI","",$CY$5),$CY$5))) -> 1 | CZ22: =IF(CX22="NO","",IF(BX22="NO",$CZ$5,IF(CC22="SI",IF(CT22="SI","",$CZ$5),$CZ$5))) | DA22: =IF(CX22="NO","",IF(BT22="SI",IF(CD22="INODORO CON TANQUE",IF(BY22="SI",IF(CP22="SI","",$DA$5),$DA$5),$DA$5),$DA$5)) | DB22: =IF(CX22="NO","",IF(BU22="NO",$DB$5,IF(BZ22="SI",IF(CQ22="SI","",$DB$5),$DB$5))) | DC22: =IF(CX22="NO","",IF(BW22="NO",$DC$5,IF(CB22="SI",IF(CS22="SI","",$DC$5),$DC$5))) | DE22: =IF(DF22=8,$DE$5,IF(COUNT(CY22:DC22)<3,"",$DE$5)) | DF22: =IF(CX22="NO","",IF(COUNT(CY22:DA22)<1,"",IF(CU22="OBRA GRIS","",IF(CU22="OBRA BLANCA","",IF(CU22="OBRA NEGRA","",$DF$5))))) | DG22: =IF(DF22=8,"",IF(COUNT(CY22:DA22)<1,"",IF(CU22="OBRA GRIS",$DG$5,IF(CU22="OBRA NEGRA",$DG$5,"")))) -> 9 | DH22: =IF(CX22="NO","",IF(BR22="SI","",$DH$5)) | DI22: =IF(CX22="NO","",IF(BS22="SI","",$DI$5)) | DJ22: =IF(CX22="NO","",COUNT(CY22:DC22)) -> 1 | DK22: =IF(CX22="NO",0,IF(CY22=1,Tipologías!$E$11,0)+IF(CZ22=2,Tipologías!$E$10,0)+IF(DA22=3,Tipologías!$E$9,0)+IF(DB22=4,Tipologías!$E$13,0)+IF(DC22=5,Tipologías!$E$12,0)+IF(DD22=6,Tipologías!$E$14,0)+IF(DE22=7,Tipologías!$E$20,0)+IF(DG22=9,Tipologías!$E$16,0)+IF(DF22=8,Tipologías!$E$23,0)+IF(DH22=10,Tipologías!$E$7,0)+IF(DI22=11,Tipologías!$E$8,0)) -> 2225218.5 | DL22: =IF(DK22>0,IF(DK22>$DM$1,$DM$1,DK22),0) -> 2225218.5 | DM22: =IF(DK22=0,"",IF(BN22="SI","",$DM$5)) | DN22: =IF(DK22=0,"",IF(BO22="SI","",$DN$5)) | DO22: =IF(DK22=0,"",IF(BP22="SI",0,$DO$5)) -> 0 | DP22: =IF(DK22=0,"",IF(BQ22="SI","",$DP$5)) | DQ22: =IF(DM22=17,Tipologías!$E$18,0)+IF(ENCUESTAS!DN22=18,Tipologías!$E$17,0)+IF(ENCUESTAS!DO22=19,Tipologías!$E$19,0)+IF(ENCUESTAS!DP22=20,Tipologías!$E$21,0) -> 0 | DR22: =IF(DK22="0","NO",IF(SUM(DM22:DP22)<1,"NO","SI")) -> NO | DS22: =IF(DL22>0,IF(DR22="SI",IF(DQ22>$DS$1,$DS$1,DQ22),0),0) -> 0 | DT22: =IF(DL22=0,"",(DL22+DS22+Tipologías!$E$6+Tipologías!$H$2)) -> 2422295.9 | DU22: =IF(CX22="NO","NO",IF(DK22>0,"SI","NO")) -> SI | DV22: MAR-004
A23: 42970 | B23: ANTIOQUIA | C23: Puerto Berrío | D23: 579 | E23: 1039704703 | F23: 3218398050 | G23: 18 | H23: SAN MARTIN | I23: PEATONAL | R23: 4592 | U23: =CONCATENATE(I23," ",J23,K23," ",L23," ",M23,"# "," ",N23,O23," ",P23,"- ",Q23," ",R23," ",S23) -> PEATONAL # - 4592 | V23: 3105902050 | W23: URREGO | X23: VELASQUEZ | Y23: ROSAURA | AA23: =+CONCATENATE(Y23," ",Z23," ",W23," ",X23) -> ROSAURA URREGO VELASQUEZ | AB23: Cédula | AC23: 21428578 | AD23: F | AE23: 66 | AF23: NO | AG23: GIRALDO | AH23: FLORES | AI23: ANTONIO | AJ23: MARIA | AK23: =+CONCATENATE(AI23," ",AJ23," ",AG23," ",AH23) -> ANTONIO MARIA GIRALDO FLORES | AL23: Cédula | AM23: 4411067 | AN23: NO | AP23: NO | AQ23: 3 | AT23: PROPIA, TOTALMENTE PAGADA | AV23: ESCRITURA PÚBLICA | BB23: SI | BD23: SI | BF23: SI | BH23: INODORO CONECTADO A ALCANTARILLADO | BI23: BLOQUE, LADRILLO, PIEDRA | BJ23: TEJA DE BARRO, ZINC, ETERNIT (ASBESTO) | BK23: CEMENTO, GRAVILLA | BL23: SI | BM23: NO | BN23: SI | BO23: SI | BP23: SI | BQ23: SI | BR23: SI | BS23: SI | BT23: SI | BU23: SI | BV23: SI | BW23: SI | BX23: SI | BY23: SI | BZ23: SI | CA23: SI | CB23: SI | CC23: SI | CD23: INODORO CON TANQUE | CE23: LA VIVIENDA SE ENCUENTRA EN BUEN ESTADO. LA SEÑORA NO PRESENTA RECIBO DEL AGUA | CJ23: NORMAL - BUENA | CK23: TIENE AGUA LAS 24 HORAS | CL23: SI | CM23: NO | CN23: NO | CO23: PVC | CP23: SI | CQ23: SI | CR23: SI | CS23: SI | CT23: SI | CU23: OBRA GRIS | CV23: =CONCATENATE(H23,I23,J23,K23,L23,M23,N23,O23,P23,Q23,R23,S23,T23) -> SAN MARTIN PEATONAL4592 | CW23: =IF(CV23="","",IF(COUNTIF($CV$6:$CV$777,CV23)=1,"OK","¿REPETIDA?")) -> OK | CX23: =IF(COUNTBLANK(AC23)+COUNTBLANK(BH23)+COUNTBLANK(BN23:CD23)>11,"NO","SI") -> SI | CY23: =IF(CX23="NO","",IF(BV23="NO",$CY$5,IF(CA23="SI",IF(CR23="SI","",$CY$5),$CY$5))) | CZ23: =IF(CX23="NO","",IF(BX23="NO",$CZ$5,IF(CC23="SI",IF(CT23="SI","",$CZ$5),$CZ$5))) | DA23: =IF(CX23="NO","",IF(BT23="SI",IF(CD23="INODORO CON TANQUE",IF(BY23="SI",IF(CP23="SI","",$DA$5),$DA$5),$DA$5),$DA$5)) | DB23: =IF(CX23="NO","",IF(BU23="NO",$DB$5,IF(BZ23="SI",IF(CQ23="SI","",$DB$5),$DB$5))) | DC23: =IF(CX23="NO","",IF(BW23="NO",$DC$5,IF(CB23="SI",IF(CS23="SI","",$DC$5),$DC$5))) | DE23: =IF(DF23=8,$DE$5,IF(COUNT(CY23:DC23)<3,"",$DE$5)) | DF23: =IF(CX23="NO","",IF(COUNT(CY23:DA23)<1,"",IF(CU23="OBRA GRIS","",IF(CU23="OBRA BLANCA","",IF(CU23="OBRA NEGRA","",$DF$5))))) | DG23: =IF(DF23=8,"",IF(COUNT(CY23:DA23)<1,"",IF(CU23="OBRA GRIS",$DG$5,IF(CU23="OBRA NEGRA",$DG$5,"")))) | DH23: =IF(CX23="NO","",IF(BR23="SI","",$DH$5)) | DI23: =IF(CX23="NO","",IF(BS23="SI","",$DI$5)) | DJ23: =IF(CX23="NO","",COUNT(CY23:DC23)) -> 0 | DK23: =IF(CX23="NO",0,IF(CY23=1,Tipologías!$E$11,0)+IF(CZ23=2,Tipologías!$E$10,0)+IF(DA23=3,Tipologías!$E$9,0)+IF(DB23=4,Tipologías!$E$13,0)+IF(DC23=5,Tipologías!$E$12,0)+IF(DD23=6,Tipologías!$E$14,0)+IF(DE23=7,Tipologías!$E$20,0)+IF(DG23=9,Tipologías!$E$16,0)+IF(DF23=8,Tipologías!$E$23,0)+IF(DH23=10,Tipologías!$E$7,0)+IF(DI23=11,Tipologías!$E$8,0)) -> 0 | DL23: =IF(DK23>0,IF(DK23>$DM$1,$DM$1,DK23),0) -> 0 | DM23: =IF(DK23=0,"",IF(BN23="SI","",$DM$5)) | DN23: =IF(DK23=0,"",IF(BO23="SI","",$DN$5)) | DO23: =IF(DK23=0,"",IF(BP23="SI",0,$DO$5)) | DP23: =IF(DK23=0,"",IF(BQ23="SI","",$DP$5)) | DQ23: =IF(DM23=17,Tipologías!$E$18,0)+IF(ENCUESTAS!DN23=18,Tipologías!$E$17,0)+IF(ENCUESTAS!DO23=19,Tipologías!$E$19,0)+IF(ENCUESTAS!DP23=20,Tipologías!$E$21,0) -> 0 | DR23: =IF(DK23="0","NO",IF(SUM(DM23:DP23)<1,"NO","SI")) -> NO | DS23: =IF(DL23>0,IF(DR23="SI",IF(DQ23>$DS$1,$DS$1,DQ23),0),0) -> 0 | DT23: =IF(DL23=0,"",(DL23+DS23+Tipologías!$E$6+Tipologías!$H$2)) | DU23: =IF(CX23="NO","NO",IF(DK23>0,"SI","NO")) -> NO
A24: 42970 | B24: ANTIOQUIA | C24: Puerto Berrío | D24: 579 | E24: 1039704703 | F24: 3218398050 | G24: 19 | H24: SAN MARTIN | I24: PEATONAL | R24: 220450740000 | U24: =CONCATENATE(I24," ",J24,K24," ",L24," ",M24,"# "," ",N24,O24," ",P24,"- ",Q24," ",R24," ",S24) -> PEATONAL # - 220450740000 | V24: 3209602017 | W24: SEPULVEDA | Y24: ANA | Z24: LUCIA | AA24: =+CONCATENATE(Y24," ",Z24," ",W24," ",X24) -> ANA LUCIA SEPULVEDA | AB24: Cédula | AC24: 21924271 | AD24: F | AE24: 80 | AF24: SI | AK24: =+CONCATENATE(AI24," ",AJ24," ",AG24," ",AH24) | AN24: NO | AP24: NO | AQ24: 3 | AT24: PROPIA, LA ESTÁN PAGANDO | AV24: ESCRITURA PÚBLICA | BB24: SI | BC24: 13195 | BD24: SI | BE24: 9290 | BF24: SI | BG24: 8406 | BH24: INODORO CONECTADO A ALCANTARILLADO | BI24: BLOQUE, LADRILLO, PIEDRA | BJ24: TEJA DE BARRO, ZINC, ETERNIT (ASBESTO) | BK24: CEMENTO, GRAVILLA | BL24: SI | BM24: NO | BN24: SI | BO24: SI | BP24: SI | BQ24: SI | BR24: SI | BS24: SI | BT24: SI | BU24: NO | BV24: NO | BW24: SI | BX24: SI | BY24: SI | BZ24: NO | CA24: NO | CB24: SI | CC24: SI | CD24: INODORO CON TANQUE | CE24: LA VIVIENDA NO CUENTA CON :LAVAPLATOS Y LAVAMANOS | CJ24: NORMAL - BUENA | CK24: TIENE AGUA LAS 24 HORAS | CL24: SI | CM24: NO | CN24: NO | CO24: PVC | CP24: SI | CQ24: NO | CR24: NO | CS24: NO | CT24: NO | CU24: OBRA GRIS | CV24: =CONCATENATE(H24,I24,J24,K24,L24,M24,N24,O24,P24,Q24,R24,S24,T24) -> SAN MARTIN PEATONAL220450740000 | CW24: =IF(CV24="","",IF(COUNTIF($CV$6:$CV$777,CV24)=1,"OK","¿REPETIDA?")) -> OK | CX24: =IF(COUNTBLANK(AC24)+COUNTBLANK(BH24)+COUNTBLANK(BN24:CD24)>11,"NO","SI") -> SI | CY24: =IF(CX24="NO","",IF(BV24="NO",$CY$5,IF(CA24="SI",IF(CR24="SI","",$CY$5),$CY$5))) -> 1 | CZ24: =IF(CX24="NO","",IF(BX24="NO",$CZ$5,IF(CC24="SI",IF(CT24="SI","",$CZ$5),$CZ$5))) -> 2 | DA24: =IF(CX24="NO","",IF(BT24="SI",IF(CD24="INODORO CON TANQUE",IF(BY24="SI",IF(CP24="SI","",$DA$5),$DA$5),$DA$5),$DA$5)) | DB24: =IF(CX24="NO","",IF(BU24="NO",$DB$5,IF(BZ24="SI",IF(CQ24="SI","",$DB$5),$DB$5))) -> 4 | DC24: =IF(CX24="NO","",IF(BW24="NO",$DC$5,IF(CB24="SI",IF(CS24="SI","",$DC$5),$DC$5))) -> 5 | DE24: =IF(DF24=8,$DE$5,IF(COUNT(CY24:DC24)<3,"",$DE$5)) -> 7 | DF24: =IF(CX24="NO","",IF(COUNT(CY24:DA24)<1,"",IF(CU24="OBRA GRIS","",IF(CU24="OBRA BLANCA","",IF(CU24="OBRA NEGRA","",$DF$5))))) | DG24: =IF(DF24=8,"",IF(COUNT(CY24:DA24)<1,"",IF(CU24="OBRA GRIS",$DG$5,IF(CU24="OBRA NEGRA",$DG$5,"")))) -> 9 | DH24: =IF(CX24="NO","",IF(BR24="SI","",$DH$5)) | DI24: =IF(CX24="NO","",IF(BS24="SI","",$DI$5)) | DJ24: =IF(CX24="NO","",COUNT(CY24:DC24)) -> 4 | DK24: =IF(CX24="NO",0,IF(CY24=1,Tipologías!$E$11,0)+IF(CZ24=2,Tipologías!$E$10,0)+IF(DA24=3,Tipologías!$E$9,0)+IF(DB24=4,Tipologías!$E$13,0)+IF(DC24=5,Tipologías!$E$12,0)+IF(DD24=6,Tipologías!$E$14,0)+IF(DE24=7,Tipologías!$E$20,0)+IF(DG24=9,Tipologías!$E$16,0)+IF(DF24=8,Tipologías!$E$23,0)+IF(DH24=10,Tipologías!$E$7,0)+IF(DI24=11,Tipologías!$E$8,0)) -> 3969201.9 | DL24: =IF(DK24>0,IF(DK24>$DM$1,$DM$1,DK24),0) -> 3969201.9 | DM24: =IF(DK24=0,"",IF(BN24="SI","",$DM$5)) | DN24: =IF(DK24=0,"",IF(BO24="SI","",$DN$5)) | DO24: =IF(DK24=0,"",IF(BP24="SI",0,$DO$5)) -> 0 | DP24: =IF(DK24=0,"",IF(BQ24="SI","",$DP$5)) | DQ24: =IF(DM24=17,Tipologías!$E$18,0)+IF(ENCUESTAS!DN24=18,Tipologías!$E$17,0)+IF(ENCUESTAS!DO24=19,Tipologías!$E$19,0)+IF(ENCUESTAS!DP24=20,Tipologías!$E$21,0) -> 0 | DR24: =IF(DK24="0","NO",IF(SUM(DM24:DP24)<1,"NO","SI")) -> NO | DS24: =IF(DL24>0,IF(DR24="SI",IF(DQ24>$DS$1,$DS$1,DQ24),0),0) -> 0 | DT24: =IF(DL24=0,"",(DL24+DS24+Tipologías!$E$6+Tipologías!$H$2)) -> 4166279.3 | DU24: =IF(CX24="NO","NO",IF(DK24>0,"SI","NO")) -> SI | DV24: MAR-005
A25: 42970 | B25: ANTIOQUIA | C25: Puerto Berrío | D25: 579 | E25: 1039704703 | F25: 3218398050 | G25: 20 | H25: PATIO BONITO | I25: PEATONAL | R25: 45113 | U25: =CONCATENATE(I25," ",J25,K25," ",L25," ",M25,"# "," ",N25,O25," ",P25,"- ",Q25," ",R25," ",S25) -> PEATONAL # - 45113 | V25: 3118398010 | W25: MUÑOZ | X25: BEDOYA | Y25: AURA | Z25: ROSA | AA25: =+CONCATENATE(Y25," ",Z25," ",W25," ",X25) -> AURA ROSA MUÑOZ BEDOYA | AB25: Cédula | AC25: 21206388 | AD25: F | AE25: 81 | AF25: SI | AK25: =+CONCATENATE(AI25," ",AJ25," ",AG25," ",AH25) | AN25: NO | AP25: NO | AQ25: 4 | AR25: 2 | AS25: 1 | AT25: PROPIA, TOTALMENTE PAGADA | AV25: ESCRITURA PÚBLICA | BB25: SI | BD25: SI | BF25: SI | BH25: INODORO CONECTADO A ALCANTARILLADO | BI25: BLOQUE, LADRILLO, PIEDRA | BJ25: TEJA DE BARRO, ZINC, ETERNIT (ASBESTO) | BK25: CEMENTO, GRAVILLA | BL25: SI | BM25: NO | BN25: SI | BO25: SI | BP25: SI | BQ25: SI | BR25: SI | BS25: SI | BT25: SI | BU25: SI | BV25: SI | BW25: SI | BX25: SI | BY25: SI | BZ25: SI | CA25: SI | CB25: SI | CC25: SI | CD25: INODORO CON TANQUE | CE25: LA VIVIENDA SE ENCUENTRA EN BUEN ESTADO. LA SEÑORA NO ME PRESENTO EL RECOBO DEL AGUA | CJ25: NORMAL - BUENA | CK25: TIENE AGUA LAS 24 HORAS | CL25: SI | CM25: NO | CN25: NO | CO25: PVC | CP25: SI | CQ25: SI | CR25: SI | CS25: SI | CT25: SI | CU25: OBRA NEGRA | CV25: =CONCATENATE(H25,I25,J25,K25,L25,M25,N25,O25,P25,Q25,R25,S25,T25) -> PATIO BONITOPEATONAL45113 | CW25: =IF(CV25="","",IF(COUNTIF($CV$6:$CV$777,CV25)=1,"OK","¿REPETIDA?")) -> OK | CX25: =IF(COUNTBLANK(AC25)+COUNTBLANK(BH25)+COUNTBLANK(BN25:CD25)>11,"NO","SI") -> SI | CY25: =IF(CX25="NO","",IF(BV25="NO",$CY$5,IF(CA25="SI",IF(CR25="SI","",$CY$5),$CY$5))) | CZ25: =IF(CX25="NO","",IF(BX25="NO",$CZ$5,IF(CC25="SI",IF(CT25="SI","",$CZ$5),$CZ$5))) | DA25: =IF(CX25="NO","",IF(BT25="SI",IF(CD25="INODORO CON TANQUE",IF(BY25="SI",IF(CP25="SI","",$DA$5),$DA$5),$DA$5),$DA$5)) | DB25: =IF(CX25="NO","",IF(BU25="NO",$DB$5,IF(BZ25="SI",IF(CQ25="SI","",$DB$5),$DB$5))) | DC25: =IF(CX25="NO","",IF(BW25="NO",$DC$5,IF(CB25="SI",IF(CS25="SI","",$DC$5),$DC$5))) | DE25: =IF(DF25=8,$DE$5,IF(COUNT(CY25:DC25)<3,"",$DE$5)) | DF25: =IF(CX25="NO","",IF(COUNT(CY25:DA25)<1,"",IF(CU25="OBRA GRIS","",IF(CU25="OBRA BLANCA","",IF(CU25="OBRA NEGRA","",$DF$5))))) | DG25: =IF(DF25=8,"",IF(COUNT(CY25:DA25)<1,"",IF(CU25="OBRA GRIS",$DG$5,IF(CU25="OBRA NEGRA",$DG$5,"")))) | DH25: =IF(CX25="NO","",IF(BR25="SI","",$DH$5)) | DI25: =IF(CX25="NO","",IF(BS25="SI","",$DI$5)) | DJ25: =IF(CX25="NO","",COUNT(CY25:DC25)) -> 0 | DK25: =IF(CX25="NO",0,IF(CY25=1,Tipologías!$E$11,0)+IF(CZ25=2,Tipologías!$E$10,0)+IF(DA25=3,Tipologías!$E$9,0)+IF(DB25=4,Tipologías!$E$13,0)+IF(DC25=5,Tipologías!$E$12,0)+IF(DD25=6,Tipologías!$E$14,0)+IF(DE25=7,Tipologías!$E$20,0)+IF(DG25=9,Tipologías!$E$16,0)+IF(DF25=8,Tipologías!$E$23,0)+IF(DH25=10,Tipologías!$E$7,0)+IF(DI25=11,Tipologías!$E$8,0)) -> 0 | DL25: =IF(DK25>0,IF(DK25>$DM$1,$DM$1,DK25),0) -> 0 | DM25: =IF(DK25=0,"",IF(BN25="SI","",$DM$5)) | DN25: =IF(DK25=0,"",IF(BO25="SI","",$DN$5)) | DO25: =IF(DK25=0,"",IF(BP25="SI",0,$DO$5)) | DP25: =IF(DK25=0,"",IF(BQ25="SI","",$DP$5)) | DQ25: =IF(DM25=17,Tipologías!$E$18,0)+IF(ENCUESTAS!DN25=18,Tipologías!$E$17,0)+IF(ENCUESTAS!DO25=19,Tipologías!$E$19,0)+IF(ENCUESTAS!DP25=20,Tipologías!$E$21,0) -> 0 | DR25: =IF(DK25="0","NO",IF(SUM(DM25:DP25)<1,"NO","SI")) -> NO | DS25: =IF(DL25>0,IF(DR25="SI",IF(DQ25>$DS$1,$DS$1,DQ25),0),0) -> 0 | DT25: =IF(DL25=0,"",(DL25+DS25+Tipologías!$E$6+Tipologías!$H$2)) | DU25: =IF(CX25="NO","NO",IF(DK25>0,"SI","NO")) -> NO
A26: 42970 | B26: ANTIOQUIA | C26: Puerto Berrío | D26: 579 | E26: 1039704703 | F26: 3218398050 | G26: 21 | H26: SAN MARTIN | I26: PEATONAL | R26: 220404900000 | U26: =CONCATENATE(I26," ",J26,K26," ",L26," ",M26,"# "," ",N26,O26," ",P26,"- ",Q26," ",R26," ",S26) -> PEATONAL # - 220404900000 | V26: 3136988894 | W26: MOLINA | X26: OSORIO | Y26: LUZ | Z26: MARINA | AA26: =+CONCATENATE(Y26," ",Z26," ",W26," ",X26) -> LUZ MARINA MOLINA OSORIO | AB26: Cédula | AC26: 21929017 | AD26: F | AE26: 65 | AF26: NO | AG26: VILLA | AI26: GABRIEL | AJ26: ANTONIO | AK26: =+CONCATENATE(AI26," ",AJ26," ",AG26," ",AH26) -> GABRIEL ANTONIO VILLA | AL26: Cédula | AM26: 3501063 | AN26: NO | AP26: NO | AQ26: 2 | AT26: PROPIA, TOTALMENTE PAGADA | AV26: ESCRITURA PÚBLICA | BB26: SI | BC26: 11608 | BD26: SI | BE26: 8071 | BF26: SI | BG26: 8366 | BH26: INODORO CONECTADO A ALCANTARILLADO | BI26: BLOQUE, LADRILLO, PIEDRA | BJ26: TEJA DE BARRO, ZINC, ETERNIT (ASBESTO) | BK26: BALDOSA, VINILO, TABLETA O LADRILLO | BL26: SI | BM26: NO | BN26: SI | BO26: SI | BP26: SI | BQ26: SI | BR26: SI | BS26: SI | BT26: SI | BU26: SI | BV26: NO | BW26: SI | BX26: SI | BY26: SI | BZ26: SI | CA26: NO | CB26: SI | CC26: SI | CD26: INODORO CON TANQUE | CE26: LA VIVIENDA NO CUENTA CON LAVAMANOS | CJ26: NORMAL - BUENA | CK26: TIENE AGUA LAS 24 HORAS | CL26: SI | CM26: NO | CN26: NO | CO26: PVC | CP26: SI | CQ26: SI | CR26: NO | CS26: SI | CT26: SI | CU26: OBRA GRIS | CV26: =CONCATENATE(H26,I26,J26,K26,L26,M26,N26,O26,P26,Q26,R26,S26,T26) -> SAN MARTIN PEATONAL220404900000 | CW26: =IF(CV26="","",IF(COUNTIF($CV$6:$CV$777,CV26)=1,"OK","¿REPETIDA?")) -> OK | CX26: =IF(COUNTBLANK(AC26)+COUNTBLANK(BH26)+COUNTBLANK(BN26:CD26)>11,"NO","SI") -> SI | CY26: =IF(CX26="NO","",IF(BV26="NO",$CY$5,IF(CA26="SI",IF(CR26="SI","",$CY$5),$CY$5))) -> 1 | CZ26: =IF(CX26="NO","",IF(BX26="NO",$CZ$5,IF(CC26="SI",IF(CT26="SI","",$CZ$5),$CZ$5))) | DA26: =IF(CX26="NO","",IF(BT26="SI",IF(CD26="INODORO CON TANQUE",IF(BY26="SI",IF(CP26="SI","",$DA$5),$DA$5),$DA$5),$DA$5)) | DB26: =IF(CX26="NO","",IF(BU26="NO",$DB$5,IF(BZ26="SI",IF(CQ26="SI","",$DB$5),$DB$5))) | DC26: =IF(CX26="NO","",IF(BW26="NO",$DC$5,IF(CB26="SI",IF(CS26="SI","",$DC$5),$DC$5))) | DE26: =IF(DF26=8,$DE$5,IF(COUNT(CY26:DC26)<3,"",$DE$5)) | DF26: =IF(CX26="NO","",IF(COUNT(CY26:DA26)<1,"",IF(CU26="OBRA GRIS","",IF(CU26="OBRA BLANCA","",IF(CU26="OBRA NEGRA","",$DF$5))))) | DG26: =IF(DF26=8,"",IF(COUNT(CY26:DA26)<1,"",IF(CU26="OBRA GRIS",$DG$5,IF(CU26="OBRA NEGRA",$DG$5,"")))) -> 9 | DH26: =IF(CX26="NO","",IF(BR26="SI","",$DH$5)) | DI26: =IF(CX26="NO","",IF(BS26="SI","",$DI$5)) | DJ26: =IF(CX26="NO","",COUNT(CY26:DC26)) -> 1 | DK26: =IF(CX26="NO",0,IF(CY26=1,Tipologías!$E$11,0)+IF(CZ26=2,Tipologías!$E$10,0)+IF(DA26=3,Tipologías!$E$9,0)+IF(DB26=4,Tipologías!$E$13,0)+IF(DC26=5,Tipologías!$E$12,0)+IF(DD26=6,Tipologías!$E$14,0)+IF(DE26=7,Tipologías!$E$20,0)+IF(DG26=9,Tipologías!$E$16,0)+IF(DF26=8,Tipologías!$E$23,0)+IF(DH26=10,Tipologías!$E$7,0)+IF(DI26=11,Tipologías!$E$8,0)) -> 2225218.5 | DL26: =IF(DK26>0,IF(DK26>$DM$1,$DM$1,DK26),0) -> 2225218.5 | DM26: =IF(DK26=0,"",IF(BN26="SI","",$DM$5)) | DN26: =IF(DK26=0,"",IF(BO26="SI","",$DN$5)) | DO26: =IF(DK26=0,"",IF(BP26="SI",0,$DO$5)) -> 0 | DP26: =IF(DK26=0,"",IF(BQ26="SI","",$DP$5)) | DQ26: =IF(DM26=17,Tipologías!$E$18,0)+IF(ENCUESTAS!DN26=18,Tipologías!$E$17,0)+IF(ENCUESTAS!DO26=19,Tipologías!$E$19,0)+IF(ENCUESTAS!DP26=20,Tipologías!$E$21,0) -> 0 | DR26: =IF(DK26="0","NO",IF(SUM(DM26:DP26)<1,"NO","SI")) -> NO | DS26: =IF(DL26>0,IF(DR26="SI",IF(DQ26>$DS$1,$DS$1,DQ26),0),0) -> 0 | DT26: =IF(DL26=0,"",(DL26+DS26+Tipologías!$E$6+Tipologías!$H$2)) -> 2422295.9 | DU26: =IF(CX26="NO","NO",IF(DK26>0,"SI","NO")) -> SI | DV26: MAR-006
A27: 42970 | B27: ANTIOQUIA | C27: Puerto Berrío | D27: 579 | E27: 1039704703 | F27: 3218398050 | G27: 22 | H27: NUEVO MILENIO | I27: CARRERA | J27: 15 | O27: 52 | P27: B | U27: =CONCATENATE(I27," ",J27,K27," ",L27," ",M27,"# "," ",N27,O27," ",P27,"- ",Q27," ",R27," ",S27) -> CARRERA 15 # 52 B- | V27: 3109216090 | W27: RIOS | Y27: JOHN | Z27: FREDY | AA27: =+CONCATENATE(Y27," ",Z27," ",W27," ",X27) -> JOHN FREDY RIOS | AB27: Cédula | AC27: 71191781 | AD27: M | AE27: 40 | AF27: NO | AG27: VALENCIA | AH27: ARIAS | AI27: LEIDY | AJ27: JOHANA | AK27: =+CONCATENATE(AI27," ",AJ27," ",AG27," ",AH27) -> LEIDY JOHANA VALENCIA ARIAS | AL27: Cédula | AM27: 1039687803 | AN27: NO | AP27: NO | AQ27: 4 | AR27: 2 | AT27: PROPIA, LA ESTÁN PAGANDO | AV27: CERTIFICADO DE COMPRAVENTA | BB27: SI | BC27: 20019 | BD27: SI | BE27: 14556 | BF27: SI | BG27: 8324 | BH27: INODORO CONECTADO A ALCANTARILLADO | BI27: BLOQUE, LADRILLO, PIEDRA | BJ27: TEJA DE BARRO, ZINC, ETERNIT (ASBESTO) | BK27: BALDOSA, VINILO, TABLETA O LADRILLO | BL27: SI | BM27: SI | BN27: SI | BO27: SI | BP27: SI | BQ27: SI | BR27: SI | BS27: SI | BT27: SI | BU27: SI | BV27: SI | BW27: SI | BX27: SI | BY27: SI | BZ27: SI | CA27: SI | CB27: SI | CC27: SI | CD27: INODORO CON TANQUE | CE27: LA CASA ESTA EN BUEN ESTADO | CJ27: NORMAL - BUENA | CK27: TIENE AGUA LAS 24 HORAS | CL27: SI | CM27: NO | CN27: NO | CO27: PVC | CP27: SI | CQ27: SI | CR27: SI | CS27: SI | CT27: SI | CU27: OBRA GRIS | CV27: =CONCATENATE(H27,I27,J27,K27,L27,M27,N27,O27,P27,Q27,R27,S27,T27) -> NUEVO MILENIOCARRERA1552B | CW27: =IF(CV27="","",IF(COUNTIF($CV$6:$CV$777,CV27)=1,"OK","¿REPETIDA?")) -> OK | CX27: =IF(COUNTBLANK(AC27)+COUNTBLANK(BH27)+COUNTBLANK(BN27:CD27)>11,"NO","SI") -> SI | CY27: =IF(CX27="NO","",IF(BV27="NO",$CY$5,IF(CA27="SI",IF(CR27="SI","",$CY$5),$CY$5))) | CZ27: =IF(CX27="NO","",IF(BX27="NO",$CZ$5,IF(CC27="SI",IF(CT27="SI","",$CZ$5),$CZ$5))) | DA27: =IF(CX27="NO","",IF(BT27="SI",IF(CD27="INODORO CON TANQUE",IF(BY27="SI",IF(CP27="SI","",$DA$5),$DA$5),$DA$5),$DA$5)) | DB27: =IF(CX27="NO","",IF(BU27="NO",$DB$5,IF(BZ27="SI",IF(CQ27="SI","",$DB$5),$DB$5))) | DC27: =IF(CX27="NO","",IF(BW27="NO",$DC$5,IF(CB27="SI",IF(CS27="SI","",$DC$5),$DC$5))) | DE27: =IF(DF27=8,$DE$5,IF(COUNT(CY27:DC27)<3,"",$DE$5)) | DF27: =IF(CX27="NO","",IF(COUNT(CY27:DA27)<1,"",IF(CU27="OBRA GRIS","",IF(CU27="OBRA BLANCA","",IF(CU27="OBRA NEGRA","",$DF$5))))) | DG27: =IF(DF27=8,"",IF(COUNT(CY27:DA27)<1,"",IF(CU27="OBRA GRIS",$DG$5,IF(CU27="OBRA NEGRA",$DG$5,"")))) | DH27: =IF(CX27="NO","",IF(BR27="SI","",$DH$5)) | DI27: =IF(CX27="NO","",IF(BS27="SI","",$DI$5)) | DJ27: =IF(CX27="NO","",COUNT(CY27:DC27)) -> 0 | DK27: =IF(CX27="NO",0,IF(CY27=1,Tipologías!$E$11,0)+IF(CZ27=2,Tipologías!$E$10,0)+IF(DA27=3,Tipologías!$E$9,0)+IF(DB27=4,Tipologías!$E$13,0)+IF(DC27=5,Tipologías!$E$12,0)+IF(DD27=6,Tipologías!$E$14,0)+IF(DE27=7,Tipologías!$E$20,0)+IF(DG27=9,Tipologías!$E$16,0)+IF(DF27=8,Tipologías!$E$23,0)+IF(DH27=10,Tipologías!$E$7,0)+IF(DI27=11,Tipologías!$E$8,0)) -> 0 | DL27: =IF(DK27>0,IF(DK27>$DM$1,$DM$1,DK27),0) -> 0 | DM27: =IF(DK27=0,"",IF(BN27="SI","",$DM$5)) | DN27: =IF(DK27=0,"",IF(BO27="SI","",$DN$5)) | DO27: =IF(DK27=0,"",IF(BP27="SI",0,$DO$5)) | DP27: =IF(DK27=0,"",IF(BQ27="SI","",$DP$5)) | DQ27: =IF(DM27=17,Tipologías!$E$18,0)+IF(ENCUESTAS!DN27=18,Tipologías!$E$17,0)+IF(ENCUESTAS!DO27=19,Tipologías!$E$19,0)+IF(ENCUESTAS!DP27=20,Tipologías!$E$21,0) -> 0 | DR27: =IF(DK27="0","NO",IF(SUM(DM27:DP27)<1,"NO","SI")) -> NO | DS27: =IF(DL27>0,IF(DR27="SI",IF(DQ27>$DS$1,$DS$1,DQ27),0),0) -> 0 | DT27: =IF(DL27=0,"",(DL27+DS27+Tipologías!$E$6+Tipologías!$H$2)) | DU27: =IF(CX27="NO","NO",IF(DK27>0,"SI","NO")) -> NO
A28: 42970 | B28: ANTIOQUIA | C28: Puerto Berrío | D28: 579 | E28: 1039704703 | F28: 3218398050 | G28: 23 | H28: NUEVO MILENIO | I28: PEATONAL | R28: 220583140044 | U28: =CONCATENATE(I28," ",J28,K28," ",L28," ",M28,"# "," ",N28,O28," ",P28,"- ",Q28," ",R28," ",S28) -> PEATONAL # - 220583140044 | V28: 3009001020 | W28: ANGARITA | X28: DE ECHAVARRIA | Y28: FLORINDA | AA28: =+CONCATENATE(Y28," ",Z28," ",W28," ",X28) -> FLORINDA ANGARITA DE ECHAVARRIA | AB28: Cédula | AC28: 21914746 | AD28: F | AE28: 87 | AF28: SI | AK28: =+CONCATENATE(AI28," ",AJ28," ",AG28," ",AH28) | AN28: NO | AP28: SI | AQ28: 3 | AT28: PROPIA, TOTALMENTE PAGADA | AV28: OTRO | BB28: SI | BC28: 10842 | BD28: SI | BE28: 7538 | BF28: SI | BG28: 8069 | BH28: INODORO CONECTADO A ALCANTARILLADO | BI28: BLOQUE, LADRILLO, PIEDRA | BJ28: TEJA DE BARRO, ZINC, ETERNIT (ASBESTO) | BK28: CEMENTO, GRAVILLA | BL28: SI | BM28: SI | BN28: SI | BO28: SI | BP28: SI | BQ28: SI | BR28: SI | BS28: SI | BT28: SI | BU28: SI | BV28: NO | BW28: NO | BX28: SI | BY28: SI | BZ28: SI | CA28: NO | CB28: NO | CC28: SI | CD28: INODORO CON TANQUE | CE28: NO TIENE LAVADERO, NO TIENE LAVAPLATOS. LA SEÑORA NO FIRMA | CJ28: NORMAL - BUENA | CK28: TIENE AGUA LAS 24 HORAS | CL28: SI | CM28: NO | CN28: NO | CO28: PVC | CP28: SI | CQ28: SI | CR28: NO | CS28: NO | CT28: SI | CU28: OBRA GRIS | CV28: =CONCATENATE(H28,I28,J28,K28,L28,M28,N28,O28,P28,Q28,R28,S28,T28) -> NUEVO MILENIOPEATONAL220583140044 | CW28: =IF(CV28="","",IF(COUNTIF($CV$6:$CV$777,CV28)=1,"OK","¿REPETIDA?")) -> OK | CX28: =IF(COUNTBLANK(AC28)+COUNTBLANK(BH28)+COUNTBLANK(BN28:CD28)>11,"NO","SI") -> SI | CY28: =IF(CX28="NO","",IF(BV28="NO",$CY$5,IF(CA28="SI",IF(CR28="SI","",$CY$5),$CY$5))) -> 1 | CZ28: =IF(CX28="NO","",IF(BX28="NO",$CZ$5,IF(CC28="SI",IF(CT28="SI","",$CZ$5),$CZ$5))) | DA28: =IF(CX28="NO","",IF(BT28="SI",IF(CD28="INODORO CON TANQUE",IF(BY28="SI",IF(CP28="SI","",$DA$5),$DA$5),$DA$5),$DA$5)) | DB28: =IF(CX28="NO","",IF(BU28="NO",$DB$5,IF(BZ28="SI",IF(CQ28="SI","",$DB$5),$DB$5))) | DC28: =IF(CX28="NO","",IF(BW28="NO",$DC$5,IF(CB28="SI",IF(CS28="SI","",$DC$5),$DC$5))) -> 5 | DE28: =IF(DF28=8,$DE$5,IF(COUNT(CY28:DC28)<3,"",$DE$5)) | DF28: =IF(CX28="NO","",IF(COUNT(CY28:DA28)<1,"",IF(CU28="OBRA GRIS","",IF(CU28="OBRA BLANCA","",IF(CU28="OBRA NEGRA","",$DF$5))))) | DG28: =IF(DF28=8,"",IF(COUNT(CY28:DA28)<1,"",IF(CU28="OBRA GRIS",$DG$5,IF(CU28="OBRA NEGRA",$DG$5,"")))) -> 9 | DH28: =IF(CX28="NO","",IF(BR28="SI","",$DH$5)) | DI28: =IF(CX28="NO","",IF(BS28="SI","",$DI$5)) | DJ28: =IF(CX28="NO","",COUNT(CY28:DC28)) -> 2 | DK28: =IF(CX28="NO",0,IF(CY28=1,Tipologías!$E$11,0)+IF(CZ28=2,Tipologías!$E$10,0)+IF(DA28=3,Tipologías!$E$9,0)+IF(DB28=4,Tipologías!$E$13,0)+IF(DC28=5,Tipologías!$E$12,0)+IF(DD28=6,Tipologías!$E$14,0)+IF(DE28=7,Tipologías!$E$20,0)+IF(DG28=9,Tipologías!$E$16,0)+IF(DF28=8,Tipologías!$E$23,0)+IF(DH28=10,Tipologías!$E$7,0)+IF(DI28=11,Tipologías!$E$8,0)) -> 2773070.5 | DL28: =IF(DK28>0,IF(DK28>$DM$1,$DM$1,DK28),0) -> 2773070.5 | DM28: =IF(DK28=0,"",IF(BN28="SI","",$DM$5)) | DN28: =IF(DK28=0,"",IF(BO28="SI","",$DN$5)) | DO28: =IF(DK28=0,"",IF(BP28="SI",0,$DO$5)) -> 0 | DP28: =IF(DK28=0,"",IF(BQ28="SI","",$DP$5)) | DQ28: =IF(DM28=17,Tipologías!$E$18,0)+IF(ENCUESTAS!DN28=18,Tipologías!$E$17,0)+IF(ENCUESTAS!DO28=19,Tipologías!$E$19,0)+IF(ENCUESTAS!DP28=20,Tipologías!$E$21,0) -> 0 | DR28: =IF(DK28="0","NO",IF(SUM(DM28:DP28)<1,"NO","SI")) -> NO | DS28: =IF(DL28>0,IF(DR28="SI",IF(DQ28>$DS$1,$DS$1,DQ28),0),0) -> 0 | DT28: =IF(DL28=0,"",(DL28+DS28+Tipologías!$E$6+Tipologías!$H$2)) -> 2970147.9 | DU28: =IF(CX28="NO","NO",IF(DK28>0,"SI","NO")) -> SI | DV28: MIL-002
A29: 42970 | B29: ANTIOQUIA | C29: Puerto Berrío | D29: 579 | E29: 1039704703 | F29: 3218398050 | G29: 24 | H29: NUEVO MILENIO | I29: PEATONAL | R29: 220583160004 | U29: =CONCATENATE(I29," ",J29,K29," ",L29," ",M29,"# "," ",N29,O29," ",P29,"- ",Q29," ",R29," ",S29) -> PEATONAL # - 220583160004 | V29: 3103568480 | W29: SANCHEZ | X29: DIAZ | Y29: LUZ | Z29: MARY | AA29: =+CONCATENATE(Y29," ",Z29," ",W29," ",X29) -> LUZ MARY SANCHEZ DIAZ | AB29: Cédula | AC29: 43649824 | AD29: F | AE29: 49 | AF29: NO | AG29: RODRIGUEZ | AH29: QUICENO | AI29: JORGE | AJ29: HERNAN | AK29: =+CONCATENATE(AI29," ",AJ29," ",AG29," ",AH29) -> JORGE HERNAN RODRIGUEZ QUICENO | AL29: Cédula | AM29: 71187707 | AN29: SI | AO29: 1683838 | AP29: NO | AQ29: 5 | AR29: 2 | AT29: PROPIA, TOTALMENTE PAGADA | AV29: CERTIFICADO DE COMPRAVENTA | BB29: SI | BC29: 24013 | BD29: SI | BE29: 16753 | BF29: SI | BG29: 16776 | BH29: INODORO CONECTADO A ALCANTARILLADO | BI29: BLOQUE, LADRILLO, PIEDRA | BJ29: TEJA DE BARRO, ZINC, ETERNIT (ASBESTO) | BK29: CEMENTO, GRAVILLA | BL29: SI | BM29: NO | BN29: SI | BO29: SI | BP29: SI | BQ29: SI | BR29: SI | BS29: SI | BT29: SI | BU29: SI | BV29: NO | BW29: NO | BX29: SI | BY29: SI | BZ29: SI | CA29: NO | CB29: NO | CC29: SI | CD29: INODORO CON TANQUE | CE29: LA CASA SE ENCUENTRA EN BUEN ESTADO | CJ29: NORMAL - BUENA | CK29: TIENE AGUA LAS 24 HORAS | CL29: SI | CM29: NO | CN29: NO | CO29: PVC | CP29: SI | CQ29: SI | CR29: SI | CS29: SI | CT29: SI | CU29: OBRA GRIS | CV29: =CONCATENATE(H29,I29,J29,K29,L29,M29,N29,O29,P29,Q29,R29,S29,T29) -> NUEVO MILENIOPEATONAL220583160004 | CW29: =IF(CV29="","",IF(COUNTIF($CV$6:$CV$777,CV29)=1,"OK","¿REPETIDA?")) -> OK | CX29: =IF(COUNTBLANK(AC29)+COUNTBLANK(BH29)+COUNTBLANK(BN29:CD29)>11,"NO","SI") -> SI | CY29: =IF(CX29="NO","",IF(BV29="NO",$CY$5,IF(CA29="SI",IF(CR29="SI","",$CY$5),$CY$5))) -> 1 | CZ29: =IF(CX29="NO","",IF(BX29="NO",$CZ$5,IF(CC29="SI",IF(CT29="SI","",$CZ$5),$CZ$5))) | DA29: =IF(CX29="NO","",IF(BT29="SI",IF(CD29="INODORO CON TANQUE",IF(BY29="SI",IF(CP29="SI","",$DA$5),$DA$5),$DA$5),$DA$5)) | DB29: =IF(CX29="NO","",IF(BU29="NO",$DB$5,IF(BZ29="SI",IF(CQ29="SI","",$DB$5),$DB$5))) | DC29: =IF(CX29="NO","",IF(BW29="NO",$DC$5,IF(CB29="SI",IF(CS29="SI","",$DC$5),$DC$5))) -> 5 | DE29: =IF(DF29=8,$DE$5,IF(COUNT(CY29:DC29)<3,"",$DE$5)) | DF29: =IF(CX29="NO","",IF(COUNT(CY29:DA29)<1,"",IF(CU29="OBRA GRIS","",IF(CU29="OBRA BLANCA","",IF(CU29="OBRA NEGRA","",$DF$5))))) | DG29: =IF(DF29=8,"",IF(COUNT(CY29:DA29)<1,"",IF(CU29="OBRA GRIS",$DG$5,IF(CU29="OBRA NEGRA",$DG$5,"")))) -> 9 | DH29: =IF(CX29="NO","",IF(BR29="SI","",$DH$5)) | DI29: =IF(CX29="NO","",IF(BS29="SI","",$DI$5)) | DJ29: =IF(CX29="NO","",COUNT(CY29:DC29)) -> 2 | DK29: =IF(CX29="NO",0,IF(CY29=1,Tipologías!$E$11,0)+IF(CZ29=2,Tipologías!$E$10,0)+IF(DA29=3,Tipologías!$E$9,0)+IF(DB29=4,Tipologías!$E$13,0)+IF(DC29=5,Tipologías!$E$12,0)+IF(DD29=6,Tipologías!$E$14,0)+IF(DE29=7,Tipologías!$E$20,0)+IF(DG29=9,Tipologías!$E$16,0)+IF(DF29=8,Tipologías!$E$23,0)+IF(DH29=10,Tipologías!$E$7,0)+IF(DI29=11,Tipologías!$E$8,0)) -> 2773070.5 | DL29: =IF(DK29>0,IF(DK29>$DM$1,$DM$1,DK29),0) -> 2773070.5 | DM29: =IF(DK29=0,"",IF(BN29="SI","",$DM$5)) | DN29: =IF(DK29=0,"",IF(BO29="SI","",$DN$5)) | DO29: =IF(DK29=0,"",IF(BP29="SI",0,$DO$5)) -> 0 | DP29: =IF(DK29=0,"",IF(BQ29="SI","",$DP$5)) | DQ29: =IF(DM29=17,Tipologías!$E$18,0)+IF(ENCUESTAS!DN29=18,Tipologías!$E$17,0)+IF(ENCUESTAS!DO29=19,Tipologías!$E$19,0)+IF(ENCUESTAS!DP29=20,Tipologías!$E$21,0) -> 0 | DR29: =IF(DK29="0","NO",IF(SUM(DM29:DP29)<1,"NO","SI")) -> NO | DS29: =IF(DL29>0,IF(DR29="SI",IF(DQ29>$DS$1,$DS$1,DQ29),0),0) -> 0 | DT29: =IF(DL29=0,"",(DL29+DS29+Tipologías!$E$6+Tipologías!$H$2)) -> 2970147.9 | DU29: =IF(CX29="NO","NO",IF(DK29>0,"SI","NO")) -> SI | DV29: MIL-003
A30: 42970 | B30: ANTIOQUIA | C30: Puerto Berrío | D30: 579 | E30: 1039704703 | F30: 3218398050 | G30: 25 | H30: PATIO BONITO | I30: PEATONAL | R30: 220459480000 | U30: =CONCATENATE(I30," ",J30,K30," ",L30," ",M30,"# "," ",N30,O30," ",P30,"- ",Q30," ",R30," ",S30) -> PEATONAL # - 220459480000 | V30: 3209202233 | W30: LOAIZA | X30: SUAREZ | Y30: ANA | Z30: MILENA | AA30: =+CONCATENATE(Y30," ",Z30," ",W30," ",X30) -> ANA MILENA LOAIZA SUAREZ | AB30: Cédula | AC30: 1020434088 | AD30: F | AE30: 27 | AF30: NO | AG30: PRADO | AH30: ORTEGA | AI30: DUBAN | AJ30: EDUARDO | AK30: =+CONCATENATE(AI30," ",AJ30," ",AG30," ",AH30) -> DUBAN EDUARDO PRADO ORTEGA | AL30: Cédula | AM30: 71188314 | AN30: NO | AP30: NO | AQ30: 3 | AR30: 1 | AT30: EN ARRIENDO O SUBARRIENDO | AX30: DE PALABRA | AZ30: 6 | BA30: 200000 | BB30: SI | BC30: 13044 | BD30: SI | BE30: 9182 | BF30: SI | BG30: 8324 | BH30: INODORO CONECTADO A ALCANTARILLADO | BI30: BLOQUE, LADRILLO, PIEDRA | BJ30: BLOQUE, PIEDRA, MADERA PULIDA | BK30: CEMENTO, GRAVILLA | BL30: SI | BM30: SI | BN30: SI | BO30: SI | BP30: SI | BQ30: SI | BR30: SI | BS30: SI | BT30: SI | BU30: SI | BV30: SI | BW30: NO | BX30: SI | BY30: SI | BZ30: SI | CA30: SI | CB30: NO | CC30: SI | CD30: INODORO CON TANQUE | CE30: LA VIVIENDA NO CUENTA CON LAVADERO | CJ30: NORMAL - BUENA | CK30: TIENE AGUA LAS 24 HORAS | CL30: SI | CM30: NO | CN30: NO | CO30: PVC | CP30: SI | CQ30: SI | CR30: SI | CS30: NO | CT30: SI | CU30: OBRA GRIS | CV30: =CONCATENATE(H30,I30,J30,K30,L30,M30,N30,O30,P30,Q30,R30,S30,T30) -> PATIO BONITOPEATONAL220459480000 | CW30: =IF(CV30="","",IF(COUNTIF($CV$6:$CV$777,CV30)=1,"OK","¿REPETIDA?")) -> OK | CX30: =IF(COUNTBLANK(AC30)+COUNTBLANK(BH30)+COUNTBLANK(BN30:CD30)>11,"NO","SI") -> SI | CY30: =IF(CX30="NO","",IF(BV30="NO",$CY$5,IF(CA30="SI",IF(CR30="SI","",$CY$5),$CY$5))) | CZ30: =IF(CX30="NO","",IF(BX30="NO",$CZ$5,IF(CC30="SI",IF(CT30="SI","",$CZ$5),$CZ$5))) | DA30: =IF(CX30="NO","",IF(BT30="SI",IF(CD30="INODORO CON TANQUE",IF(BY30="SI",IF(CP30="SI","",$DA$5),$DA$5),$DA$5),$DA$5)) | DB30: =IF(CX30="NO","",IF(BU30="NO",$DB$5,IF(BZ30="SI",IF(CQ30="SI","",$DB$5),$DB$5))) | DC30: =IF(CX30="NO","",IF(BW30="NO",$DC$5,IF(CB30="SI",IF(CS30="SI","",$DC$5),$DC$5))) -> 5 | DE30: =IF(DF30=8,$DE$5,IF(COUNT(CY30:DC30)<3,"",$DE$5)) | DF30: =IF(CX30="NO","",IF(COUNT(CY30:DA30)<1,"",IF(CU30="OBRA GRIS","",IF(CU30="OBRA BLANCA","",IF(CU30="OBRA NEGRA","",$DF$5))))) | DG30: =IF(DF30=8,"",IF(COUNT(CY30:DA30)<1,"",IF(CU30="OBRA GRIS",$DG$5,IF(CU30="OBRA NEGRA",$DG$5,"")))) | DH30: =IF(CX30="NO","",IF(BR30="SI","",$DH$5)) | DI30: =IF(CX30="NO","",IF(BS30="SI","",$DI$5)) | DJ30: =IF(CX30="NO","",COUNT(CY30:DC30)) -> 1 | DK30: =IF(CX30="NO",0,IF(CY30=1,Tipologías!$E$11,0)+IF(CZ30=2,Tipologías!$E$10,0)+IF(DA30=3,Tipologías!$E$9,0)+IF(DB30=4,Tipologías!$E$13,0)+IF(DC30=5,Tipologías!$E$12,0)+IF(DD30=6,Tipologías!$E$14,0)+IF(DE30=7,Tipologías!$E$20,0)+IF(DG30=9,Tipologías!$E$16,0)+IF(DF30=8,Tipologías!$E$23,0)+IF(DH30=10,Tipologías!$E$7,0)+IF(DI30=11,Tipologías!$E$8,0)) -> 547851.96 | DL30: =IF(DK30>0,IF(DK30>$DM$1,$DM$1,DK30),0) -> 547851.96 | DM30: =IF(DK30=0,"",IF(BN30="SI","",$DM$5)) | DN30: =IF(DK30=0,"",IF(BO30="SI","",$DN$5)) | DO30: =IF(DK30=0,"",IF(BP30="SI",0,$DO$5)) -> 0 | DP30: =IF(DK30=0,"",IF(BQ30="SI","",$DP$5)) | DQ30: =IF(DM30=17,Tipologías!$E$18,0)+IF(ENCUESTAS!DN30=18,Tipologías!$E$17,0)+IF(ENCUESTAS!DO30=19,Tipologías!$E$19,0)+IF(ENCUESTAS!DP30=20,Tipologías!$E$21,0) -> 0 | DR30: =IF(DK30="0","NO",IF(SUM(DM30:DP30)<1,"NO","SI")) -> NO | DS30: =IF(DL30>0,IF(DR30="SI",IF(DQ30>$DS$1,$DS$1,DQ30),0),0) -> 0 | DT30: =IF(DL30=0,"",(DL30+DS30+Tipologías!$E$6+Tipologías!$H$2)) -> 744929.36 | DU30: =IF(CX30="NO","NO",IF(DK30>0,"SI","NO")) -> SI | DV30: MAR-007
A31: 42970 | B31: ANTIOQUIA | C31: Puerto Berrío | D31: 579 | E31: 1039704703 | F31: 3218398050 | G31: 26 | H31: NUEVO MILENIO | I31: PEATONAL | R31: 220548690072 | U31: =CONCATENATE(I31," ",J31,K31," ",L31," ",M31,"# "," ",N31,O31," ",P31,"- ",Q31," ",R31," ",S31) -> PEATONAL # - 220548690072 | V31: 3172116227 | W31: GAÑAN | X31: ZEA | Y31: REINSON | Z31: ESNEIDER | AA31: =+CONCATENATE(Y31," ",Z31," ",W31," ",X31) -> REINSON ESNEIDER GAÑAN ZEA | AB31: Cédula | AC31: 71194937 | AD31: M | AE31: 32 | AF31: NO | AG31: GIL | AH31: GUSMAN | AI31: ANA | AJ31: SORELLY | AK31: =+CONCATENATE(AI31," ",AJ31," ",AG31," ",AH31) -> ANA SORELLY GIL GUSMAN | AL31: Cédula | AM31: 33625483 | AN31: NO | AP31: NO | AQ31: 4 | AR31: 2 | AT31: PROPIA, TOTALMENTE PAGADA | AV31: CERTIFICADO DE COMPRAVENTA | BB31: SI | BC31: 26985 | BD31: SI | BE31: 19046 | BF31: SI | BG31: 16732 | BH31: INODORO CONECTADO A ALCANTARILLADO | BI31: BLOQUE, LADRILLO, PIEDRA | BJ31: TEJA DE BARRO, ZINC, ETERNIT (ASBESTO) | BK31: CEMENTO, GRAVILLA | BL31: SI | BM31: NO | BN31: SI | BO31: SI | BP31: SI | BQ31: SI | BR31: SI | BS31: SI | BT31: SI | BU31: SI | BV31: NO | BW31: SI | BX31: SI | BY31: SI | BZ31: SI | CA31: NO | CB31: SI | CC31: SI | CD31: INODORO CON TANQUE | CE31: LA CASA NO CUENTA LAVAMANOS Y LA VIVIENDA NO CUENTA CON RED UNIDOS | CJ31: NORMAL - BUENA | CK31: TIENE AGUA LAS 24 HORAS | CL31: SI | CM31: NO | CN31: NO | CO31: PVC | CP31: SI | CQ31: SI | CR31: NO | CS31: SI | CT31: SI | CU31: OBRA GRIS | CV31: =CONCATENATE(H31,I31,J31,K31,L31,M31,N31,O31,P31,Q31,R31,S31,T31) -> NUEVO MILENIOPEATONAL220548690072 | CW31: =IF(CV31="","",IF(COUNTIF($CV$6:$CV$777,CV31)=1,"OK","¿REPETIDA?")) -> OK | CX31: =IF(COUNTBLANK(AC31)+COUNTBLANK(BH31)+COUNTBLANK(BN31:CD31)>11,"NO","SI") -> SI | CY31: =IF(CX31="NO","",IF(BV31="NO",$CY$5,IF(CA31="SI",IF(CR31="SI","",$CY$5),$CY$5))) -> 1 | CZ31: =IF(CX31="NO","",IF(BX31="NO",$CZ$5,IF(CC31="SI",IF(CT31="SI","",$CZ$5),$CZ$5))) | DA31: =IF(CX31="NO","",IF(BT31="SI",IF(CD31="INODORO CON TANQUE",IF(BY31="SI",IF(CP31="SI","",$DA$5),$DA$5),$DA$5),$DA$5)) | DB31: =IF(CX31="NO","",IF(BU31="NO",$DB$5,IF(BZ31="SI",IF(CQ31="SI","",$DB$5),$DB$5))) | DC31: =IF(CX31="NO","",IF(BW31="NO",$DC$5,IF(CB31="SI",IF(CS31="SI","",$DC$5),$DC$5))) | DE31: =IF(DF31=8,$DE$5,IF(COUNT(CY31:DC31)<3,"",$DE$5)) | DF31: =IF(CX31="NO","",IF(COUNT(CY31:DA31)<1,"",IF(CU31="OBRA GRIS","",IF(CU31="OBRA BLANCA","",IF(CU31="OBRA NEGRA","",$DF$5))))) | DG31: =IF(DF31=8,"",IF(COUNT(CY31:DA31)<1,"",IF(CU31="OBRA GRIS",$DG$5,IF(CU31="OBRA NEGRA",$DG$5,"")))) -> 9 | DH31: =IF(CX31="NO","",IF(BR31="SI","",$DH$5)) | DI31: =IF(CX31="NO","",IF(BS31="SI","",$DI$5)) | DJ31: =IF(CX31="NO","",COUNT(CY31:DC31)) -> 1 | DK31: =IF(CX31="NO",0,IF(CY31=1,Tipologías!$E$11,0)+IF(CZ31=2,Tipologías!$E$10,0)+IF(DA31=3,Tipologías!$E$9,0)+IF(DB31=4,Tipologías!$E$13,0)+IF(DC31=5,Tipologías!$E$12,0)+IF(DD31=6,Tipologías!$E$14,0)+IF(DE31=7,Tipologías!$E$20,0)+IF(DG31=9,Tipologías!$E$16,0)+IF(DF31=8,Tipologías!$E$23,0)+IF(DH31=10,Tipologías!$E$7,0)+IF(DI31=11,Tipologías!$E$8,0)) -> 2225218.5 | DL31: =IF(DK31>0,IF(DK31>$DM$1,$DM$1,DK31),0) -> 2225218.5 | DM31: =IF(DK31=0,"",IF(BN31="SI","",$DM$5)) | DN31: =IF(DK31=0,"",IF(BO31="SI","",$DN$5)) | DO31: =IF(DK31=0,"",IF(BP31="SI",0,$DO$5)) -> 0 | DP31: =IF(DK31=0,"",IF(BQ31="SI","",$DP$5)) | DQ31: =IF(DM31=17,Tipologías!$E$18,0)+IF(ENCUESTAS!DN31=18,Tipologías!$E$17,0)+IF(ENCUESTAS!DO31=19,Tipologías!$E$19,0)+IF(ENCUESTAS!DP31=20,Tipologías!$E$21,0) -> 0 | DR31: =IF(DK31="0","NO",IF(SUM(DM31:DP31)<1,"NO","SI")) -> NO | DS31: =IF(DL31>0,IF(DR31="SI",IF(DQ31>$DS$1,$DS$1,DQ31),0),0) -> 0 | DT31: =IF(DL31=0,"",(DL31+DS31+Tipologías!$E$6+Tipologías!$H$2)) -> 2422295.9 | DU31: =IF(CX31="NO","NO",IF(DK31>0,"SI","NO")) -> SI | DV31: MIL-004
A32: 42970 | B32: ANTIOQUIA | C32: Puerto Berrío | D32: 579 | E32: 1039704703 | F32: 3218398050 | G32: 27 | H32: PATIO BONITO | I32: PEATONAL | R32: 220459400000 | U32: =CONCATENATE(I32," ",J32,K32," ",L32," ",M32,"# "," ",N32,O32," ",P32,"- ",Q32," ",R32," ",S32) -> PEATONAL # - 220459400000 | V32: 3128182870 | W32: CORDOBA | X32: DE MORENO | Y32: CRUZ | Z32: DEL CARMEN | AA32: =+CONCATENATE(Y32," ",Z32," ",W32," ",X32) -> CRUZ DEL CARMEN CORDOBA DE MORENO | AB32: Cédula | AC32: 26303753 | AD32: F | AE32: 72 | AF32: SI | AK32: =+CONCATENATE(AI32," ",AJ32," ",AG32," ",AH32) | AN32: NO | AP32: NO | AQ32: 1 | AT32: PROPIA, TOTALMENTE PAGADA | AV32: ESCRITURA PÚBLICA | BB32: SI | BC32: 13792 | BD32: SI | BE32: 9757 | BF32: SI | BG32: 8324 | BH32: INODORO CONECTADO A ALCANTARILLADO | BI32: MADERA PULIDA | BJ32: TEJA DE BARRO, ZINC, ETERNIT (ASBESTO) | BK32: CEMENTO, GRAVILLA | BL32: SI | BM32: SI | BN32: SI | BO32: SI | BP32: SI | BQ32: SI | BR32: SI | BS32: SI | BT32: SI | BU32: NO | BV32: NO | BW32: SI | BX32: SI | BY32: SI | BZ32: NO | CA32: NO | CB32: SI | CC32: SI | CD32: INODORO CON TANQUE | CE32: NO TIENE LAVAPLATOS, NO TIENE LAVAMANOS. NO FIRMA LA JEFA DEL HOGAR | CJ32: NORMAL - BUENA | CK32: TIENE AGUA LAS 24 HORAS | CL32: SI | CM32: NO | CN32: NO | CO32: PVC | CP32: SI | CQ32: NO | CR32: NO | CS32: SI | CT32: SI | CU32: OBRA GRIS | CV32: =CONCATENATE(H32,I32,J32,K32,L32,M32,N32,O32,P32,Q32,R32,S32,T32) -> PATIO BONITOPEATONAL220459400000 | CW32: =IF(CV32="","",IF(COUNTIF($CV$6:$CV$777,CV32)=1,"OK","¿REPETIDA?")) -> OK | CX32: =IF(COUNTBLANK(AC32)+COUNTBLANK(BH32)+COUNTBLANK(BN32:CD32)>11,"NO","SI") -> SI | CY32: =IF(CX32="NO","",IF(BV32="NO",$CY$5,IF(CA32="SI",IF(CR32="SI","",$CY$5),$CY$5))) -> 1 | CZ32: =IF(CX32="NO","",IF(BX32="NO",$CZ$5,IF(CC32="SI",IF(CT32="SI","",$CZ$5),$CZ$5))) | DA32: =IF(CX32="NO","",IF(BT32="SI",IF(CD32="INODORO CON TANQUE",IF(BY32="SI",IF(CP32="SI","",$DA$5),$DA$5),$DA$5),$DA$5)) | DB32: =IF(CX32="NO","",IF(BU32="NO",$DB$5,IF(BZ32="SI",IF(CQ32="SI","",$DB$5),$DB$5))) -> 4 | DC32: =IF(CX32="NO","",IF(BW32="NO",$DC$5,IF(CB32="SI",IF(CS32="SI","",$DC$5),$DC$5))) | DE32: =IF(DF32=8,$DE$5,IF(COUNT(CY32:DC32)<3,"",$DE$5)) | DF32: =IF(CX32="NO","",IF(COUNT(CY32:DA32)<1,"",IF(CU32="OBRA GRIS","",IF(CU32="OBRA BLANCA","",IF(CU32="OBRA NEGRA","",$DF$5))))) | DG32: =IF(DF32=8,"",IF(COUNT(CY32:DA32)<1,"",IF(CU32="OBRA GRIS",$DG$5,IF(CU32="OBRA NEGRA",$DG$5,"")))) -> 9 | DH32: =IF(CX32="NO","",IF(BR32="SI","",$DH$5)) | DI32: =IF(CX32="NO","",IF(BS32="SI","",$DI$5)) | DJ32: =IF(CX32="NO","",COUNT(CY32:DC32)) -> 2 | DK32: =IF(CX32="NO",0,IF(CY32=1,Tipologías!$E$11,0)+IF(CZ32=2,Tipologías!$E$10,0)+IF(DA32=3,Tipologías!$E$9,0)+IF(DB32=4,Tipologías!$E$13,0)+IF(DC32=5,Tipologías!$E$12,0)+IF(DD32=6,Tipologías!$E$14,0)+IF(DE32=7,Tipologías!$E$20,0)+IF(DG32=9,Tipologías!$E$16,0)+IF(DF32=8,Tipologías!$E$23,0)+IF(DH32=10,Tipologías!$E$7,0)+IF(DI32=11,Tipologías!$E$8,0)) -> 2858472.6 | DL32: =IF(DK32>0,IF(DK32>$DM$1,$DM$1,DK32),0) -> 2858472.6 | DM32: =IF(DK32=0,"",IF(BN32="SI","",$DM$5)) | DN32: =IF(DK32=0,"",IF(BO32="SI","",$DN$5)) | DO32: =IF(DK32=0,"",IF(BP32="SI",0,$DO$5)) -> 0 | DP32: =IF(DK32=0,"",IF(BQ32="SI","",$DP$5)) | DQ32: =IF(DM32=17,Tipologías!$E$18,0)+IF(ENCUESTAS!DN32=18,Tipologías!$E$17,0)+IF(ENCUESTAS!DO32=19,Tipologías!$E$19,0)+IF(ENCUESTAS!DP32=20,Tipologías!$E$21,0) -> 0 | DR32: =IF(DK32="0","NO",IF(SUM(DM32:DP32)<1,"NO","SI")) -> NO | DS32: =IF(DL32>0,IF(DR32="SI",IF(DQ32>$DS$1,$DS$1,DQ32),0),0) -> 0 | DT32: =IF(DL32=0,"",(DL32+DS32+Tipologías!$E$6+Tipologías!$H$2)) -> 3055550 | DU32: =IF(CX32="NO","NO",IF(DK32>0,"SI","NO")) -> SI | DV32: MAR-008
A33: 42970 | B33: ANTIOQUIA | C33: Puerto Berrío | D33: 579 | E33: 1039704703 | F33: 3218398050 | G33: 28 | H33: PATIO BONITO | I33: PEATONAL | R33: 220458600000 | U33: =CONCATENATE(I33," ",J33,K33," ",L33," ",M33,"# "," ",N33,O33," ",P33,"- ",Q33," ",R33," ",S33) -> PEATONAL # - 220458600000 | V33: 3207669367 | W33: TABARES | X33: ECHEVERRI | Y33: MARIA | Z33: DEL CARMEN | AA33: =+CONCATENATE(Y33," ",Z33," ",W33," ",X33) -> MARIA DEL CARMEN TABARES ECHEVERRI | AB33: Cédula | AC33: 43651220 | AD33: F | AE33: 45 | AF33: SI | AK33: =+CONCATENATE(AI33," ",AJ33," ",AG33," ",AH33) | AN33: NO | AP33: NO | AQ33: 3 | AR33: 1 | AT33: EN ARRIENDO O SUBARRIENDO | AX33: DE PALABRA | AY33: 3 | BA33: 150000 | BB33: SI | BC33: 10055 | BD33: SI | BE33: 6878 | BF33: SI | BG33: 8324 | BH33: INODORO CONECTADO A ALCANTARILLADO | BI33: BLOQUE, LADRILLO, PIEDRA | BJ33: TEJA DE BARRO, ZINC, ETERNIT (ASBESTO) | BK33: CEMENTO, GRAVILLA | BL33: SI | BM33: SI | BN33: SI | BO33: SI | BP33: SI | BQ33: SI | BR33: SI | BS33: SI | BT33: SI | BU33: SI | BV33: NO | BW33: SI | BX33: SI | BY33: SI | BZ33: SI | CA33: NO | CB33: SI | CC33: SI | CD33: INODORO CON TANQUE | CE33: LA VIVIENDA NO CUENTA CON LAVAMANOS, EL BAÑO NO CUENTA CON PUERTA | CJ33: NORMAL - BUENA | CK33: TIENE AGUA LAS 24 HORAS | CL33: SI | CM33: NO | CN33: NO | CO33: PVC | CP33: SI | CQ33: SI | CR33: NO | CS33: SI | CT33: SI | CU33: OBRA GRIS | CV33: =CONCATENATE(H33,I33,J33,K33,L33,M33,N33,O33,P33,Q33,R33,S33,T33) -> PATIO BONITOPEATONAL220458600000 | CW33: =IF(CV33="","",IF(COUNTIF($CV$6:$CV$777,CV33)=1,"OK","¿REPETIDA?")) -> OK | CX33: =IF(COUNTBLANK(AC33)+COUNTBLANK(BH33)+COUNTBLANK(BN33:CD33)>11,"NO","SI") -> SI | CY33: =IF(CX33="NO","",IF(BV33="NO",$CY$5,IF(CA33="SI",IF(CR33="SI","",$CY$5),$CY$5))) -> 1 | CZ33: =IF(CX33="NO","",IF(BX33="NO",$CZ$5,IF(CC33="SI",IF(CT33="SI","",$CZ$5),$CZ$5))) | DA33: =IF(CX33="NO","",IF(BT33="SI",IF(CD33="INODORO CON TANQUE",IF(BY33="SI",IF(CP33="SI","",$DA$5),$DA$5),$DA$5),$DA$5)) | DB33: =IF(CX33="NO","",IF(BU33="NO",$DB$5,IF(BZ33="SI",IF(CQ33="SI","",$DB$5),$DB$5))) | DC33: =IF(CX33="NO","",IF(BW33="NO",$DC$5,IF(CB33="SI",IF(CS33="SI","",$DC$5),$DC$5))) | DE33: =IF(DF33=8,$DE$5,IF(COUNT(CY33:DC33)<3,"",$DE$5)) | DF33: =IF(CX33="NO","",IF(COUNT(CY33:DA33)<1,"",IF(CU33="OBRA GRIS","",IF(CU33="OBRA BLANCA","",IF(CU33="OBRA NEGRA","",$DF$5))))) | DG33: =IF(DF33=8,"",IF(COUNT(CY33:DA33)<1,"",IF(CU33="OBRA GRIS",$DG$5,IF(CU33="OBRA NEGRA",$DG$5,"")))) -> 9 | DH33: =IF(CX33="NO","",IF(BR33="SI","",$DH$5)) | DI33: =IF(CX33="NO","",IF(BS33="SI","",$DI$5)) | DJ33: =IF(CX33="NO","",COUNT(CY33:DC33)) -> 1 | DK33: =IF(CX33="NO",0,IF(CY33=1,Tipologías!$E$11,0)+IF(CZ33=2,Tipologías!$E$10,0)+IF(DA33=3,Tipologías!$E$9,0)+IF(DB33=4,Tipologías!$E$13,0)+IF(DC33=5,Tipologías!$E$12,0)+IF(DD33=6,Tipologías!$E$14,0)+IF(DE33=7,Tipologías!$E$20,0)+IF(DG33=9,Tipologías!$E$16,0)+IF(DF33=8,Tipologías!$E$23,0)+IF(DH33=10,Tipologías!$E$7,0)+IF(DI33=11,Tipologías!$E$8,0)) -> 2225218.5 | DL33: =IF(DK33>0,IF(DK33>$DM$1,$DM$1,DK33),0) -> 2225218.5 | DM33: =IF(DK33=0,"",IF(BN33="SI","",$DM$5)) | DN33: =IF(DK33=0,"",IF(BO33="SI","",$DN$5)) | DO33: =IF(DK33=0,"",IF(BP33="SI",0,$DO$5)) -> 0 | DP33: =IF(DK33=0,"",IF(BQ33="SI","",$DP$5)) | DQ33: =IF(DM33=17,Tipologías!$E$18,0)+IF(ENCUESTAS!DN33=18,Tipologías!$E$17,0)+IF(ENCUESTAS!DO33=19,Tipologías!$E$19,0)+IF(ENCUESTAS!DP33=20,Tipologías!$E$21,0) -> 0 | DR33: =IF(DK33="0","NO",IF(SUM(DM33:DP33)<1,"NO","SI")) -> NO | DS33: =IF(DL33>0,IF(DR33="SI",IF(DQ33>$DS$1,$DS$1,DQ33),0),0) -> 0 | DT33: =IF(DL33=0,"",(DL33+DS33+Tipologías!$E$6+Tipologías!$H$2)) -> 2422295.9 | DU33: =IF(CX33="NO","NO",IF(DK33>0,"SI","NO")) -> SI | DV33: MAR-009
A34: 42970 | B34: ANTIOQUIA | C34: Puerto Berrío | D34: 579 | E34: 1039704703 | F34: 3218398050 | G34: 29 | H34: PATIO BONITO | I34: PEATONAL | R34: 22045852000 | U34: =CONCATENATE(I34," ",J34,K34," ",L34," ",M34,"# "," ",N34,O34," ",P34,"- ",Q34," ",R34," ",S34) -> PEATONAL # - 22045852000 | V34: 3216059227 | W34: SERNA | Y34: MARIA | Z34: ALPIDIA | AA34: =+CONCATENATE(Y34," ",Z34," ",W34," ",X34) -> MARIA ALPIDIA SERNA | AB34: Cédula | AC34: 1039682798 | AD34: F | AE34: 29 | AF34: SI | AK34: =+CONCATENATE(AI34," ",AJ34," ",AG34," ",AH34) | AN34: NO | AP34: NO | AQ34: 4 | AR34: 2 | AS34: 1 | AT34: PROPIA, TOTALMENTE PAGADA | AV34: CERTIFICADO DE COMPRAVENTA | BB34: SI | BC34: 7167 | BD34: SI | BE34: 4648 | BF34: SI | BG34: 80366 | BH34: INODORO CONECTADO A ALCANTARILLADO | BI34: BLOQUE, LADRILLO, PIEDRA | BJ34: TEJA DE BARRO, ZINC, ETERNIT (ASBESTO) | BK34: CEMENTO, GRAVILLA | BL34: SI | BM34: SI | BN34: SI | BO34: SI | BP34: SI | BQ34: SI | BR34: SI | BS34: SI | BT34: SI | BU34: SI | BV34: SI | BW34: NO | BX34: SI | BY34: SI | BZ34: SI | CA34: SI | CB34: NO | CC34: SI | CD34: INODORO CON TANQUE | CE34: LA VIVIENDA NO CUENTA CON LAVADERO Y EL BAÑO NO TIENE PUERTA | CJ34: NORMAL - BUENA | CK34: TIENE AGUA LAS 24 HORAS | CL34: SI | CM34: NO | CN34: NO | CO34: PVC | CP34: SI | CQ34: SI | CR34: SI | CS34: NO | CT34: SI | CU34: OBRA GRIS | CV34: =CONCATENATE(H34,I34,J34,K34,L34,M34,N34,O34,P34,Q34,R34,S34,T34) -> PATIO BONITOPEATONAL22045852000 | CW34: =IF(CV34="","",IF(COUNTIF($CV$6:$CV$777,CV34)=1,"OK","¿REPETIDA?")) -> OK | CX34: =IF(COUNTBLANK(AC34)+COUNTBLANK(BH34)+COUNTBLANK(BN34:CD34)>11,"NO","SI") -> SI | CY34: =IF(CX34="NO","",IF(BV34="NO",$CY$5,IF(CA34="SI",IF(CR34="SI","",$CY$5),$CY$5))) | CZ34: =IF(CX34="NO","",IF(BX34="NO",$CZ$5,IF(CC34="SI",IF(CT34="SI","",$CZ$5),$CZ$5))) | DA34: =IF(CX34="NO","",IF(BT34="SI",IF(CD34="INODORO CON TANQUE",IF(BY34="SI",IF(CP34="SI","",$DA$5),$DA$5),$DA$5),$DA$5)) | DB34: =IF(CX34="NO","",IF(BU34="NO",$DB$5,IF(BZ34="SI",IF(CQ34="SI","",$DB$5),$DB$5))) | DC34: =IF(CX34="NO","",IF(BW34="NO",$DC$5,IF(CB34="SI",IF(CS34="SI","",$DC$5),$DC$5))) -> 5 | DE34: =IF(DF34=8,$DE$5,IF(COUNT(CY34:DC34)<3,"",$DE$5)) | DF34: =IF(CX34="NO","",IF(COUNT(CY34:DA34)<1,"",IF(CU34="OBRA GRIS","",IF(CU34="OBRA BLANCA","",IF(CU34="OBRA NEGRA","",$DF$5))))) | DG34: =IF(DF34=8,"",IF(COUNT(CY34:DA34)<1,"",IF(CU34="OBRA GRIS",$DG$5,IF(CU34="OBRA NEGRA",$DG$5,"")))) | DH34: =IF(CX34="NO","",IF(BR34="SI","",$DH$5)) | DI34: =IF(CX34="NO","",IF(BS34="SI","",$DI$5)) | DJ34: =IF(CX34="NO","",COUNT(CY34:DC34)) -> 1 | DK34: =IF(CX34="NO",0,IF(CY34=1,Tipologías!$E$11,0)+IF(CZ34=2,Tipologías!$E$10,0)+IF(DA34=3,Tipologías!$E$9,0)+IF(DB34=4,Tipologías!$E$13,0)+IF(DC34=5,Tipologías!$E$12,0)+IF(DD34=6,Tipologías!$E$14,0)+IF(DE34=7,Tipologías!$E$20,0)+IF(DG34=9,Tipologías!$E$16,0)+IF(DF34=8,Tipologías!$E$23,0)+IF(DH34=10,Tipologías!$E$7,0)+IF(DI34=11,Tipologías!$E$8,0)) -> 547851.96 | DL34: =IF(DK34>0,IF(DK34>$DM$1,$DM$1,DK34),0) -> 547851.96 | DM34: =IF(DK34=0,"",IF(BN34="SI","",$DM$5)) | DN34: =IF(DK34=0,"",IF(BO34="SI","",$DN$5)) | DO34: =IF(DK34=0,"",IF(BP34="SI",0,$DO$5)) -> 0 | DP34: =IF(DK34=0,"",IF(BQ34="SI","",$DP$5)) | DQ34: =IF(DM34=17,Tipologías!$E$18,0)+IF(ENCUESTAS!DN34=18,Tipologías!$E$17,0)+IF(ENCUESTAS!DO34=19,Tipologías!$E$19,0)+IF(ENCUESTAS!DP34=20,Tipologías!$E$21,0) -> 0 | DR34: =IF(DK34="0","NO",IF(SUM(DM34:DP34)<1,"NO","SI")) -> NO | DS34: =IF(DL34>0,IF(DR34="SI",IF(DQ34>$DS$1,$DS$1,DQ34),0),0) -> 0 | DT34: =IF(DL34=0,"",(DL34+DS34+Tipologías!$E$6+Tipologías!$H$2)) -> 744929.36 | DU34: =IF(CX34="NO","NO",IF(DK34>0,"SI","NO")) -> SI | DV34: MAR-010
A35: 42970 | B35: ANTIOQUIA | C35: Puerto Berrío | D35: 579 | E35: 1039704703 | F35: 3218398050 | G35: 30 | H35: NUEVO MILENIO | I35: PEATONAL | R35: 2205270017 | U35: =CONCATENATE(I35," ",J35,K35," ",L35," ",M35,"# "," ",N35,O35," ",P35,"- ",Q35," ",R35," ",S35) -> PEATONAL # - 2205270017 | V35: 3219270927 | W35: RINCON | X35: CORREA | Y35: NELLY | Z35: DEL SOCORRO | AA35: =+CONCATENATE(Y35," ",Z35," ",W35," ",X35) -> NELLY DEL SOCORRO RINCON CORREA | AB35: Cédula | AC35: 43653481 | AD35: F | AE35: 42 | AF35: SI | AK35: =+CONCATENATE(AI35," ",AJ35," ",AG35," ",AH35) | AN35: NO | AP35: NO | AQ35: 5 | AR35: 4 | AT35: PROPIA, TOTALMENTE PAGADA | AV35: CERTIFICADO DE COMPRAVENTA | BB35: SI | BC35: 13044 | BD35: SI | BE35: 9182 | BF35: SI | BG35: 8324 | BH35: INODORO CONECTADO A ALCANTARILLADO | BI35: BLOQUE, LADRILLO, PIEDRA | BJ35: TEJA DE BARRO, ZINC, ETERNIT (ASBESTO) | BK35: CEMENTO, GRAVILLA | BL35: NO | BM35: NO | BN35: SI | BO35: SI | BP35: SI | BQ35: SI | BR35: SI | BS35: SI | BT35: SI | BU35: NO | BV35: NO | BW35: NO | BX35: SI | BY35: SI | BZ35: NO | CA35: NO | CB35: NO | CC35: SI | CD35: INODORO SIN TANQUE | CE35: LA VIVIENDA CUENTA CON SANITARIO SIN TANQUE, NO TIENE LAVAPLATOS, NO TIENE LAVADERO, LAVAMANOS | CJ35: NORMAL - BUENA | CK35: TIENE AGUA LAS 24 HORAS | CL35: SI | CM35: NO | CN35: NO | CO35: PVC | CP35: SI | CQ35: NO | CR35: NO | CS35: NO | CT35: SI | CU35: OBRA GRIS | CV35: =CONCATENATE(H35,I35,J35,K35,L35,M35,N35,O35,P35,Q35,R35,S35,T35) -> NUEVO MILENIOPEATONAL2205270017 | CW35: =IF(CV35="","",IF(COUNTIF($CV$6:$CV$777,CV35)=1,"OK","¿REPETIDA?")) -> OK | CX35: =IF(COUNTBLANK(AC35)+COUNTBLANK(BH35)+COUNTBLANK(BN35:CD35)>11,"NO","SI") -> SI | CY35: =IF(CX35="NO","",IF(BV35="NO",$CY$5,IF(CA35="SI",IF(CR35="SI","",$CY$5),$CY$5))) -> 1 | CZ35: =IF(CX35="NO","",IF(BX35="NO",$CZ$5,IF(CC35="SI",IF(CT35="SI","",$CZ$5),$CZ$5))) | DA35: =IF(CX35="NO","",IF(BT35="SI",IF(CD35="INODORO CON TANQUE",IF(BY35="SI",IF(CP35="SI","",$DA$5),$DA$5),$DA$5),$DA$5)) -> 3 | DB35: =IF(CX35="NO","",IF(BU35="NO",$DB$5,IF(BZ35="SI",IF(CQ35="SI","",$DB$5),$DB$5))) -> 4 | DC35: =IF(CX35="NO","",IF(BW35="NO",$DC$5,IF(CB35="SI",IF(CS35="SI","",$DC$5),$DC$5))) -> 5 | DE35: =IF(DF35=8,$DE$5,IF(COUNT(CY35:DC35)<3,"",$DE$5)) -> 7 | DF35: =IF(CX35="NO","",IF(COUNT(CY35:DA35)<1,"",IF(CU35="OBRA GRIS","",IF(CU35="OBRA BLANCA","",IF(CU35="OBRA NEGRA","",$DF$5))))) | DG35: =IF(DF35=8,"",IF(COUNT(CY35:DA35)<1,"",IF(CU35="OBRA GRIS",$DG$5,IF(CU35="OBRA NEGRA",$DG$5,"")))) -> 9 | DH35: =IF(CX35="NO","",IF(BR35="SI","",$DH$5)) | DI35: =IF(CX35="NO","",IF(BS35="SI","",$DI$5)) | DJ35: =IF(CX35="NO","",COUNT(CY35:DC35)) -> 4 | DK35: =IF(CX35="NO",0,IF(CY35=1,Tipologías!$E$11,0)+IF(CZ35=2,Tipologías!$E$10,0)+IF(DA35=3,Tipologías!$E$9,0)+IF(DB35=4,Tipologías!$E$13,0)+IF(DC35=5,Tipologías!$E$12,0)+IF(DD35=6,Tipologías!$E$14,0)+IF(DE35=7,Tipologías!$E$20,0)+IF(DG35=9,Tipologías!$E$16,0)+IF(DF35=8,Tipologías!$E$23,0)+IF(DH35=10,Tipologías!$E$7,0)+IF(DI35=11,Tipologías!$E$8,0)) -> 4158248.5 | DL35: =IF(DK35>0,IF(DK35>$DM$1,$DM$1,DK35),0) -> 4158248.5 | DM35: =IF(DK35=0,"",IF(BN35="SI","",$DM$5)) | DN35: =IF(DK35=0,"",IF(BO35="SI","",$DN$5)) | DO35: =IF(DK35=0,"",IF(BP35="SI",0,$DO$5)) -> 0 | DP35: =IF(DK35=0,"",IF(BQ35="SI","",$DP$5)) | DQ35: =IF(DM35=17,Tipologías!$E$18,0)+IF(ENCUESTAS!DN35=18,Tipologías!$E$17,0)+IF(ENCUESTAS!DO35=19,Tipologías!$E$19,0)+IF(ENCUESTAS!DP35=20,Tipologías!$E$21,0) -> 0 | DR35: =IF(DK35="0","NO",IF(SUM(DM35:DP35)<1,"NO","SI")) -> NO | DS35: =IF(DL35>0,IF(DR35="SI",IF(DQ35>$DS$1,$DS$1,DQ35),0),0) -> 0 | DT35: =IF(DL35=0,"",(DL35+DS35+Tipologías!$E$6+Tipologías!$H$2)) -> 4355325.9 | DU35: =IF(CX35="NO","NO",IF(DK35>0,"SI","NO")) -> SI | DV35: MIL-005
A36: 42970 | B36: ANTIOQUIA | C36: Puerto Berrío | D36: 579 | E36: 1039704703 | F36: 3218398050 | G36: 31 | H36: NUEVO MILENIO | I36: PEATONAL | R36: 3032600005 | U36: =CONCATENATE(I36," ",J36,K36," ",L36," ",M36,"# "," ",N36,O36," ",P36,"- ",Q36," ",R36," ",S36) -> PEATONAL # - 3032600005 | V36: 3218362151 | W36: JIMENEZ | X36: FLOREZ | Y36: CAMILA | Z36: ANDREA | AA36: =+CONCATENATE(Y36," ",Z36," ",W36," ",X36) -> CAMILA ANDREA JIMENEZ FLOREZ | AB36: Cédula | AC36: 1003289495 | AD36: F | AE36: 23 | AF36: NO | AG36: ROMERO | AI36: NEVER | AJ36: JOSE | AK36: =+CONCATENATE(AI36," ",AJ36," ",AG36," ",AH36) -> NEVER JOSE ROMERO | AL36: Cédula | AM36: 95545705 | AN36: SI | AP36: SI | AQ36: 9 | AR36: 4 | AS36: 3 | AT36: EN ARRIENDO O SUBARRIENDO | AX36: POR ESCRITO | AZ36: 6 | BA36: 180000 | BB36: SI | BD36: SI | BF36: SI | BH36: INODORO CONECTADO A ALCANTARILLADO | BI36: BLOQUE, LADRILLO, PIEDRA | BJ36: TEJA DE BARRO, ZINC, ETERNIT (ASBESTO) | BK36: BALDOSA, VINILO, TABLETA O LADRILLO | BL36: SI | BM36: NO | BN36: SI | BO36: SI | BP36: SI | BQ36: SI | BR36: SI | BS36: SI | BT36: SI | BU36: SI | BV36: SI | BW36: NO | BX36: SI | BY36: SI | BZ36: SI | CA36: SI | CB36: NO | CC36: SI | CD36: INODORO CON TANQUE | CE36: LA SEÑORA ESTA EN RED UNIDOS PERO NO ENCUENTRA LA CARPETA PARA EL NUMERO DEL FOLIO. LA SEÑORA NO ME PRESENTO EL RECIBO DEL AGUA | CJ36: NORMAL - BUENA | CK36: TIENE AGUA LAS 24 HORAS | CL36: SI | CM36: NO | CN36: NO | CO36: PVC | CP36: SI | CQ36: SI | CR36: SI | CS36: NO | CT36: SI | CU36: OBRA GRIS | CV36: =CONCATENATE(H36,I36,J36,K36,L36,M36,N36,O36,P36,Q36,R36,S36,T36) -> NUEVO MILENIOPEATONAL3032600005 | CW36: =IF(CV36="","",IF(COUNTIF($CV$6:$CV$777,CV36)=1,"OK","¿REPETIDA?")) -> OK | CX36: =IF(COUNTBLANK(AC36)+COUNTBLANK(BH36)+COUNTBLANK(BN36:CD36)>11,"NO","SI") -> SI | CY36: =IF(CX36="NO","",IF(BV36="NO",$CY$5,IF(CA36="SI",IF(CR36="SI","",$CY$5),$CY$5))) | CZ36: =IF(CX36="NO","",IF(BX36="NO",$CZ$5,IF(CC36="SI",IF(CT36="SI","",$CZ$5),$CZ$5))) | DA36: =IF(CX36="NO","",IF(BT36="SI",IF(CD36="INODORO CON TANQUE",IF(BY36="SI",IF(CP36="SI","",$DA$5),$DA$5),$DA$5),$DA$5)) | DB36: =IF(CX36="NO","",IF(BU36="NO",$DB$5,IF(BZ36="SI",IF(CQ36="SI","",$DB$5),$DB$5))) | DC36: =IF(CX36="NO","",IF(BW36="NO",$DC$5,IF(CB36="SI",IF(CS36="SI","",$DC$5),$DC$5))) -> 5 | DE36: =IF(DF36=8,$DE$5,IF(COUNT(CY36:DC36)<3,"",$DE$5)) | DF36: =IF(CX36="NO","",IF(COUNT(CY36:DA36)<1,"",IF(CU36="OBRA GRIS","",IF(CU36="OBRA BLANCA","",IF(CU36="OBRA NEGRA","",$DF$5))))) | DG36: =IF(DF36=8,"",IF(COUNT(CY36:DA36)<1,"",IF(CU36="OBRA GRIS",$DG$5,IF(CU36="OBRA NEGRA",$DG$5,"")))) | DH36: =IF(CX36="NO","",IF(BR36="SI","",$DH$5)) | DI36: =IF(CX36="NO","",IF(BS36="SI","",$DI$5)) | DJ36: =IF(CX36="NO","",COUNT(CY36:DC36)) -> 1 | DK36: =IF(CX36="NO",0,IF(CY36=1,Tipologías!$E$11,0)+IF(CZ36=2,Tipologías!$E$10,0)+IF(DA36=3,Tipologías!$E$9,0)+IF(DB36=4,Tipologías!$E$13,0)+IF(DC36=5,Tipologías!$E$12,0)+IF(DD36=6,Tipologías!$E$14,0)+IF(DE36=7,Tipologías!$E$20,0)+IF(DG36=9,Tipologías!$E$16,0)+IF(DF36=8,Tipologías!$E$23,0)+IF(DH36=10,Tipologías!$E$7,0)+IF(DI36=11,Tipologías!$E$8,0)) -> 547851.96 | DL36: =IF(DK36>0,IF(DK36>$DM$1,$DM$1,DK36),0) -> 547851.96 | DM36: =IF(DK36=0,"",IF(BN36="SI","",$DM$5)) | DN36: =IF(DK36=0,"",IF(BO36="SI","",$DN$5)) | DO36: =IF(DK36=0,"",IF(BP36="SI",0,$DO$5)) -> 0 | DP36: =IF(DK36=0,"",IF(BQ36="SI","",$DP$5)) | DQ36: =IF(DM36=17,Tipologías!$E$18,0)+IF(ENCUESTAS!DN36=18,Tipologías!$E$17,0)+IF(ENCUESTAS!DO36=19,Tipologías!$E$19,0)+IF(ENCUESTAS!DP36=20,Tipologías!$E$21,0) -> 0 | DR36: =IF(DK36="0","NO",IF(SUM(DM36:DP36)<1,"NO","SI")) -> NO | DS36: =IF(DL36>0,IF(DR36="SI",IF(DQ36>$DS$1,$DS$1,DQ36),0),0) -> 0 | DT36: =IF(DL36=0,"",(DL36+DS36+Tipologías!$E$6+Tipologías!$H$2)) -> 744929.36 | DU36: =IF(CX36="NO","NO",IF(DK36>0,"SI","NO")) -> SI | DV36: MIL-006
A37: 42970 | B37: ANTIOQUIA | C37: Puerto Berrío | D37: 579 | E37: 1039704703 | F37: 3218398050 | G37: 32 | H37: TAHAMI | I37: PEATONAL | R37: 22055140 | U37: =CONCATENATE(I37," ",J37,K37," ",L37," ",M37,"# "," ",N37,O37," ",P37,"- ",Q37," ",R37," ",S37) -> PEATONAL # - 22055140 | V37: 3113147884 | W37: VILLA | X37: PUERTA | Y37: LIGIA | Z37: DEL JESUS | AA37: =+CONCATENATE(Y37," ",Z37," ",W37," ",X37) -> LIGIA DEL JESUS VILLA PUERTA | AB37: Cédula | AC37: 43650469 | AD37: F | AE37: 64 | AF37: SI | AK37: =+CONCATENATE(AI37," ",AJ37," ",AG37," ",AH37) | AN37: NO | AP37: NO | AQ37: 3 | AR37: 2 | AT37: PROPIA, TOTALMENTE PAGADA | AV37: CERTIFICADO DE COMPRAVENTA | BB37: SI | BC37: 6392 | BD37: SI | BE37: 4051 | BF37: SI | BG37: 8366 | BH37: INODORO CONECTADO A ALCANTARILLADO | BI37: BLOQUE, LADRILLO, PIEDRA | BJ37: TEJA DE BARRO, ZINC, ETERNIT (ASBESTO) | BK37: CEMENTO, GRAVILLA | BL37: SI | BM37: NO | BN37: SI | BO37: SI | BP37: SI | BQ37: SI | BR37: SI | BS37: SI | BT37: SI | BU37: SI | BV37: NO | BW37: NO | BX37: NO | BY37: SI | BZ37: SI | CA37: NO | CB37: NO | CC37: NO | CD37: INODORO CON TANQUE | CE37: EL BAÑO NO TIENE PUERTA NO TIENE LAVADERO, DUCHA Y LAVAMANOS | CJ37: NORMAL - BUENA | CK37: TIENE AGUA LAS 24 HORAS | CL37: SI | CM37: NO | CN37: NO | CO37: PVC | CP37: SI | CQ37: NO | CR37: NO | CS37: NO | CT37: NO | CU37: OBRA GRIS | CV37: =CONCATENATE(H37,I37,J37,K37,L37,M37,N37,O37,P37,Q37,R37,S37,T37) -> TAHAMIPEATONAL22055140 | CW37: =IF(CV37="","",IF(COUNTIF($CV$6:$CV$777,CV37)=1,"OK","¿REPETIDA?")) -> OK | CX37: =IF(COUNTBLANK(AC37)+COUNTBLANK(BH37)+COUNTBLANK(BN37:CD37)>11,"NO","SI") -> SI | CY37: =IF(CX37="NO","",IF(BV37="NO",$CY$5,IF(CA37="SI",IF(CR37="SI","",$CY$5),$CY$5))) -> 1 | CZ37: =IF(CX37="NO","",IF(BX37="NO",$CZ$5,IF(CC37="SI",IF(CT37="SI","",$CZ$5),$CZ$5))) -> 2 | DA37: =IF(CX37="NO","",IF(BT37="SI",IF(CD37="INODORO CON TANQUE",IF(BY37="SI",IF(CP37="SI","",$DA$5),$DA$5),$DA$5),$DA$5)) | DB37: =IF(CX37="NO","",IF(BU37="NO",$DB$5,IF(BZ37="SI",IF(CQ37="SI","",$DB$5),$DB$5))) -> 4 | DC37: =IF(CX37="NO","",IF(BW37="NO",$DC$5,IF(CB37="SI",IF(CS37="SI","",$DC$5),$DC$5))) -> 5 | DE37: =IF(DF37=8,$DE$5,IF(COUNT(CY37:DC37)<3,"",$DE$5)) -> 7 | DF37: =IF(CX37="NO","",IF(COUNT(CY37:DA37)<1,"",IF(CU37="OBRA GRIS","",IF(CU37="OBRA BLANCA","",IF(CU37="OBRA NEGRA","",$DF$5))))) | DG37: =IF(DF37=8,"",IF(COUNT(CY37:DA37)<1,"",IF(CU37="OBRA GRIS",$DG$5,IF(CU37="OBRA NEGRA",$DG$5,"")))) -> 9 | DH37: =IF(CX37="NO","",IF(BR37="SI","",$DH$5)) | DI37: =IF(CX37="NO","",IF(BS37="SI","",$DI$5)) | DJ37: =IF(CX37="NO","",COUNT(CY37:DC37)) -> 4 | DK37: =IF(CX37="NO",0,IF(CY37=1,Tipologías!$E$11,0)+IF(CZ37=2,Tipologías!$E$10,0)+IF(DA37=3,Tipologías!$E$9,0)+IF(DB37=4,Tipologías!$E$13,0)+IF(DC37=5,Tipologías!$E$12,0)+IF(DD37=6,Tipologías!$E$14,0)+IF(DE37=7,Tipologías!$E$20,0)+IF(DG37=9,Tipologías!$E$16,0)+IF(DF37=8,Tipologías!$E$23,0)+IF(DH37=10,Tipologías!$E$7,0)+IF(DI37=11,Tipologías!$E$8,0)) -> 3969201.9 | DL37: =IF(DK37>0,IF(DK37>$DM$1,$DM$1,DK37),0) -> 3969201.9 | DM37: =IF(DK37=0,"",IF(BN37="SI","",$DM$5)) | DN37: =IF(DK37=0,"",IF(BO37="SI","",$DN$5)) | DO37: =IF(DK37=0,"",IF(BP37="SI",0,$DO$5)) -> 0 | DP37: =IF(DK37=0,"",IF(BQ37="SI","",$DP$5)) | DQ37: =IF(DM37=17,Tipologías!$E$18,0)+IF(ENCUESTAS!DN37=18,Tipologías!$E$17,0)+IF(ENCUESTAS!DO37=19,Tipologías!$E$19,0)+IF(ENCUESTAS!DP37=20,Tipologías!$E$21,0) -> 0 | DR37: =IF(DK37="0","NO",IF(SUM(DM37:DP37)<1,"NO","SI")) -> NO | DS37: =IF(DL37>0,IF(DR37="SI",IF(DQ37>$DS$1,$DS$1,DQ37),0),0) -> 0 | DT37: =IF(DL37=0,"",(DL37+DS37+Tipologías!$E$6+Tipologías!$H$2)) -> 4166279.3 | DU37: =IF(CX37="NO","NO",IF(DK37>0,"SI","NO")) -> SI | DV37: TAH-001
A38: 42970 | B38: ANTIOQUIA | C38: Puerto Berrío | D38: 579 | E38: 1039704703 | F38: 3218398050 | G38: 33 | H38: TAHAMI | I38: PEATONAL | R38: 22055060 | U38: =CONCATENATE(I38," ",J38,K38," ",L38," ",M38,"# "," ",N38,O38," ",P38,"- ",Q38," ",R38," ",S38) -> PEATONAL # - 22055060 | V38: 3205017771 | W38: AMARILES | X38: MONSALVE | Y38: ALINA | Z38: MARIA | AA38: =+CONCATENATE(Y38," ",Z38," ",W38," ",X38) -> ALINA MARIA AMARILES MONSALVE | AB38: Cédula | AC38: 43653257 | AD38: F | AE38: 40 | AF38: SI | AK38: =+CONCATENATE(AI38," ",AJ38," ",AG38," ",AH38) | AN38: NO | AP38: NO | AQ38: 6 | AR38: 4 | AS38: 1 | AT38: PROPIA, TOTALMENTE PAGADA | AV38: CERTIFICADO DE COMPRAVENTA | BB38: SI | BC38: 14608 | BD38: SI | BE38: 10382 | BF38: SI | BG38: 8366 | BH38: INODORO CONECTADO A ALCANTARILLADO | BI38: MADERA PULIDA | BJ38: TEJA DE BARRO, ZINC, ETERNIT (ASBESTO) | BK38: CEMENTO, GRAVILLA | BL38: NO | BM38: NO | BN38: SI | BO38: SI | BP38: SI | BQ38: SI | BR38: SI | BS38: SI | BT38: NO | BU38: NO | BV38: NO | BW38: NO | BX38: NO | BY38: SI | BZ38: NO | CA38: NO | CB38: NO | CC38: NO | CD38: INODORO CON TANQUE | CE38: NO TIENE LAVADER, DUCHA, LAVAPLATOS, LAVAMANOS | CJ38: NORMAL - BUENA | CK38: TIENE AGUA LAS 24 HORAS | CL38: SI | CM38: NO | CN38: NO | CO38: PVC | CP38: SI | CQ38: NO | CR38: NO | CS38: NO | CT38: NO | CU38: NO TIENE - NO APLICA | CV38: =CONCATENATE(H38,I38,J38,K38,L38,M38,N38,O38,P38,Q38,R38,S38,T38) -> TAHAMIPEATONAL22055060 | CW38: =IF(CV38="","",IF(COUNTIF($CV$6:$CV$777,CV38)=1,"OK","¿REPETIDA?")) -> OK | CX38: =IF(COUNTBLANK(AC38)+COUNTBLANK(BH38)+COUNTBLANK(BN38:CD38)>11,"NO","SI") -> SI | CY38: =IF(CX38="NO","",IF(BV38="NO",$CY$5,IF(CA38="SI",IF(CR38="SI","",$CY$5),$CY$5))) -> 1 | CZ38: =IF(CX38="NO","",IF(BX38="NO",$CZ$5,IF(CC38="SI",IF(CT38="SI","",$CZ$5),$CZ$5))) -> 2 | DA38: =IF(CX38="NO","",IF(BT38="SI",IF(CD38="INODORO CON TANQUE",IF(BY38="SI",IF(CP38="SI","",$DA$5),$DA$5),$DA$5),$DA$5)) -> 3 | DB38: =IF(CX38="NO","",IF(BU38="NO",$DB$5,IF(BZ38="SI",IF(CQ38="SI","",$DB$5),$DB$5))) -> 4 | DC38: =IF(CX38="NO","",IF(BW38="NO",$DC$5,IF(CB38="SI",IF(CS38="SI","",$DC$5),$DC$5))) -> 5 | DE38: =IF(DF38=8,$DE$5,IF(COUNT(CY38:DC38)<3,"",$DE$5)) -> 7 | DF38: =IF(CX38="NO","",IF(COUNT(CY38:DA38)<1,"",IF(CU38="OBRA GRIS","",IF(CU38="OBRA BLANCA","",IF(CU38="OBRA NEGRA","",$DF$5))))) -> 8 | DG38: =IF(DF38=8,"",IF(COUNT(CY38:DA38)<1,"",IF(CU38="OBRA GRIS",$DG$5,IF(CU38="OBRA NEGRA",$DG$5,"")))) | DH38: =IF(CX38="NO","",IF(BR38="SI","",$DH$5)) | DI38: =IF(CX38="NO","",IF(BS38="SI","",$DI$5)) | DJ38: =IF(CX38="NO","",COUNT(CY38:DC38)) -> 5 | DK38: =IF(CX38="NO",0,IF(CY38=1,Tipologías!$E$11,0)+IF(CZ38=2,Tipologías!$E$10,0)+IF(DA38=3,Tipologías!$E$9,0)+IF(DB38=4,Tipologías!$E$13,0)+IF(DC38=5,Tipologías!$E$12,0)+IF(DD38=6,Tipologías!$E$14,0)+IF(DE38=7,Tipologías!$E$20,0)+IF(DG38=9,Tipologías!$E$16,0)+IF(DF38=8,Tipologías!$E$23,0)+IF(DH38=10,Tipologías!$E$7,0)+IF(DI38=11,Tipologías!$E$8,0)) -> 6834981.5 | DL38: =IF(DK38>0,IF(DK38>$DM$1,$DM$1,DK38),0) -> 6099266.3 | DM38: =IF(DK38=0,"",IF(BN38="SI","",$DM$5)) | DN38: =IF(DK38=0,"",IF(BO38="SI","",$DN$5)) | DO38: =IF(DK38=0,"",IF(BP38="SI",0,$DO$5)) -> 0 | DP38: =IF(DK38=0,"",IF(BQ38="SI","",$DP$5)) | DQ38: =IF(DM38=17,Tipologías!$E$18,0)+IF(ENCUESTAS!DN38=18,Tipologías!$E$17,0)+IF(ENCUESTAS!DO38=19,Tipologías!$E$19,0)+IF(ENCUESTAS!DP38=20,Tipologías!$E$21,0) -> 0 | DR38: =IF(DK38="0","NO",IF(SUM(DM38:DP38)<1,"NO","SI")) -> NO | DS38: =IF(DL38>0,IF(DR38="SI",IF(DQ38>$DS$1,$DS$1,DQ38),0),0) -> 0 | DT38: =IF(DL38=0,"",(DL38+DS38+Tipologías!$E$6+Tipologías!$H$2)) -> 6296343.7 | DU38: =IF(CX38="NO","NO",IF(DK38>0,"SI","NO")) -> SI | DV38: TAH-002
A39: 42970 | B39: ANTIOQUIA | C39: Puerto Berrío | D39: 579 | E39: 1039704703 | F39: 3218398050 | G39: 34 | H39: NUEVO MILENIO | I39: PEATONAL | R39: 220548690128 | U39: =CONCATENATE(I39," ",J39,K39," ",L39," ",M39,"# "," ",N39,O39," ",P39,"- ",Q39," ",R39," ",S39) -> PEATONAL # - 220548690128 | V39: 3112472093 | W39: RODRIGUEZ | X39: LOPERA | Y39: LUISA | Z39: FERNANDA | AA39: =+CONCATENATE(Y39," ",Z39," ",W39," ",X39) -> LUISA FERNANDA RODRIGUEZ LOPERA | AB39: Cédula | AC39: 1007114739 | AD39: F | AE39: 24 | AF39: SI | AK39: =+CONCATENATE(AI39," ",AJ39," ",AG39," ",AH39) | AN39: NO | AP39: NO | AQ39: 7 | AR39: 3 | AS39: 3 | AT39: PROPIA, TOTALMENTE PAGADA | AV39: ESCRITURA PÚBLICA | BB39: SI | BC39: 18766 | BD39: SI | BE39: 12707 | BF39: SI | BG39: 16773 | BH39: INODORO CONECTADO A ALCANTARILLADO | BI39: BLOQUE, LADRILLO, PIEDRA | BJ39: TEJA DE BARRO, ZINC, ETERNIT (ASBESTO) | BK39: CEMENTO, GRAVILLA | BL39: SI | BM39: NO | BN39: SI | BO39: SI | BP39: SI | BQ39: SI | BR39: SI | BS39: SI | BT39: SI | BU39: NO | BV39: NO | BW39: SI | BX39: SI | BY39: SI | BZ39: NO | CA39: NO | CB39: SI | CC39: SI | CD39: INODORO CON TANQUE | CE39: LA VIVIENDA NO CUENTA CON:LAVAMANOS, LAVAPLATOS | CJ39: NORMAL - BUENA | CK39: TIENE AGUA LAS 24 HORAS | CL39: SI | CM39: NO | CN39: NO | CO39: PVC | CP39: SI | CQ39: NO | CR39: NO | CS39: SI | CT39: SI | CU39: OBRA GRIS | CV39: =CONCATENATE(H39,I39,J39,K39,L39,M39,N39,O39,P39,Q39,R39,S39,T39) -> NUEVO MILENIOPEATONAL220548690128 | CW39: =IF(CV39="","",IF(COUNTIF($CV$6:$CV$777,CV39)=1,"OK","¿REPETIDA?")) -> OK | CX39: =IF(COUNTBLANK(AC39)+COUNTBLANK(BH39)+COUNTBLANK(BN39:CD39)>11,"NO","SI") -> SI | CY39: =IF(CX39="NO","",IF(BV39="NO",$CY$5,IF(CA39="SI",IF(CR39="SI","",$CY$5),$CY$5))) -> 1 | CZ39: =IF(CX39="NO","",IF(BX39="NO",$CZ$5,IF(CC39="SI",IF(CT39="SI","",$CZ$5),$CZ$5))) | DA39: =IF(CX39="NO","",IF(BT39="SI",IF(CD39="INODORO CON TANQUE",IF(BY39="SI",IF(CP39="SI","",$DA$5),$DA$5),$DA$5),$DA$5)) | DB39: =IF(CX39="NO","",IF(BU39="NO",$DB$5,IF(BZ39="SI",IF(CQ39="SI","",$DB$5),$DB$5))) -> 4 | DC39: =IF(CX39="NO","",IF(BW39="NO",$DC$5,IF(CB39="SI",IF(CS39="SI","",$DC$5),$DC$5))) | DE39: =IF(DF39=8,$DE$5,IF(COUNT(CY39:DC39)<3,"",$DE$5)) | DF39: =IF(CX39="NO","",IF(COUNT(CY39:DA39)<1,"",IF(CU39="OBRA GRIS","",IF(CU39="OBRA BLANCA","",IF(CU39="OBRA NEGRA","",$DF$5))))) | DG39: =IF(DF39=8,"",IF(COUNT(CY39:DA39)<1,"",IF(CU39="OBRA GRIS",$DG$5,IF(CU39="OBRA NEGRA",$DG$5,"")))) -> 9 | DH39: =IF(CX39="NO","",IF(BR39="SI","",$DH$5)) | DI39: =IF(CX39="NO","",IF(BS39="SI","",$DI$5)) | DJ39: =IF(CX39="NO","",COUNT(CY39:DC39)) -> 2 | DK39: =IF(CX39="NO",0,IF(CY39=1,Tipologías!$E$11,0)+IF(CZ39=2,Tipologías!$E$10,0)+IF(DA39=3,Tipologías!$E$9,0)+IF(DB39=4,Tipologías!$E$13,0)+IF(DC39=5,Tipologías!$E$12,0)+IF(DD39=6,Tipologías!$E$14,0)+IF(DE39=7,Tipologías!$E$20,0)+IF(DG39=9,Tipologías!$E$16,0)+IF(DF39=8,Tipologías!$E$23,0)+IF(DH39=10,Tipologías!$E$7,0)+IF(DI39=11,Tipologías!$E$8,0)) -> 2858472.6 | DL39: =IF(DK39>0,IF(DK39>$DM$1,$DM$1,DK39),0) -> 2858472.6 | DM39: =IF(DK39=0,"",IF(BN39="SI","",$DM$5)) | DN39: =IF(DK39=0,"",IF(BO39="SI","",$DN$5)) | DO39: =IF(DK39=0,"",IF(BP39="SI",0,$DO$5)) -> 0 | DP39: =IF(DK39=0,"",IF(BQ39="SI","",$DP$5)) | DQ39: =IF(DM39=17,Tipologías!$E$18,0)+IF(ENCUESTAS!DN39=18,Tipologías!$E$17,0)+IF(ENCUESTAS!DO39=19,Tipologías!$E$19,0)+IF(ENCUESTAS!DP39=20,Tipologías!$E$21,0) -> 0 | DR39: =IF(DK39="0","NO",IF(SUM(DM39:DP39)<1,"NO","SI")) -> NO | DS39: =IF(DL39>0,IF(DR39="SI",IF(DQ39>$DS$1,$DS$1,DQ39),0),0) -> 0 | DT39: =IF(DL39=0,"",(DL39+DS39+Tipologías!$E$6+Tipologías!$H$2)) -> 3055550 | DU39: =IF(CX39="NO","NO",IF(DK39>0,"SI","NO")) -> SI | DV39: MIL-007
A40: 42970 | B40: ANTIOQUIA | C40: Puerto Berrío | D40: 579 | E40: 43654191 | F40: 3122373072 | G40: 35 | H40: OASIS | I40: PEATONAL | R40: 22058200000 | U40: =CONCATENATE(I40," ",J40,K40," ",L40," ",M40,"# "," ",N40,O40," ",P40,"- ",Q40," ",R40," ",S40) -> PEATONAL # - 22058200000 | V40: 3233972321 | W40: CINFUENTE | X40: MEJIA | Y40: ANGELA | Z40: MARIA | AA40: =+CONCATENATE(Y40," ",Z40," ",W40," ",X40) -> ANGELA MARIA CINFUENTE MEJIA | AB40: Cédula | AC40: 43652216 | AD40: F | AE40: 42 | AF40: SI | AK40: =+CONCATENATE(AI40," ",AJ40," ",AG40," ",AH40) | AN40: SI | AO40: 3165464 | AP40: NO | AQ40: 3 | AT40: PROPIA, TOTALMENTE PAGADA | AV40: CERTIFICADO DE COMPRAVENTA | BB40: NO | BD40: SI | BF40: NO | BH40: INODORO CONECTADO A ALCANTARILLADO | BI40: MADERA PULIDA | BJ40: MADERA BURDA, TABLA, TABLÓN | BK40: CEMENTO, GRAVILLA | BL40: SI | BM40: SI | BN40: SI | BO40: SI | BP40: SI | BQ40: SI | BR40: SI | BS40: SI | BT40: SI | BU40: NO | BV40: NO | BW40: NO | BX40: NO | BY40: SI | BZ40: NO | CA40: NO | CB40: NO | CC40: NO | CD40: INODORO SIN TANQUE | CE40: EL SANITARIO NO CUENTA CON TANQUE,NO TIENE PUERTA, EL LAVADERO ES UNA PIEDRA, NO TIENE DUCHA, CANECA, RECIBE EL AGUA DE UNA VECINA | CF40: RECIBE VECINOS | CJ40: BAJA | CK40: TIENE AGUA LAS 24 HORAS | CL40: SI | CM40: NO | CN40: NO | CO40: PVC | CP40: SI | CQ40: NO | CR40: NO | CS40: NO | CT40: NO | CU40: OBRA GRIS | CV40: =CONCATENATE(H40,I40,J40,K40,L40,M40,N40,O40,P40,Q40,R40,S40,T40) -> OASIS PEATONAL22058200000 | CW40: =IF(CV40="","",IF(COUNTIF($CV$6:$CV$777,CV40)=1,"OK","¿REPETIDA?")) -> OK | CX40: =IF(COUNTBLANK(AC40)+COUNTBLANK(BH40)+COUNTBLANK(BN40:CD40)>11,"NO","SI") -> SI | CY40: =IF(CX40="NO","",IF(BV40="NO",$CY$5,IF(CA40="SI",IF(CR40="SI","",$CY$5),$CY$5))) -> 1 | CZ40: =IF(CX40="NO","",IF(BX40="NO",$CZ$5,IF(CC40="SI",IF(CT40="SI","",$CZ$5),$CZ$5))) -> 2 | DA40: =IF(CX40="NO","",IF(BT40="SI",IF(CD40="INODORO CON TANQUE",IF(BY40="SI",IF(CP40="SI","",$DA$5),$DA$5),$DA$5),$DA$5)) -> 3 | DB40: =IF(CX40="NO","",IF(BU40="NO",$DB$5,IF(BZ40="SI",IF(CQ40="SI","",$DB$5),$DB$5))) -> 4 | DC40: =IF(CX40="NO","",IF(BW40="NO",$DC$5,IF(CB40="SI",IF(CS40="SI","",$DC$5),$DC$5))) -> 5 | DE40: =IF(DF40=8,$DE$5,IF(COUNT(CY40:DC40)<3,"",$DE$5)) -> 7 | DF40: =IF(CX40="NO","",IF(COUNT(CY40:DA40)<1,"",IF(CU40="OBRA GRIS","",IF(CU40="OBRA BLANCA","",IF(CU40="OBRA NEGRA","",$DF$5))))) | DG40: =IF(DF40=8,"",IF(COUNT(CY40:DA40)<1,"",IF(CU40="OBRA GRIS",$DG$5,IF(CU40="OBRA NEGRA",$DG$5,"")))) -> 9 | DH40: =IF(CX40="NO","",IF(BR40="SI","",$DH$5)) | DI40: =IF(CX40="NO","",IF(BS40="SI","",$DI$5)) | DJ40: =IF(CX40="NO","",COUNT(CY40:DC40)) -> 5 | DK40: =IF(CX40="NO",0,IF(CY40=1,Tipologías!$E$11,0)+IF(CZ40=2,Tipologías!$E$10,0)+IF(DA40=3,Tipologías!$E$9,0)+IF(DB40=4,Tipologías!$E$13,0)+IF(DC40=5,Tipologías!$E$12,0)+IF(DD40=6,Tipologías!$E$14,0)+IF(DE40=7,Tipologías!$E$20,0)+IF(DG40=9,Tipologías!$E$16,0)+IF(DF40=8,Tipologías!$E$23,0)+IF(DH40=10,Tipologías!$E$7,0)+IF(DI40=11,Tipologías!$E$8,0)) -> 4352596 | DL40: =IF(DK40>0,IF(DK40>$DM$1,$DM$1,DK40),0) -> 4352596 | DM40: =IF(DK40=0,"",IF(BN40="SI","",$DM$5)) | DN40: =IF(DK40=0,"",IF(BO40="SI","",$DN$5)) | DO40: =IF(DK40=0,"",IF(BP40="SI",0,$DO$5)) -> 0 | DP40: =IF(DK40=0,"",IF(BQ40="SI","",$DP$5)) | DQ40: =IF(DM40=17,Tipologías!$E$18,0)+IF(ENCUESTAS!DN40=18,Tipologías!$E$17,0)+IF(ENCUESTAS!DO40=19,Tipologías!$E$19,0)+IF(ENCUESTAS!DP40=20,Tipologías!$E$21,0) -> 0 | DR40: =IF(DK40="0","NO",IF(SUM(DM40:DP40)<1,"NO","SI")) -> NO | DS40: =IF(DL40>0,IF(DR40="SI",IF(DQ40>$DS$1,$DS$1,DQ40),0),0) -> 0 | DT40: =IF(DL40=0,"",(DL40+DS40+Tipologías!$E$6+Tipologías!$H$2)) -> 4549673.4 | DU40: =IF(CX40="NO","NO",IF(DK40>0,"SI","NO")) -> SI | DV40: OAS-205
A41: 42970 | B41: ANTIOQUIA | C41: Puerto Berrío | D41: 579 | E41: 43654191 | F41: 3122373072 | G41: 36 | H41: OASIS | I41: PEATONAL | R41: 5830 | U41: =CONCATENATE(I41," ",J41,K41," ",L41," ",M41,"# "," ",N41,O41," ",P41,"- ",Q41," ",R41," ",S41) -> PEATONAL # - 5830 | V41: 3226564921 | W41: USME | Y41: CLARA | Z41: OFELIA | AA41: =+CONCATENATE(Y41," ",Z41," ",W41," ",X41) -> CLARA OFELIA USME | AB41: Cédula | AC41: 22019006 | AD41: F | AE41: 60 | AF41: SI | AK41: =+CONCATENATE(AI41," ",AJ41," ",AG41," ",AH41) | AN41: NO | AP41: SI | AQ41: 5 | AR41: 1 | AT41: PROPIA, LA ESTÁN PAGANDO | AV41: CERTIFICADO DE COMPRAVENTA | BB41: SI | BC41: 97996 | BD41: SI | BF41: SI | BG41: 66534 | BH41: INODORO CONECTADO A ALCANTARILLADO | BI41: MADERA BURDA, TABLA, TABLÓN | BJ41: TEJA DE BARRO, ZINC, ETERNIT (ASBESTO) | BK41: CEMENTO, GRAVILLA | BL41: SI | BM41: SI | BN41: SI | BO41: SI | BP41: SI | BQ41: SI | BR41: SI | BS41: SI | BT41: SI | BU41: NO | BV41: NO | BW41: SI | BX41: SI | BY41: SI | BZ41: NO | CA41: NO | CB41: NO | CC41: SI | CD41: INODORO CON TANQUE | CE41: LAQ DUCHA ES UN TUBO. EL TANQUE DEL SANITARIO NO SIRVE EL PISO DE LA VIVIENDA ES EN GRIETAS,NO COBRAN ALCANTARILLADO | CJ41: NORMAL - BUENA | CK41: TIENE AGUA LAS 24 HORAS | CL41: SI | CM41: NO | CN41: NO | CO41: PVC | CP41: SI | CQ41: NO | CR41: NO | CS41: NO | CT41: SI | CU41: OBRA GRIS | CV41: =CONCATENATE(H41,I41,J41,K41,L41,M41,N41,O41,P41,Q41,R41,S41,T41) -> OASIS PEATONAL5830 | CW41: =IF(CV41="","",IF(COUNTIF($CV$6:$CV$777,CV41)=1,"OK","¿REPETIDA?")) -> OK | CX41: =IF(COUNTBLANK(AC41)+COUNTBLANK(BH41)+COUNTBLANK(BN41:CD41)>11,"NO","SI") -> SI | CY41: =IF(CX41="NO","",IF(BV41="NO",$CY$5,IF(CA41="SI",IF(CR41="SI","",$CY$5),$CY$5))) -> 1 | CZ41: =IF(CX41="NO","",IF(BX41="NO",$CZ$5,IF(CC41="SI",IF(CT41="SI","",$CZ$5),$CZ$5))) | DA41: =IF(CX41="NO","",IF(BT41="SI",IF(CD41="INODORO CON TANQUE",IF(BY41="SI",IF(CP41="SI","",$DA$5),$DA$5),$DA$5),$DA$5)) | DB41: =IF(CX41="NO","",IF(BU41="NO",$DB$5,IF(BZ41="SI",IF(CQ41="SI","",$DB$5),$DB$5))) -> 4 | DC41: =IF(CX41="NO","",IF(BW41="NO",$DC$5,IF(CB41="SI",IF(CS41="SI","",$DC$5),$DC$5))) -> 5 | DE41: =IF(DF41=8,$DE$5,IF(COUNT(CY41:DC41)<3,"",$DE$5)) -> 7 | DF41: =IF(CX41="NO","",IF(COUNT(CY41:DA41)<1,"",IF(CU41="OBRA GRIS","",IF(CU41="OBRA BLANCA","",IF(CU41="OBRA NEGRA","",$DF$5))))) | DG41: =IF(DF41=8,"",IF(COUNT(CY41:DA41)<1,"",IF(CU41="OBRA GRIS",$DG$5,IF(CU41="OBRA NEGRA",$DG$5,"")))) -> 9 | DH41: =IF(CX41="NO","",IF(BR41="SI","",$DH$5)) | DI41: =IF(CX41="NO","",IF(BS41="SI","",$DI$5)) | DJ41: =IF(CX41="NO","",COUNT(CY41:DC41)) -> 3 | DK41: =IF(CX41="NO",0,IF(CY41=1,Tipologías!$E$11,0)+IF(CZ41=2,Tipologías!$E$10,0)+IF(DA41=3,Tipologías!$E$9,0)+IF(DB41=4,Tipologías!$E$13,0)+IF(DC41=5,Tipologías!$E$12,0)+IF(DD41=6,Tipologías!$E$14,0)+IF(DE41=7,Tipologías!$E$20,0)+IF(DG41=9,Tipologías!$E$16,0)+IF(DF41=8,Tipologías!$E$23,0)+IF(DH41=10,Tipologías!$E$7,0)+IF(DI41=11,Tipologías!$E$8,0)) -> 3774854.5 | DL41: =IF(DK41>0,IF(DK41>$DM$1,$DM$1,DK41),0) -> 3774854.5 | DM41: =IF(DK41=0,"",IF(BN41="SI","",$DM$5)) | DN41: =IF(DK41=0,"",IF(BO41="SI","",$DN$5)) | DO41: =IF(DK41=0,"",IF(BP41="SI",0,$DO$5)) -> 0 | DP41: =IF(DK41=0,"",IF(BQ41="SI","",$DP$5)) | DQ41: =IF(DM41=17,Tipologías!$E$18,0)+IF(ENCUESTAS!DN41=18,Tipologías!$E$17,0)+IF(ENCUESTAS!DO41=19,Tipologías!$E$19,0)+IF(ENCUESTAS!DP41=20,Tipologías!$E$21,0) -> 0 | DR41: =IF(DK41="0","NO",IF(SUM(DM41:DP41)<1,"NO","SI")) -> NO | DS41: =IF(DL41>0,IF(DR41="SI",IF(DQ41>$DS$1,$DS$1,DQ41),0),0) -> 0 | DT41: =IF(DL41=0,"",(DL41+DS41+Tipologías!$E$6+Tipologías!$H$2)) -> 3971931.9 | DU41: =IF(CX41="NO","NO",IF(DK41>0,"SI","NO")) -> SI | DV41: OAS-005
A42: 42970 | B42: ANTIOQUIA | C42: Puerto Berrío | D42: 579 | E42: 43654191 | F42: 3122373072 | G42: 37 | H42: OASIS | I42: CARRERA | J42: 15 | P42: A | R42: 59211 | U42: =CONCATENATE(I42," ",J42,K42," ",L42," ",M42,"# "," ",N42,O42," ",P42,"- ",Q42," ",R42," ",S42) -> CARRERA 15 # A- 59211 | V42: 3216812173 | W42: RAMOS | X42: GONZALEZ | Y42: EDUAR | Z42: ENRRIQUE | AA42: =+CONCATENATE(Y42," ",Z42," ",W42," ",X42) -> EDUAR ENRRIQUE RAMOS GONZALEZ | AB42: Cédula | AC42: 1071349469 | AD42: M | AE42: 31 | AF42: NO | AG42: NUÑEZ | AH42: GARCIA | AI42: JOHANA | AJ42: SMITH | AK42: =+CONCATENATE(AI42," ",AJ42," ",AG42," ",AH42) -> JOHANA SMITH NUÑEZ GARCIA | AL42: Cédula | AM42: 44006575 | AN42: SI | AO42: 3165247 | AP42: SI | AQ42: 5 | AR42: 3 | AT42: PROPIA, TOTALMENTE PAGADA | AV42: CERTIFICADO DE COMPRAVENTA | BB42: SI | BC42: 15350 | BD42: SI | BE42: 11000 | BF42: SI | BG42: 8500 | BH42: INODORO CONECTADO A ALCANTARILLADO | BI42: MADERA BURDA, TABLA, TABLÓN | BJ42: TEJA DE BARRO, ZINC, ETERNIT (ASBESTO) | BK42: CEMENTO, GRAVILLA | BL42: SI | BM42: NO | BN42: SI | BO42: SI | BP42: SI | BQ42: SI | BR42: SI | BS42: SI | BT42: SI | BU42: NO | BV42: NO | BW42: NO | BX42: SI | BY42: SI | BZ42: SI | CA42: SI | CB42: NO | CC42: SI | CD42: INODORO SIN TANQUE | CE42: LA DUCHA ES UNA LLAVES TERMINAL, NO CUENTA CON EL TANQUE EL SANITARIO, NO TIENE PUERTA EL BAÑO, LA COCINA EN LA MISMA HABITACION, NO TIENE LAVAPLATOS, LAVAMANOS, LAVADERO | CJ42: NORMAL - BUENA | CK42: TIENE AGUA LAS 24 HORAS | CL42: SI | CM42: SI | CN42: NO | CO42: PVC | CP42: SI | CQ42: NO | CR42: NO | CS42: NO | CT42: SI | CU42: OBRA GRIS | CV42: =CONCATENATE(H42,I42,J42,K42,L42,M42,N42,O42,P42,Q42,R42,S42,T42) -> OASIS CARRERA15A59211 | CW42: =IF(CV42="","",IF(COUNTIF($CV$6:$CV$777,CV42)=1,"OK","¿REPETIDA?")) -> OK | CX42: =IF(COUNTBLANK(AC42)+COUNTBLANK(BH42)+COUNTBLANK(BN42:CD42)>11,"NO","SI") -> SI | CY42: =IF(CX42="NO","",IF(BV42="NO",$CY$5,IF(CA42="SI",IF(CR42="SI","",$CY$5),$CY$5))) -> 1 | CZ42: =IF(CX42="NO","",IF(BX42="NO",$CZ$5,IF(CC42="SI",IF(CT42="SI","",$CZ$5),$CZ$5))) | DA42: =IF(CX42="NO","",IF(BT42="SI",IF(CD42="INODORO CON TANQUE",IF(BY42="SI",IF(CP42="SI","",$DA$5),$DA$5),$DA$5),$DA$5)) -> 3 | DB42: =IF(CX42="NO","",IF(BU42="NO",$DB$5,IF(BZ42="SI",IF(CQ42="SI","",$DB$5),$DB$5))) -> 4 | DC42: =IF(CX42="NO","",IF(BW42="NO",$DC$5,IF(CB42="SI",IF(CS42="SI","",$DC$5),$DC$5))) -> 5 | DE42: =IF(DF42=8,$DE$5,IF(COUNT(CY42:DC42)<3,"",$DE$5)) -> 7 | DF42: =IF(CX42="NO","",IF(COUNT(CY42:DA42)<1,"",IF(CU42="OBRA GRIS","",IF(CU42="OBRA BLANCA","",IF(CU42="OBRA NEGRA","",$DF$5))))) | DG42: =IF(DF42=8,"",IF(COUNT(CY42:DA42)<1,"",IF(CU42="OBRA GRIS",$DG$5,IF(CU42="OBRA NEGRA",$DG$5,"")))) -> 9 | DH42: =IF(CX42="NO","",IF(BR42="SI","",$DH$5)) | DI42: =IF(CX42="NO","",IF(BS42="SI","",$DI$5)) | DJ42: =IF(CX42="NO","",COUNT(CY42:DC42)) -> 4 | DK42: =IF(CX42="NO",0,IF(CY42=1,Tipologías!$E$11,0)+IF(CZ42=2,Tipologías!$E$10,0)+IF(DA42=3,Tipologías!$E$9,0)+IF(DB42=4,Tipologías!$E$13,0)+IF(DC42=5,Tipologías!$E$12,0)+IF(DD42=6,Tipologías!$E$14,0)+IF(DE42=7,Tipologías!$E$20,0)+IF(DG42=9,Tipologías!$E$16,0)+IF(DF42=8,Tipologías!$E$23,0)+IF(DH42=10,Tipologías!$E$7,0)+IF(DI42=11,Tipologías!$E$8,0)) -> 4158248.5 | DL42: =IF(DK42>0,IF(DK42>$DM$1,$DM$1,DK42),0) -> 4158248.5 | DM42: =IF(DK42=0,"",IF(BN42="SI","",$DM$5)) | DN42: =IF(DK42=0,"",IF(BO42="SI","",$DN$5)) | DO42: =IF(DK42=0,"",IF(BP42="SI",0,$DO$5)) -> 0 | DP42: =IF(DK42=0,"",IF(BQ42="SI","",$DP$5)) | DQ42: =IF(DM42=17,Tipologías!$E$18,0)+IF(ENCUESTAS!DN42=18,Tipologías!$E$17,0)+IF(ENCUESTAS!DO42=19,Tipologías!$E$19,0)+IF(ENCUESTAS!DP42=20,Tipologías!$E$21,0) -> 0 | DR42: =IF(DK42="0","NO",IF(SUM(DM42:DP42)<1,"NO","SI")) -> NO | DS42: =IF(DL42>0,IF(DR42="SI",IF(DQ42>$DS$1,$DS$1,DQ42),0),0) -> 0 | DT42: =IF(DL42=0,"",(DL42+DS42+Tipologías!$E$6+Tipologías!$H$2)) -> 4355325.9 | DU42: =IF(CX42="NO","NO",IF(DK42>0,"SI","NO")) -> SI | DV42: OAS-006
A43: 42970 | B43: ANTIOQUIA | C43: Puerto Berrío | D43: 579 | E43: 43654191 | F43: 3122373072 | G43: 38 | H43: OASIS | I43: PEATONAL | R43: 58290 | U43: =CONCATENATE(I43," ",J43,K43," ",L43," ",M43,"# "," ",N43,O43," ",P43,"- ",Q43," ",R43," ",S43) -> PEATONAL # - 58290 | V43: 3226783961 | W43: MONTOYA | X43: VALDEZ | Y43: ELSA | Z43: PIEDAD | AA43: =+CONCATENATE(Y43," ",Z43," ",W43," ",X43) -> ELSA PIEDAD MONTOYA VALDEZ | AB43: Cédula | AC43: 21929029 | AD43: F | AE43: 59 | AF43: SI | AK43: =+CONCATENATE(AI43," ",AJ43," ",AG43," ",AH43) | AN43: NO | AQ43: 4 | AR43: 1 | AT43: PROPIA, TOTALMENTE PAGADA | AV43: CERTIFICADO DE COMPRAVENTA | BB43: SI | BC43: 7853 | BD43: SI | BE43: 5177 | BF43: SI | BG43: 8366 | BH43: INODORO CONECTADO A ALCANTARILLADO | BI43: MADERA BURDA, TABLA, TABLÓN | BJ43: TEJA DE BARRO, ZINC, ETERNIT (ASBESTO) | BK43: CEMENTO, GRAVILLA | BL43: SI | BM43: SI | BN43: SI | BO43: SI | BP43: SI | BQ43: SI | BR43: SI | BS43: SI | BT43: NO | BU43: NO | BV43: NO | BW43: NO | BX43: SI | BY43: NO | BZ43: NO | CA43: NO | CB43: NO | CC43: SI | CD43: TAZA CAMPESINA | CE43: EL SANITARIO SE ENCUNTRA EN UN MAL ESTADO ,LA DUCHA ES UN TUBO, NO POSEE PUERTA,NO TIENE LAVAPLATOS, LAVAMANOS Y LAVADERO | CJ43: NORMAL - BUENA | CK43: TIENE AGUA LAS 24 HORAS | CL43: SI | CM43: NO | CN43: NO | CO43: PVC | CP43: NO | CQ43: NO | CR43: NO | CS43: NO | CT43: SI | CU43: OBRA NEGRA | CV43: =CONCATENATE(H43,I43,J43,K43,L43,M43,N43,O43,P43,Q43,R43,S43,T43) -> OASIS PEATONAL58290 | CW43: =IF(CV43="","",IF(COUNTIF($CV$6:$CV$777,CV43)=1,"OK","¿REPETIDA?")) -> OK | CX43: =IF(COUNTBLANK(AC43)+COUNTBLANK(BH43)+COUNTBLANK(BN43:CD43)>11,"NO","SI") -> SI | CY43: =IF(CX43="NO","",IF(BV43="NO",$CY$5,IF(CA43="SI",IF(CR43="SI","",$CY$5),$CY$5))) -> 1 | CZ43: =IF(CX43="NO","",IF(BX43="NO",$CZ$5,IF(CC43="SI",IF(CT43="SI","",$CZ$5),$CZ$5))) | DA43: =IF(CX43="NO","",IF(BT43="SI",IF(CD43="INODORO CON TANQUE",IF(BY43="SI",IF(CP43="SI","",$DA$5),$DA$5),$DA$5),$DA$5)) -> 3 | DB43: =IF(CX43="NO","",IF(BU43="NO",$DB$5,IF(BZ43="SI",IF(CQ43="SI","",$DB$5),$DB$5))) -> 4 | DC43: =IF(CX43="NO","",IF(BW43="NO",$DC$5,IF(CB43="SI",IF(CS43="SI","",$DC$5),$DC$5))) -> 5 | DE43: =IF(DF43=8,$DE$5,IF(COUNT(CY43:DC43)<3,"",$DE$5)) -> 7 | DF43: =IF(CX43="NO","",IF(COUNT(CY43:DA43)<1,"",IF(CU43="OBRA GRIS","",IF(CU43="OBRA BLANCA","",IF(CU43="OBRA NEGRA","",$DF$5))))) | DG43: =IF(DF43=8,"",IF(COUNT(CY43:DA43)<1,"",IF(CU43="OBRA GRIS",$DG$5,IF(CU43="OBRA NEGRA",$DG$5,"")))) -> 9 | DH43: =IF(CX43="NO","",IF(BR43="SI","",$DH$5)) | DI43: =IF(CX43="NO","",IF(BS43="SI","",$DI$5)) | DJ43: =IF(CX43="NO","",COUNT(CY43:DC43)) -> 4 | DK43: =IF(CX43="NO",0,IF(CY43=1,Tipologías!$E$11,0)+IF(CZ43=2,Tipologías!$E$10,0)+IF(DA43=3,Tipologías!$E$9,0)+IF(DB43=4,Tipologías!$E$13,0)+IF(DC43=5,Tipologías!$E$12,0)+IF(DD43=6,Tipologías!$E$14,0)+IF(DE43=7,Tipologías!$E$20,0)+IF(DG43=9,Tipologías!$E$16,0)+IF(DF43=8,Tipologías!$E$23,0)+IF(DH43=10,Tipologías!$E$7,0)+IF(DI43=11,Tipologías!$E$8,0)) -> 4158248.5 | DL43: =IF(DK43>0,IF(DK43>$DM$1,$DM$1,DK43),0) -> 4158248.5 | DM43: =IF(DK43=0,"",IF(BN43="SI","",$DM$5)) | DN43: =IF(DK43=0,"",IF(BO43="SI","",$DN$5)) | DO43: =IF(DK43=0,"",IF(BP43="SI",0,$DO$5)) -> 0 | DP43: =IF(DK43=0,"",IF(BQ43="SI","",$DP$5)) | DQ43: =IF(DM43=17,Tipologías!$E$18,0)+IF(ENCUESTAS!DN43=18,Tipologías!$E$17,0)+IF(ENCUESTAS!DO43=19,Tipologías!$E$19,0)+IF(ENCUESTAS!DP43=20,Tipologías!$E$21,0) -> 0 | DR43: =IF(DK43="0","NO",IF(SUM(DM43:DP43)<1,"NO","SI")) -> NO | DS43: =IF(DL43>0,IF(DR43="SI",IF(DQ43>$DS$1,$DS$1,DQ43),0),0) -> 0 | DT43: =IF(DL43=0,"",(DL43+DS43+Tipologías!$E$6+Tipologías!$H$2)) -> 4355325.9 | DU43: =IF(CX43="NO","NO",IF(DK43>0,"SI","NO")) -> SI | DV43: OAS-007
A44: 42970 | B44: ANTIOQUIA | C44: Puerto Berrío | D44: 579 | E44: 71187461 | F44: 3147476437 | G44: 39 | H44: OASIS | I44: PEATONAL | R44: 5788 | U44: =CONCATENATE(I44," ",J44,K44," ",L44," ",M44,"# "," ",N44,O44," ",P44,"- ",Q44," ",R44," ",S44) -> PEATONAL # - 5788 | V44: 3125103695 | W44: MENDOZA | Y44: ANA | Z44: LUDINIA | AA44: =+CONCATENATE(Y44," ",Z44," ",W44," ",X44) -> ANA LUDINIA MENDOZA | AB44: Cédula | AC44: 39172746 | AD44: F | AE44: 36 | AF44: SI | AK44: =+CONCATENATE(AI44," ",AJ44," ",AG44," ",AH44) | AN44: NO | AP44: NO | AQ44: 4 | AR44: 2 | AS44: 1 | AT44: PROPIA, TOTALMENTE PAGADA | AV44: CERTIFICADO DE COMPRAVENTA | BB44: SI | BC44: 21753 | BD44: SI | BE44: 15011 | BF44: SI | BG44: 16754 | BH44: INODORO CONECTADO A ALCANTARILLADO | BI44: MADERA BURDA, TABLA, TABLÓN | BJ44: CEMENTO O CONCRETO | BK44: CEMENTO, GRAVILLA | BL44: SI | BM44: SI | BN44: SI | BO44: SI | BP44: SI | BQ44: SI | BR44: SI | BS44: SI | BT44: SI | BU44: NO | BV44: NO | BW44: NO | BX44: SI | BY44: SI | BZ44: SI | CA44: SI | CB44: SI | CC44: SI | CD44: INODORO CON TANQUE | CE44: NO TIENE LAVAMANOS, LAVAPLATOS, NO FUNCIONA EL INODORO POARTIDO,NO FUNCIONA EL LAVADERO | CJ44: NORMAL - BUENA | CK44: TIENE AGUA LAS 24 HORAS | CL44: SI | CM44: NO | CN44: NO | CO44: PVC | CP44: SI | CQ44: NO | CR44: NO | CS44: SI | CT44: SI | CU44: OBRA NEGRA | CV44: =CONCATENATE(H44,I44,J44,K44,L44,M44,N44,O44,P44,Q44,R44,S44,T44) -> OASIS PEATONAL5788 | CW44: =IF(CV44="","",IF(COUNTIF($CV$6:$CV$777,CV44)=1,"OK","¿REPETIDA?")) -> OK | CX44: =IF(COUNTBLANK(AC44)+COUNTBLANK(BH44)+COUNTBLANK(BN44:CD44)>11,"NO","SI") -> SI | CY44: =IF(CX44="NO","",IF(BV44="NO",$CY$5,IF(CA44="SI",IF(CR44="SI","",$CY$5),$CY$5))) -> 1 | CZ44: =IF(CX44="NO","",IF(BX44="NO",$CZ$5,IF(CC44="SI",IF(CT44="SI","",$CZ$5),$CZ$5))) | DA44: =IF(CX44="NO","",IF(BT44="SI",IF(CD44="INODORO CON TANQUE",IF(BY44="SI",IF(CP44="SI","",$DA$5),$DA$5),$DA$5),$DA$5)) | DB44: =IF(CX44="NO","",IF(BU44="NO",$DB$5,IF(BZ44="SI",IF(CQ44="SI","",$DB$5),$DB$5))) -> 4 | DC44: =IF(CX44="NO","",IF(BW44="NO",$DC$5,IF(CB44="SI",IF(CS44="SI","",$DC$5),$DC$5))) -> 5 | DE44: =IF(DF44=8,$DE$5,IF(COUNT(CY44:DC44)<3,"",$DE$5)) -> 7 | DF44: =IF(CX44="NO","",IF(COUNT(CY44:DA44)<1,"",IF(CU44="OBRA GRIS","",IF(CU44="OBRA BLANCA","",IF(CU44="OBRA NEGRA","",$DF$5))))) | DG44: =IF(DF44=8,"",IF(COUNT(CY44:DA44)<1,"",IF(CU44="OBRA GRIS",$DG$5,IF(CU44="OBRA NEGRA",$DG$5,"")))) -> 9 | DH44: =IF(CX44="NO","",IF(BR44="SI","",$DH$5)) | DI44: =IF(CX44="NO","",IF(BS44="SI","",$DI$5)) | DJ44: =IF(CX44="NO","",COUNT(CY44:DC44)) -> 3 | DK44: =IF(CX44="NO",0,IF(CY44=1,Tipologías!$E$11,0)+IF(CZ44=2,Tipologías!$E$10,0)+IF(DA44=3,Tipologías!$E$9,0)+IF(DB44=4,Tipologías!$E$13,0)+IF(DC44=5,Tipologías!$E$12,0)+IF(DD44=6,Tipologías!$E$14,0)+IF(DE44=7,Tipologías!$E$20,0)+IF(DG44=9,Tipologías!$E$16,0)+IF(DF44=8,Tipologías!$E$23,0)+IF(DH44=10,Tipologías!$E$7,0)+IF(DI44=11,Tipologías!$E$8,0)) -> 3774854.5 | DL44: =IF(DK44>0,IF(DK44>$DM$1,$DM$1,DK44),0) -> 3774854.5 | DM44: =IF(DK44=0,"",IF(BN44="SI","",$DM$5)) | DN44: =IF(DK44=0,"",IF(BO44="SI","",$DN$5)) | DO44: =IF(DK44=0,"",IF(BP44="SI",0,$DO$5)) -> 0 | DP44: =IF(DK44=0,"",IF(BQ44="SI","",$DP$5)) | DQ44: =IF(DM44=17,Tipologías!$E$18,0)+IF(ENCUESTAS!DN44=18,Tipologías!$E$17,0)+IF(ENCUESTAS!DO44=19,Tipologías!$E$19,0)+IF(ENCUESTAS!DP44=20,Tipologías!$E$21,0) -> 0 | DR44: =IF(DK44="0","NO",IF(SUM(DM44:DP44)<1,"NO","SI")) -> NO | DS44: =IF(DL44>0,IF(DR44="SI",IF(DQ44>$DS$1,$DS$1,DQ44),0),0) -> 0 | DT44: =IF(DL44=0,"",(DL44+DS44+Tipologías!$E$6+Tipologías!$H$2)) -> 3971931.9 | DU44: =IF(CX44="NO","NO",IF(DK44>0,"SI","NO")) -> SI | DV44: OAS-008
A45: 42970 | B45: ANTIOQUIA | C45: Puerto Berrío | D45: 579 | E45: 71187461 | F45: 3147476437 | G45: 40 | H45: OASIS | I45: PEATONAL | R45: 5787 | U45: =CONCATENATE(I45," ",J45,K45," ",L45," ",M45,"# "," ",N45,O45," ",P45,"- ",Q45," ",R45," ",S45) -> PEATONAL # - 5787 | V45: 3138008611 | W45: BARON | Y45: EXPEDITO | AA45: =+CONCATENATE(Y45," ",Z45," ",W45," ",X45) -> EXPEDITO BARON | AB45: Cédula | AC45: 71135884 | AD45: M | AE45: 49 | AF45: SI | AK45: =+CONCATENATE(AI45," ",AJ45," ",AG45," ",AH45) | AN45: NO | AP45: NO | AQ45: 2 | AR45: 1 | AT45: PROPIA, LA ESTÁN PAGANDO | AV45: CERTIFICADO DE COMPRAVENTA | BB45: SI | BC45: 6366 | BD45: SI | BE45: 4031 | BF45: SI | BG45: 8366 | BH45: INODORO CONECTADO A ALCANTARILLADO | BI45: MADERA BURDA, TABLA, TABLÓN | BJ45: TEJA DE BARRO, ZINC, ETERNIT (ASBESTO) | BK45: CEMENTO, GRAVILLA | BL45: SI | BM45: NO | BN45: SI | BO45: SI | BP45: SI | BQ45: SI | BR45: SI | BS45: SI | BT45: SI | BU45: SI | BV45: SI | BW45: NO | BX45: SI | BY45: SI | BZ45: SI | CA45: SI | CB45: SI | CC45: SI | CD45: INODORO SIN TANQUE | CE45: SANITARIO NO CUENTA CON TANQUE, ESTA EN MAL ESTADO,LA DUCHA ES TUBO, NO TIENE LAVADERO, EL BAÑO NO POSEE PUERTA | CJ45: NORMAL - BUENA | CK45: TIENE AGUA LAS 24 HORAS | CL45: SI | CM45: NO | CN45: NO | CO45: PVC | CP45: SI | CQ45: SI | CR45: SI | CS45: NO | CT45: SI | CU45: OBRA GRIS | CV45: =CONCATENATE(H45,I45,J45,K45,L45,M45,N45,O45,P45,Q45,R45,S45,T45) -> OASIS PEATONAL5787 | CW45: =IF(CV45="","",IF(COUNTIF($CV$6:$CV$777,CV45)=1,"OK","¿REPETIDA?")) -> OK | CX45: =IF(COUNTBLANK(AC45)+COUNTBLANK(BH45)+COUNTBLANK(BN45:CD45)>11,"NO","SI") -> SI | CY45: =IF(CX45="NO","",IF(BV45="NO",$CY$5,IF(CA45="SI",IF(CR45="SI","",$CY$5),$CY$5))) | CZ45: =IF(CX45="NO","",IF(BX45="NO",$CZ$5,IF(CC45="SI",IF(CT45="SI","",$CZ$5),$CZ$5))) | DA45: =IF(CX45="NO","",IF(BT45="SI",IF(CD45="INODORO CON TANQUE",IF(BY45="SI",IF(CP45="SI","",$DA$5),$DA$5),$DA$5),$DA$5)) -> 3 | DB45: =IF(CX45="NO","",IF(BU45="NO",$DB$5,IF(BZ45="SI",IF(CQ45="SI","",$DB$5),$DB$5))) | DC45: =IF(CX45="NO","",IF(BW45="NO",$DC$5,IF(CB45="SI",IF(CS45="SI","",$DC$5),$DC$5))) -> 5 | DE45: =IF(DF45=8,$DE$5,IF(COUNT(CY45:DC45)<3,"",$DE$5)) | DF45: =IF(CX45="NO","",IF(COUNT(CY45:DA45)<1,"",IF(CU45="OBRA GRIS","",IF(CU45="OBRA BLANCA","",IF(CU45="OBRA NEGRA","",$DF$5))))) | DG45: =IF(DF45=8,"",IF(COUNT(CY45:DA45)<1,"",IF(CU45="OBRA GRIS",$DG$5,IF(CU45="OBRA NEGRA",$DG$5,"")))) -> 9 | DH45: =IF(CX45="NO","",IF(BR45="SI","",$DH$5)) | DI45: =IF(CX45="NO","",IF(BS45="SI","",$DI$5)) | DJ45: =IF(CX45="NO","",COUNT(CY45:DC45)) -> 2 | DK45: =IF(CX45="NO",0,IF(CY45=1,Tipologías!$E$11,0)+IF(CZ45=2,Tipologías!$E$10,0)+IF(DA45=3,Tipologías!$E$9,0)+IF(DB45=4,Tipologías!$E$13,0)+IF(DC45=5,Tipologías!$E$12,0)+IF(DD45=6,Tipologías!$E$14,0)+IF(DE45=7,Tipologías!$E$20,0)+IF(DG45=9,Tipologías!$E$16,0)+IF(DF45=8,Tipologías!$E$23,0)+IF(DH45=10,Tipologías!$E$7,0)+IF(DI45=11,Tipologías!$E$8,0)) -> 2933455.1 | DL45: =IF(DK45>0,IF(DK45>$DM$1,$DM$1,DK45),0) -> 2933455.1 | DM45: =IF(DK45=0,"",IF(BN45="SI","",$DM$5)) | DN45: =IF(DK45=0,"",IF(BO45="SI","",$DN$5)) | DO45: =IF(DK45=0,"",IF(BP45="SI",0,$DO$5)) -> 0 | DP45: =IF(DK45=0,"",IF(BQ45="SI","",$DP$5)) | DQ45: =IF(DM45=17,Tipologías!$E$18,0)+IF(ENCUESTAS!DN45=18,Tipologías!$E$17,0)+IF(ENCUESTAS!DO45=19,Tipologías!$E$19,0)+IF(ENCUESTAS!DP45=20,Tipologías!$E$21,0) -> 0 | DR45: =IF(DK45="0","NO",IF(SUM(DM45:DP45)<1,"NO","SI")) -> NO | DS45: =IF(DL45>0,IF(DR45="SI",IF(DQ45>$DS$1,$DS$1,DQ45),0),0) -> 0 | DT45: =IF(DL45=0,"",(DL45+DS45+Tipologías!$E$6+Tipologías!$H$2)) -> 3130532.5 | DU45: =IF(CX45="NO","NO",IF(DK45>0,"SI","NO")) -> SI | DV45: OAS-009
